Workbook

Sheet TCB Return Schedules Summary
A1: TCB Return Schedules (Form S-201)
A2: TCB Return Schedules Summary
A4: The information summarised in the green cells below is derived from the specific data which has been entered in Schedules 1 through 6 with respect to the Qualifying Bermuda Group, and has been presented in the manner in which this information should
A5: be entered into the TCB online return. The information below should be the same as the information which is entered in the TCB online return for the tax credit determination period with respect to the Qualifying Bermuda Group.
C7: TCB Online Return - Summary Information
C10: 1 | D10: Accrued Substance-Based Tax Credit Benefit (aggregate of the Job-Based Benefit Component and the Expense-Based Benefit Component from Table 1 below) | R10: =AG49 -> 0
C12: 2 | D12: Distributable Substance-Based Tax Credit Benefit (see Table 2 below) | R12: =AN49 -> 0
C14: 3 | D14: Community Development Tax Credit: Total eligible expenses (equal to the total U.S. dollar denominated eligible charitable expenses for the current, first preceding, and second preceding fiscal years from Table 3 below) | R14: =SUM(BC49,BI49,BO49) -> 0
C16: 4 | D16: Community Development Tax Credit: Eligibility determination | R16: =IF(R14>=300000,"Yes","No") -> No
C18: 5 | D18: Community Development Tax Credit: Eligible expenses for the current fiscal year (if item 4 is "Yes", equal to total eligible charitable expenses (in U.S. dollars) for the current tax credit determination period from Table 3 below) | R18: =IF(R16="Yes",BC49,0) -> 0
C20: 6 | D20: Community Development Tax Credit Benefit (from item S2A6) | R20: =IF(AND(ISNUMBER(R18)=TRUE,ISNUMBER('Schedule 3'!G18)=TRUE),'Schedule 3'!G18,0) -> 0
C22: 7 | D22: Utilities Infrastructure Tax Credit Benefits (from item S2A7) | R22: ='Schedule 2'!G21 -> 0
C24: 8 | D24: Total Distributable Tax Credit Benefits (sum of items 2, 6, and 7) | R24: =R12+R20+R22 -> 0
C26: 9 | D26: Distributable Tax Credit Benefits generated by Qualifying Bermuda Group NBCEs | M26: sum of (a) and (b) | N26: =SUM(N28:N29) -> 0 | R26: =N26 -> 0
D28: - Distributable Substance-Based Tax Credit Benefits generated by Qualifying Bermuda Group NBCEs (see Table 4 below) | M28: (a) | N28: =BY49 -> 0
D29: - Community Development Tax Credit Benefit generated by Qualifying Bermuda Group NBCEs (see Table 4 below) | M29: (b) | N29: =CC49 -> 0
C31: 10 | D31: Distributable Tax Credit Benefits generated by Qualifying Bermuda Group BCEs | M31: sum of (c), (d) and (e) | N31: =SUM(N33:N35) -> 0 | R31: =N31 -> 0
D33: - Distributable Substance-Based Tax Credit Benefits generated by Qualifying Bermuda Group BCEs (see Table 4 below) | M33: (c) | N33: =BW49 -> 0
D34: - Community Development Tax Credit Benefit generated by Qualifying Bermuda Group BCEs (see Table 4 below) | M34: (d) | N34: =CA49 -> 0
D35: - Utilities Infrastructure Tax Credit Benefits generated by Qualifying Bermuda Group BCEs (from item S2A7) | M35: (e) | N35: ='Schedule 2'!G21 -> 0
C38: TCB Online Return - Detailed Tabular Support
G41: Table 1: Accrued Substance-Based Tax Credit Benefit | V41: Table 2: Distributable Substance-Based Tax Credit Benefit | AY41: Table 3: Eligible charitable expenses | BS41: Table 4: Distributable Substance-Based Tax Credit Benefits generated by BCEs or NBCEs
G43: Job-Based Benefit Component | N43: Expense-Based Benefit Component | V43: Opening Substance-Based Tax Credit Carryforward | AC43: Accrued Substance-Based Tax Credit Benefit | AJ43: Distributable Substance-Based Tax Credit Benefit | AQ43: Closing Substance-Based Tax Credit Carryforward | AY43: Current tax credit determination period | BE43: Other portions of the current fiscal year and the first preceding year | BK43: Second preceding fiscal year | BW43: Distributable | BY43: Distributable | CA43: Community | CC43: Community | CE43: Utilities | CG43: Utilities
AY44: Amounts denominated | BE44: Amounts denominated | BK44: Amounts denominated | BW44: Substance-Based | BY44: Substance-Based | CA44: Development | CC44: Development | CE44: Infrastructure | CG44: Infrastructure
G45: Amounts denominated | I45: Foreign | K45: Amounts | N45: Amounts denominated | P45: Foreign | R45: Amounts | V45: Amounts denominated | X45: Foreign | Z45: Amounts | AC45: Amounts denominated | AE45: Foreign | AG45: Amounts | AJ45: Amounts denominated | AL45: Foreign | AN45: Amounts | AQ45: Amounts denominated | AS45: Foreign | AU45: Amounts | AY45: in financial | BA45: Foreign | BC45: Amounts | BE45: in financial | BG45: Foreign | BI45: Amounts | BK45: in financial | BM45: Foreign | BO45: Amounts | BT45: BCE or non-BCE | BW45: Tax Credit | BY45: Tax Credit | CA45: Tax Credit | CC45: Tax Credit | CE45: Tax Credit | CG45: Tax Credit
G46: in financial statement | I46: exchange rate | K46: converted into | N46: in financial statement | P46: exchange rate | R46: converted into | V46: in financial statement | X46: exchange rate | Z46: converted into | AC46: in financial statement | AE46: exchange rate | AG46: converted into | AJ46: in financial statement | AL46: exchange rate | AN46: converted into | AQ46: in financial statement | AS46: exchange rate | AU46: converted into | AY46: statement currency | BA46: exchange rate | BC46: converted into | BE46: statement currency | BG46: exchange rate | BI46: converted into | BK46: statement currency | BM46: exchange rate | BO46: converted into | BT46: status of the QBGE | BW46: Benefit (item S2B5) | BY46: Benefit (item S2B5) | CA46: Benefit (item S2B6) | CC46: Benefit (item S2B6) | CE46: Benefit (item S2B7) | CG46: Benefit (item S2B7)
D47: Name of QBGE (item S1C1) | G47: currency (item S2A1) | I47: (items S1A7 and S1A9) | K47: U.S. dollars | N47: currency (item S2A2) | P47: (items S1A7 and S1A9) | R47: U.S. dollars | V47: currency (item S6A5) | X47: (items S1A7 and S1A9) | Z47: U.S. dollars | AC47: currency (item S2A3) | AE47: (items S1A7 and S1A9) | AG47: U.S. dollars | AJ47: currency (item S2B3) | AL47: (items S1A7 and S1A9) | AN47: U.S. dollars | AQ47: currency (item S6B3) | AS47: (items S1A7 and S1A9) | AU47: U.S. dollars | AY47: (item S3B1) | BA47: (items S1A7 and S1A9) | BC47: U.S. dollars | BE47: (items S3B2 and S3B3) | BG47: (items S1A7 and S1A9) | BI47: U.S. dollars | BK47: (item S3B4) | BM47: (items S1A7 and S1A9) | BO47: U.S. dollars | BT47: (item S1C4) | BW47: generated by BCEs | BY47: generated by NBCEs | CA47: generated by BCEs | CC47: generated by NBCEs | CE47: generated by BCEs | CG47: generated by NBCEs
F49: Total | G49: =SUM(G51:G100) -> 0 | K49: =SUM(K51:K100) -> 0 | N49: =SUM(N51:N100) -> 0 | R49: =SUM(R51:R100) -> 0 | U49: Total | V49: =SUM(V51:V100) -> 0 | Z49: =SUM(Z51:Z100) -> 0 | AC49: =SUM(AC51:AC100) -> 0 | AG49: =SUM(AG51:AG100) -> 0 | AJ49: =SUM(AJ51:AJ100) -> 0 | AN49: =SUM(AN51:AN100) -> 0 | AQ49: =SUM(AQ51:AQ100) -> 0 | AU49: =SUM(AU51:AU100) -> 0 | AX49: Total | AY49: =SUM(AY51:AY100) -> 0 | BC49: =SUM(BC51:BC100) -> 0 | BE49: =SUM(BE51:BE100) -> 0 | BI49: =SUM(BI51:BI100) -> 0 | BK49: =SUM(BK51:BK100) -> 0 | BO49: =SUM(BO51:BO100) -> 0 | BW49: =SUM(BW51:BW100) -> 0 | BY49: =SUM(BY51:BY100) -> 0 | CA49: =SUM(CA51:CA100) -> 0 | CC49: =SUM(CC51:CC100) -> 0 | CE49: =SUM(CE51:CE100) -> 0 | CG49: =SUM(CG51:CG100) -> 0
B51: ='Helper 1'!AE2 | D51: =IFERROR(INDEX('Helper 1'!$AA$2:$AA$51,MATCH(B51,'Helper 1'!$AD$2:$AD$51,0)),"") | G51: {=IF($D51="","",IFERROR(INDEX('Schedule 2'!$K$9:$IX$9,MATCH($D51,'Schedule 2'!$K$7:$IX$7,0)+1),""))} | I51: =IF($D51<>"",'Schedule 2'!$G$15,"") | K51: =IF(AND(G51<>"",I51<>""),ROUND(G51*I51,2),"") | N51: {=IF($D51="","",IFERROR(INDEX('Schedule 2'!$K$11:$IX$11,MATCH($D51,'Schedule 2'!$K$7:$IX$7,0)+1),""))} | P51: =IF($D51<>"",'Schedule 2'!$G$15,"") | R51: =IF(AND(N51<>"",P51<>""),ROUND(N51*P51,2),"") | V51: {=IF($D51="","",IFERROR(INDEX('Schedule 6'!$K$18:$IX$18,MATCH($D51,'Schedule 6'!$K$7:$IX$7,0)+1),""))} | X51: =IF($D51<>"",'Schedule 2'!$G$15,"") | Z51: =IF(AND(V51<>"",X51<>""),ROUND(V51*X51,2),"") | AC51: =IF($D51="","",G51+N51) | AE51: =IF($D51<>"",'Schedule 2'!$G$15,"") | AG51: =IF($D51="","",K51+R51) | AJ51: {=IF($D51="","",IFERROR(INDEX('Schedule 2'!$K$35:$IX$35,MATCH($D51,'Schedule 2'!$K$7:$IX$7,0)+1),""))} | AL51: =IF($D51<>"",'Schedule 2'!$G$15,"") | AN51: {=IF($D51="","",IFERROR(INDEX('Schedule 2'!$K$39:$IX$39,MATCH($D51,'Schedule 2'!$K$7:$IX$7,0)+1),""))} | AQ51: =IF($D51="","",ROUND(V51+AC51-AJ51,2)) | AS51: =IF($D51<>"",'Schedule 2'!$G$15,"") | AU51: =IF($D51="","",Z51+AG51-AN51) | AY51: {=IF($D51="","",IFERROR(INDEX('Schedule 3'!$K$26:$IX$26,MATCH($D51,'Schedule 3'!$K$24:$IX$24,0)+1),""))} | BA51: =IF($D51<>"",'Schedule 2'!$G$15,"") | BC51: =IF(AND(AY51<>"",BA51<>""),ROUND(AY51*BA51,2),"") | BE51: {=IF($D51="","",IFERROR(INDEX('Schedule 3'!$K$32:$IX$32,MATCH($D51,'Schedule 3'!$K$24:$IX$24,0)+1)+INDEX('Schedule 3'!$K$28:$IX$28,MATCH($D51,'Schedule 3'!$K$24:$IX$24,0)+1),""))} | BG51: =IF($D51<>"",'Schedule 2'!$G$15,"") | BI51: =IF(AND(BE51<>"",BG51<>""),ROUND(BE51*BG51,2),"") | BK51: {=IF($D51="","",IFERROR(INDEX('Schedule 3'!$K$34:$IX$34,MATCH($D51,'Schedule 3'!$K$24:$IX$24,0)+1),""))} | BM51: =IF($D51<>"",'Schedule 2'!$G$15,"") | BO51: =IF(AND(BK51<>"",BM51<>""),ROUND(BK51*BM51,2),"") | BS51: =IF($D51="","",IFERROR(INDEX('Schedule 1'!$K$76:$IX$76,MATCH($D51,'Schedule 1'!$K$70:$IX$70,0)),"")) | BW51: =IF($D51="","",IF(BS51='Helper 1'!$F$2,AN51,"")) | BY51: =IF($D51="","",IF(BS51='Helper 1'!$F$3,AN51,"")) | CA51: {=IF($D51="","",IF(BS51='Helper 1'!$F$2,IFERROR(INDEX('Schedule 2'!$K$41:$IX$41,MATCH($D51,'Schedule 2'!$K$29:$IX$29,0)+1),""),""))} | CC51: {=IF($D51="","",IF(BS51='Helper 1'!$F$3,IFERROR(INDEX('Schedule 2'!$K$41:$IX$41,MATCH($D51,'Schedule 2'!$K$29:$IX$29,0)+1),""),""))} | CE51: {=IF($D51="","",IF(BS51='Helper 1'!$F$2,IFERROR(INDEX('Schedule 2'!$K$43:$IX$43,MATCH($D51,'Schedule 2'!$K$29:$IX$29,0)+1),""),""))} | CG51: {=IF($D51="","",IF(BS51='Helper 1'!$F$3,IFERROR(INDEX('Schedule 2'!$K$43:$IX$43,MATCH($D51,'Schedule 2'!$K$29:$IX$29,0)+1),""),""))}
B52: ='Helper 1'!AE3 | D52: =IFERROR(INDEX('Helper 1'!$AA$2:$AA$51,MATCH(B52,'Helper 1'!$AD$2:$AD$51,0)),"") | G52: {=IF($D52="","",IFERROR(INDEX('Schedule 2'!$K$9:$IX$9,MATCH($D52,'Schedule 2'!$K$7:$IX$7,0)+1),""))} | I52: =IF(D52<>"",'Schedule 2'!$G$15,"") | K52: =IF(AND(G52<>"",I52<>""),ROUND(G52*I52,2),"") | N52: {=IF($D52="","",IFERROR(INDEX('Schedule 2'!$K$11:$IX$11,MATCH($D52,'Schedule 2'!$K$7:$IX$7,0)+1),""))} | P52: =IF($D52<>"",'Schedule 2'!$G$15,"") | R52: =IF(AND(N52<>"",P52<>""),ROUND(N52*P52,2),"") | V52: {=IF($D52="","",IFERROR(INDEX('Schedule 6'!$K$18:$IX$18,MATCH($D52,'Schedule 6'!$K$7:$IX$7,0)+1),""))} | X52: =IF($D52<>"",'Schedule 2'!$G$15,"") | Z52: =IF(AND(V52<>"",X52<>""),ROUND(V52*X52,2),"") | AC52: =IF($D52="","",G52+N52) | AE52: =IF($D52<>"",'Schedule 2'!$G$15,"") | AG52: =IF($D52="","",K52+R52) | AJ52: {=IF($D52="","",IFERROR(INDEX('Schedule 2'!$K$35:$IX$35,MATCH($D52,'Schedule 2'!$K$7:$IX$7,0)+1),""))} | AL52: =IF($D52<>"",'Schedule 2'!$G$15,"") | AN52: {=IF($D52="","",IFERROR(INDEX('Schedule 2'!$K$39:$IX$39,MATCH($D52,'Schedule 2'!$K$7:$IX$7,0)+1),""))} | AQ52: =IF($D52="","",ROUND(V52+AC52-AJ52,2)) | AS52: =IF($D52<>"",'Schedule 2'!$G$15,"") | AU52: =IF($D52="","",Z52+AG52-AN52) | AY52: {=IF($D52="","",IFERROR(INDEX('Schedule 3'!$K$26:$IX$26,MATCH($D52,'Schedule 3'!$K$24:$IX$24,0)+1),""))} | BA52: =IF($D52<>"",'Schedule 2'!$G$15,"") | BC52: =IF(AND(AY52<>"",BA52<>""),ROUND(AY52*BA52,2),"") | BE52: {=IF($D52="","",IFERROR(INDEX('Schedule 3'!$K$32:$IX$32,MATCH($D52,'Schedule 3'!$K$24:$IX$24,0)+1)+INDEX('Schedule 3'!$K$28:$IX$28,MATCH($D52,'Schedule 3'!$K$24:$IX$24,0)+1),""))} | BG52: =IF($D52<>"",'Schedule 2'!$G$15,"") | BI52: =IF(AND(BE52<>"",BG52<>""),ROUND(BE52*BG52,2),"") | BK52: {=IF($D52="","",IFERROR(INDEX('Schedule 3'!$K$34:$IX$34,MATCH($D52,'Schedule 3'!$K$24:$IX$24,0)+1),""))} | BM52: =IF($D52<>"",'Schedule 2'!$G$15,"") | BO52: =IF(AND(BK52<>"",BM52<>""),ROUND(BK52*BM52,2),"") | BS52: =IF($D52="","",IFERROR(INDEX('Schedule 1'!$K$76:$IX$76,MATCH($D52,'Schedule 1'!$K$70:$IX$70,0)),"")) | BW52: =IF($D52="","",IF(BS52='Helper 1'!$F$2,AN52,"")) | BY52: =IF($D52="","",IF(BS52='Helper 1'!$F$3,AN52,"")) | CA52: {=IF($D52="","",IF(BS52='Helper 1'!$F$2,IFERROR(INDEX('Schedule 2'!$K$41:$IX$41,MATCH($D52,'Schedule 2'!$K$29:$IX$29,0)+1),""),""))} | CC52: {=IF($D52="","",IF(BS52='Helper 1'!$F$3,IFERROR(INDEX('Schedule 2'!$K$41:$IX$41,MATCH($D52,'Schedule 2'!$K$29:$IX$29,0)+1),""),""))} | CE52: {=IF($D52="","",IF(BS52='Helper 1'!$F$2,IFERROR(INDEX('Schedule 2'!$K$43:$IX$43,MATCH($D52,'Schedule 2'!$K$29:$IX$29,0)+1),""),""))} | CG52: {=IF($D52="","",IF(BS52='Helper 1'!$F$3,IFERROR(INDEX('Schedule 2'!$K$43:$IX$43,MATCH($D52,'Schedule 2'!$K$29:$IX$29,0)+1),""),""))}
B53: ='Helper 1'!AE4 | D53: =IFERROR(INDEX('Helper 1'!$AA$2:$AA$51,MATCH(B53,'Helper 1'!$AD$2:$AD$51,0)),"") | G53: {=IF($D53="","",IFERROR(INDEX('Schedule 2'!$K$9:$IX$9,MATCH($D53,'Schedule 2'!$K$7:$IX$7,0)+1),""))} | I53: =IF(D53<>"",'Schedule 2'!$G$15,"") | K53: =IF(AND(G53<>"",I53<>""),ROUND(G53*I53,2),"") | N53: {=IF($D53="","",IFERROR(INDEX('Schedule 2'!$K$11:$IX$11,MATCH($D53,'Schedule 2'!$K$7:$IX$7,0)+1),""))} | P53: =IF($D53<>"",'Schedule 2'!$G$15,"") | R53: =IF(AND(N53<>"",P53<>""),ROUND(N53*P53,2),"") | V53: {=IF($D53="","",IFERROR(INDEX('Schedule 6'!$K$18:$IX$18,MATCH($D53,'Schedule 6'!$K$7:$IX$7,0)+1),""))} | X53: =IF($D53<>"",'Schedule 2'!$G$15,"") | Z53: =IF(AND(V53<>"",X53<>""),ROUND(V53*X53,2),"") | AC53: =IF($D53="","",G53+N53) | AE53: =IF($D53<>"",'Schedule 2'!$G$15,"") | AG53: =IF($D53="","",K53+R53) | AJ53: {=IF($D53="","",IFERROR(INDEX('Schedule 2'!$K$35:$IX$35,MATCH($D53,'Schedule 2'!$K$7:$IX$7,0)+1),""))} | AL53: =IF($D53<>"",'Schedule 2'!$G$15,"") | AN53: {=IF($D53="","",IFERROR(INDEX('Schedule 2'!$K$39:$IX$39,MATCH($D53,'Schedule 2'!$K$7:$IX$7,0)+1),""))} | AQ53: =IF($D53="","",ROUND(V53+AC53-AJ53,2)) | AS53: =IF($D53<>"",'Schedule 2'!$G$15,"") | AU53: =IF($D53="","",Z53+AG53-AN53) | AY53: {=IF($D53="","",IFERROR(INDEX('Schedule 3'!$K$26:$IX$26,MATCH($D53,'Schedule 3'!$K$24:$IX$24,0)+1),""))} | BA53: =IF($D53<>"",'Schedule 2'!$G$15,"") | BC53: =IF(AND(AY53<>"",BA53<>""),ROUND(AY53*BA53,2),"") | BE53: {=IF($D53="","",IFERROR(INDEX('Schedule 3'!$K$32:$IX$32,MATCH($D53,'Schedule 3'!$K$24:$IX$24,0)+1)+INDEX('Schedule 3'!$K$28:$IX$28,MATCH($D53,'Schedule 3'!$K$24:$IX$24,0)+1),""))} | BG53: =IF($D53<>"",'Schedule 2'!$G$15,"") | BI53: =IF(AND(BE53<>"",BG53<>""),ROUND(BE53*BG53,2),"") | BK53: {=IF($D53="","",IFERROR(INDEX('Schedule 3'!$K$34:$IX$34,MATCH($D53,'Schedule 3'!$K$24:$IX$24,0)+1),""))} | BM53: =IF($D53<>"",'Schedule 2'!$G$15,"") | BO53: =IF(AND(BK53<>"",BM53<>""),ROUND(BK53*BM53,2),"") | BS53: =IF($D53="","",IFERROR(INDEX('Schedule 1'!$K$76:$IX$76,MATCH($D53,'Schedule 1'!$K$70:$IX$70,0)),"")) | BW53: =IF($D53="","",IF(BS53='Helper 1'!$F$2,AN53,"")) | BY53: =IF($D53="","",IF(BS53='Helper 1'!$F$3,AN53,"")) | CA53: {=IF($D53="","",IF(BS53='Helper 1'!$F$2,IFERROR(INDEX('Schedule 2'!$K$41:$IX$41,MATCH($D53,'Schedule 2'!$K$29:$IX$29,0)+1),""),""))} | CC53: {=IF($D53="","",IF(BS53='Helper 1'!$F$3,IFERROR(INDEX('Schedule 2'!$K$41:$IX$41,MATCH($D53,'Schedule 2'!$K$29:$IX$29,0)+1),""),""))} | CE53: {=IF($D53="","",IF(BS53='Helper 1'!$F$2,IFERROR(INDEX('Schedule 2'!$K$43:$IX$43,MATCH($D53,'Schedule 2'!$K$29:$IX$29,0)+1),""),""))} | CG53: {=IF($D53="","",IF(BS53='Helper 1'!$F$3,IFERROR(INDEX('Schedule 2'!$K$43:$IX$43,MATCH($D53,'Schedule 2'!$K$29:$IX$29,0)+1),""),""))}
B54: ='Helper 1'!AE5 | D54: =IFERROR(INDEX('Helper 1'!$AA$2:$AA$51,MATCH(B54,'Helper 1'!$AD$2:$AD$51,0)),"") | G54: {=IF($D54="","",IFERROR(INDEX('Schedule 2'!$K$9:$IX$9,MATCH($D54,'Schedule 2'!$K$7:$IX$7,0)+1),""))} | I54: =IF(D54<>"",'Schedule 2'!$G$15,"") | K54: =IF(AND(G54<>"",I54<>""),ROUND(G54*I54,2),"") | N54: {=IF($D54="","",IFERROR(INDEX('Schedule 2'!$K$11:$IX$11,MATCH($D54,'Schedule 2'!$K$7:$IX$7,0)+1),""))} | P54: =IF($D54<>"",'Schedule 2'!$G$15,"") | R54: =IF(AND(N54<>"",P54<>""),ROUND(N54*P54,2),"") | V54: {=IF($D54="","",IFERROR(INDEX('Schedule 6'!$K$18:$IX$18,MATCH($D54,'Schedule 6'!$K$7:$IX$7,0)+1),""))} | X54: =IF($D54<>"",'Schedule 2'!$G$15,"") | Z54: =IF(AND(V54<>"",X54<>""),ROUND(V54*X54,2),"") | AC54: =IF($D54="","",G54+N54) | AE54: =IF($D54<>"",'Schedule 2'!$G$15,"") | AG54: =IF($D54="","",K54+R54) | AJ54: {=IF($D54="","",IFERROR(INDEX('Schedule 2'!$K$35:$IX$35,MATCH($D54,'Schedule 2'!$K$7:$IX$7,0)+1),""))} | AL54: =IF($D54<>"",'Schedule 2'!$G$15,"") | AN54: {=IF($D54="","",IFERROR(INDEX('Schedule 2'!$K$39:$IX$39,MATCH($D54,'Schedule 2'!$K$7:$IX$7,0)+1),""))} | AQ54: =IF($D54="","",ROUND(V54+AC54-AJ54,2)) | AS54: =IF($D54<>"",'Schedule 2'!$G$15,"") | AU54: =IF($D54="","",Z54+AG54-AN54) | AY54: {=IF($D54="","",IFERROR(INDEX('Schedule 3'!$K$26:$IX$26,MATCH($D54,'Schedule 3'!$K$24:$IX$24,0)+1),""))} | BA54: =IF($D54<>"",'Schedule 2'!$G$15,"") | BC54: =IF(AND(AY54<>"",BA54<>""),ROUND(AY54*BA54,2),"") | BE54: {=IF($D54="","",IFERROR(INDEX('Schedule 3'!$K$32:$IX$32,MATCH($D54,'Schedule 3'!$K$24:$IX$24,0)+1)+INDEX('Schedule 3'!$K$28:$IX$28,MATCH($D54,'Schedule 3'!$K$24:$IX$24,0)+1),""))} | BG54: =IF($D54<>"",'Schedule 2'!$G$15,"") | BI54: =IF(AND(BE54<>"",BG54<>""),ROUND(BE54*BG54,2),"") | BK54: {=IF($D54="","",IFERROR(INDEX('Schedule 3'!$K$34:$IX$34,MATCH($D54,'Schedule 3'!$K$24:$IX$24,0)+1),""))} | BM54: =IF($D54<>"",'Schedule 2'!$G$15,"") | BO54: =IF(AND(BK54<>"",BM54<>""),ROUND(BK54*BM54,2),"") | BS54: =IF($D54="","",IFERROR(INDEX('Schedule 1'!$K$76:$IX$76,MATCH($D54,'Schedule 1'!$K$70:$IX$70,0)),"")) | BW54: =IF($D54="","",IF(BS54='Helper 1'!$F$2,AN54,"")) | BY54: =IF($D54="","",IF(BS54='Helper 1'!$F$3,AN54,"")) | CA54: {=IF($D54="","",IF(BS54='Helper 1'!$F$2,IFERROR(INDEX('Schedule 2'!$K$41:$IX$41,MATCH($D54,'Schedule 2'!$K$29:$IX$29,0)+1),""),""))} | CC54: {=IF($D54="","",IF(BS54='Helper 1'!$F$3,IFERROR(INDEX('Schedule 2'!$K$41:$IX$41,MATCH($D54,'Schedule 2'!$K$29:$IX$29,0)+1),""),""))} | CE54: {=IF($D54="","",IF(BS54='Helper 1'!$F$2,IFERROR(INDEX('Schedule 2'!$K$43:$IX$43,MATCH($D54,'Schedule 2'!$K$29:$IX$29,0)+1),""),""))} | CG54: {=IF($D54="","",IF(BS54='Helper 1'!$F$3,IFERROR(INDEX('Schedule 2'!$K$43:$IX$43,MATCH($D54,'Schedule 2'!$K$29:$IX$29,0)+1),""),""))}
B55: ='Helper 1'!AE6 | D55: =IFERROR(INDEX('Helper 1'!$AA$2:$AA$51,MATCH(B55,'Helper 1'!$AD$2:$AD$51,0)),"") | G55: {=IF($D55="","",IFERROR(INDEX('Schedule 2'!$K$9:$IX$9,MATCH($D55,'Schedule 2'!$K$7:$IX$7,0)+1),""))} | I55: =IF(D55<>"",'Schedule 2'!$G$15,"") | K55: =IF(AND(G55<>"",I55<>""),ROUND(G55*I55,2),"") | N55: {=IF($D55="","",IFERROR(INDEX('Schedule 2'!$K$11:$IX$11,MATCH($D55,'Schedule 2'!$K$7:$IX$7,0)+1),""))} | P55: =IF($D55<>"",'Schedule 2'!$G$15,"") | R55: =IF(AND(N55<>"",P55<>""),ROUND(N55*P55,2),"") | V55: {=IF($D55="","",IFERROR(INDEX('Schedule 6'!$K$18:$IX$18,MATCH($D55,'Schedule 6'!$K$7:$IX$7,0)+1),""))} | X55: =IF($D55<>"",'Schedule 2'!$G$15,"") | Z55: =IF(AND(V55<>"",X55<>""),ROUND(V55*X55,2),"") | AC55: =IF($D55="","",G55+N55) | AE55: =IF($D55<>"",'Schedule 2'!$G$15,"") | AG55: =IF($D55="","",K55+R55) | AJ55: {=IF($D55="","",IFERROR(INDEX('Schedule 2'!$K$35:$IX$35,MATCH($D55,'Schedule 2'!$K$7:$IX$7,0)+1),""))} | AL55: =IF($D55<>"",'Schedule 2'!$G$15,"") | AN55: {=IF($D55="","",IFERROR(INDEX('Schedule 2'!$K$39:$IX$39,MATCH($D55,'Schedule 2'!$K$7:$IX$7,0)+1),""))} | AQ55: =IF($D55="","",ROUND(V55+AC55-AJ55,2)) | AS55: =IF($D55<>"",'Schedule 2'!$G$15,"") | AU55: =IF($D55="","",Z55+AG55-AN55) | AY55: {=IF($D55="","",IFERROR(INDEX('Schedule 3'!$K$26:$IX$26,MATCH($D55,'Schedule 3'!$K$24:$IX$24,0)+1),""))} | BA55: =IF($D55<>"",'Schedule 2'!$G$15,"") | BC55: =IF(AND(AY55<>"",BA55<>""),ROUND(AY55*BA55,2),"") | BE55: {=IF($D55="","",IFERROR(INDEX('Schedule 3'!$K$32:$IX$32,MATCH($D55,'Schedule 3'!$K$24:$IX$24,0)+1)+INDEX('Schedule 3'!$K$28:$IX$28,MATCH($D55,'Schedule 3'!$K$24:$IX$24,0)+1),""))} | BG55: =IF($D55<>"",'Schedule 2'!$G$15,"") | BI55: =IF(AND(BE55<>"",BG55<>""),ROUND(BE55*BG55,2),"") | BK55: {=IF($D55="","",IFERROR(INDEX('Schedule 3'!$K$34:$IX$34,MATCH($D55,'Schedule 3'!$K$24:$IX$24,0)+1),""))} | BM55: =IF($D55<>"",'Schedule 2'!$G$15,"") | BO55: =IF(AND(BK55<>"",BM55<>""),ROUND(BK55*BM55,2),"") | BS55: =IF($D55="","",IFERROR(INDEX('Schedule 1'!$K$76:$IX$76,MATCH($D55,'Schedule 1'!$K$70:$IX$70,0)),"")) | BW55: =IF($D55="","",IF(BS55='Helper 1'!$F$2,AN55,"")) | BY55: =IF($D55="","",IF(BS55='Helper 1'!$F$3,AN55,"")) | CA55: {=IF($D55="","",IF(BS55='Helper 1'!$F$2,IFERROR(INDEX('Schedule 2'!$K$41:$IX$41,MATCH($D55,'Schedule 2'!$K$29:$IX$29,0)+1),""),""))} | CC55: {=IF($D55="","",IF(BS55='Helper 1'!$F$3,IFERROR(INDEX('Schedule 2'!$K$41:$IX$41,MATCH($D55,'Schedule 2'!$K$29:$IX$29,0)+1),""),""))} | CE55: {=IF($D55="","",IF(BS55='Helper 1'!$F$2,IFERROR(INDEX('Schedule 2'!$K$43:$IX$43,MATCH($D55,'Schedule 2'!$K$29:$IX$29,0)+1),""),""))} | CG55: {=IF($D55="","",IF(BS55='Helper 1'!$F$3,IFERROR(INDEX('Schedule 2'!$K$43:$IX$43,MATCH($D55,'Schedule 2'!$K$29:$IX$29,0)+1),""),""))}
B56: ='Helper 1'!AE7 | D56: =IFERROR(INDEX('Helper 1'!$AA$2:$AA$51,MATCH(B56,'Helper 1'!$AD$2:$AD$51,0)),"") | G56: {=IF($D56="","",IFERROR(INDEX('Schedule 2'!$K$9:$IX$9,MATCH($D56,'Schedule 2'!$K$7:$IX$7,0)+1),""))} | I56: =IF(D56<>"",'Schedule 2'!$G$15,"") | K56: =IF(AND(G56<>"",I56<>""),ROUND(G56*I56,2),"") | N56: {=IF($D56="","",IFERROR(INDEX('Schedule 2'!$K$11:$IX$11,MATCH($D56,'Schedule 2'!$K$7:$IX$7,0)+1),""))} | P56: =IF($D56<>"",'Schedule 2'!$G$15,"") | R56: =IF(AND(N56<>"",P56<>""),ROUND(N56*P56,2),"") | V56: {=IF($D56="","",IFERROR(INDEX('Schedule 6'!$K$18:$IX$18,MATCH($D56,'Schedule 6'!$K$7:$IX$7,0)+1),""))} | X56: =IF($D56<>"",'Schedule 2'!$G$15,"") | Z56: =IF(AND(V56<>"",X56<>""),ROUND(V56*X56,2),"") | AC56: =IF($D56="","",G56+N56) | AE56: =IF($D56<>"",'Schedule 2'!$G$15,"") | AG56: =IF($D56="","",K56+R56) | AJ56: {=IF($D56="","",IFERROR(INDEX('Schedule 2'!$K$35:$IX$35,MATCH($D56,'Schedule 2'!$K$7:$IX$7,0)+1),""))} | AL56: =IF($D56<>"",'Schedule 2'!$G$15,"") | AN56: {=IF($D56="","",IFERROR(INDEX('Schedule 2'!$K$39:$IX$39,MATCH($D56,'Schedule 2'!$K$7:$IX$7,0)+1),""))} | AQ56: =IF($D56="","",ROUND(V56+AC56-AJ56,2)) | AS56: =IF($D56<>"",'Schedule 2'!$G$15,"") | AU56: =IF($D56="","",Z56+AG56-AN56) | AY56: {=IF($D56="","",IFERROR(INDEX('Schedule 3'!$K$26:$IX$26,MATCH($D56,'Schedule 3'!$K$24:$IX$24,0)+1),""))} | BA56: =IF($D56<>"",'Schedule 2'!$G$15,"") | BC56: =IF(AND(AY56<>"",BA56<>""),ROUND(AY56*BA56,2),"") | BE56: {=IF($D56="","",IFERROR(INDEX('Schedule 3'!$K$32:$IX$32,MATCH($D56,'Schedule 3'!$K$24:$IX$24,0)+1)+INDEX('Schedule 3'!$K$28:$IX$28,MATCH($D56,'Schedule 3'!$K$24:$IX$24,0)+1),""))} | BG56: =IF($D56<>"",'Schedule 2'!$G$15,"") | BI56: =IF(AND(BE56<>"",BG56<>""),ROUND(BE56*BG56,2),"") | BK56: {=IF($D56="","",IFERROR(INDEX('Schedule 3'!$K$34:$IX$34,MATCH($D56,'Schedule 3'!$K$24:$IX$24,0)+1),""))} | BM56: =IF($D56<>"",'Schedule 2'!$G$15,"") | BO56: =IF(AND(BK56<>"",BM56<>""),ROUND(BK56*BM56,2),"") | BS56: =IF($D56="","",IFERROR(INDEX('Schedule 1'!$K$76:$IX$76,MATCH($D56,'Schedule 1'!$K$70:$IX$70,0)),"")) | BW56: =IF($D56="","",IF(BS56='Helper 1'!$F$2,AN56,"")) | BY56: =IF($D56="","",IF(BS56='Helper 1'!$F$3,AN56,"")) | CA56: {=IF($D56="","",IF(BS56='Helper 1'!$F$2,IFERROR(INDEX('Schedule 2'!$K$41:$IX$41,MATCH($D56,'Schedule 2'!$K$29:$IX$29,0)+1),""),""))} | CC56: {=IF($D56="","",IF(BS56='Helper 1'!$F$3,IFERROR(INDEX('Schedule 2'!$K$41:$IX$41,MATCH($D56,'Schedule 2'!$K$29:$IX$29,0)+1),""),""))} | CE56: {=IF($D56="","",IF(BS56='Helper 1'!$F$2,IFERROR(INDEX('Schedule 2'!$K$43:$IX$43,MATCH($D56,'Schedule 2'!$K$29:$IX$29,0)+1),""),""))} | CG56: {=IF($D56="","",IF(BS56='Helper 1'!$F$3,IFERROR(INDEX('Schedule 2'!$K$43:$IX$43,MATCH($D56,'Schedule 2'!$K$29:$IX$29,0)+1),""),""))}
B57: ='Helper 1'!AE8 | D57: =IFERROR(INDEX('Helper 1'!$AA$2:$AA$51,MATCH(B57,'Helper 1'!$AD$2:$AD$51,0)),"") | G57: {=IF($D57="","",IFERROR(INDEX('Schedule 2'!$K$9:$IX$9,MATCH($D57,'Schedule 2'!$K$7:$IX$7,0)+1),""))} | I57: =IF(D57<>"",'Schedule 2'!$G$15,"") | K57: =IF(AND(G57<>"",I57<>""),ROUND(G57*I57,2),"") | N57: {=IF($D57="","",IFERROR(INDEX('Schedule 2'!$K$11:$IX$11,MATCH($D57,'Schedule 2'!$K$7:$IX$7,0)+1),""))} | P57: =IF($D57<>"",'Schedule 2'!$G$15,"") | R57: =IF(AND(N57<>"",P57<>""),ROUND(N57*P57,2),"") | V57: {=IF($D57="","",IFERROR(INDEX('Schedule 6'!$K$18:$IX$18,MATCH($D57,'Schedule 6'!$K$7:$IX$7,0)+1),""))} | X57: =IF($D57<>"",'Schedule 2'!$G$15,"") | Z57: =IF(AND(V57<>"",X57<>""),ROUND(V57*X57,2),"") | AC57: =IF($D57="","",G57+N57) | AE57: =IF($D57<>"",'Schedule 2'!$G$15,"") | AG57: =IF($D57="","",K57+R57) | AJ57: {=IF($D57="","",IFERROR(INDEX('Schedule 2'!$K$35:$IX$35,MATCH($D57,'Schedule 2'!$K$7:$IX$7,0)+1),""))} | AL57: =IF($D57<>"",'Schedule 2'!$G$15,"") | AN57: {=IF($D57="","",IFERROR(INDEX('Schedule 2'!$K$39:$IX$39,MATCH($D57,'Schedule 2'!$K$7:$IX$7,0)+1),""))} | AQ57: =IF($D57="","",ROUND(V57+AC57-AJ57,2)) | AS57: =IF($D57<>"",'Schedule 2'!$G$15,"") | AU57: =IF($D57="","",Z57+AG57-AN57) | AY57: {=IF($D57="","",IFERROR(INDEX('Schedule 3'!$K$26:$IX$26,MATCH($D57,'Schedule 3'!$K$24:$IX$24,0)+1),""))} | BA57: =IF($D57<>"",'Schedule 2'!$G$15,"") | BC57: =IF(AND(AY57<>"",BA57<>""),ROUND(AY57*BA57,2),"") | BE57: {=IF($D57="","",IFERROR(INDEX('Schedule 3'!$K$32:$IX$32,MATCH($D57,'Schedule 3'!$K$24:$IX$24,0)+1)+INDEX('Schedule 3'!$K$28:$IX$28,MATCH($D57,'Schedule 3'!$K$24:$IX$24,0)+1),""))} | BG57: =IF($D57<>"",'Schedule 2'!$G$15,"") | BI57: =IF(AND(BE57<>"",BG57<>""),ROUND(BE57*BG57,2),"") | BK57: {=IF($D57="","",IFERROR(INDEX('Schedule 3'!$K$34:$IX$34,MATCH($D57,'Schedule 3'!$K$24:$IX$24,0)+1),""))} | BM57: =IF($D57<>"",'Schedule 2'!$G$15,"") | BO57: =IF(AND(BK57<>"",BM57<>""),ROUND(BK57*BM57,2),"") | BS57: =IF($D57="","",IFERROR(INDEX('Schedule 1'!$K$76:$IX$76,MATCH($D57,'Schedule 1'!$K$70:$IX$70,0)),"")) | BW57: =IF($D57="","",IF(BS57='Helper 1'!$F$2,AN57,"")) | BY57: =IF($D57="","",IF(BS57='Helper 1'!$F$3,AN57,"")) | CA57: {=IF($D57="","",IF(BS57='Helper 1'!$F$2,IFERROR(INDEX('Schedule 2'!$K$41:$IX$41,MATCH($D57,'Schedule 2'!$K$29:$IX$29,0)+1),""),""))} | CC57: {=IF($D57="","",IF(BS57='Helper 1'!$F$3,IFERROR(INDEX('Schedule 2'!$K$41:$IX$41,MATCH($D57,'Schedule 2'!$K$29:$IX$29,0)+1),""),""))} | CE57: {=IF($D57="","",IF(BS57='Helper 1'!$F$2,IFERROR(INDEX('Schedule 2'!$K$43:$IX$43,MATCH($D57,'Schedule 2'!$K$29:$IX$29,0)+1),""),""))} | CG57: {=IF($D57="","",IF(BS57='Helper 1'!$F$3,IFERROR(INDEX('Schedule 2'!$K$43:$IX$43,MATCH($D57,'Schedule 2'!$K$29:$IX$29,0)+1),""),""))}
B58: ='Helper 1'!AE9 | D58: =IFERROR(INDEX('Helper 1'!$AA$2:$AA$51,MATCH(B58,'Helper 1'!$AD$2:$AD$51,0)),"") | G58: {=IF($D58="","",IFERROR(INDEX('Schedule 2'!$K$9:$IX$9,MATCH($D58,'Schedule 2'!$K$7:$IX$7,0)+1),""))} | I58: =IF(D58<>"",'Schedule 2'!$G$15,"") | K58: =IF(AND(G58<>"",I58<>""),ROUND(G58*I58,2),"") | N58: {=IF($D58="","",IFERROR(INDEX('Schedule 2'!$K$11:$IX$11,MATCH($D58,'Schedule 2'!$K$7:$IX$7,0)+1),""))} | P58: =IF($D58<>"",'Schedule 2'!$G$15,"") | R58: =IF(AND(N58<>"",P58<>""),ROUND(N58*P58,2),"") | V58: {=IF($D58="","",IFERROR(INDEX('Schedule 6'!$K$18:$IX$18,MATCH($D58,'Schedule 6'!$K$7:$IX$7,0)+1),""))} | X58: =IF($D58<>"",'Schedule 2'!$G$15,"") | Z58: =IF(AND(V58<>"",X58<>""),ROUND(V58*X58,2),"") | AC58: =IF($D58="","",G58+N58) | AE58: =IF($D58<>"",'Schedule 2'!$G$15,"") | AG58: =IF($D58="","",K58+R58) | AJ58: {=IF($D58="","",IFERROR(INDEX('Schedule 2'!$K$35:$IX$35,MATCH($D58,'Schedule 2'!$K$7:$IX$7,0)+1),""))} | AL58: =IF($D58<>"",'Schedule 2'!$G$15,"") | AN58: {=IF($D58="","",IFERROR(INDEX('Schedule 2'!$K$39:$IX$39,MATCH($D58,'Schedule 2'!$K$7:$IX$7,0)+1),""))} | AQ58: =IF($D58="","",ROUND(V58+AC58-AJ58,2)) | AS58: =IF($D58<>"",'Schedule 2'!$G$15,"") | AU58: =IF($D58="","",Z58+AG58-AN58) | AY58: {=IF($D58="","",IFERROR(INDEX('Schedule 3'!$K$26:$IX$26,MATCH($D58,'Schedule 3'!$K$24:$IX$24,0)+1),""))} | BA58: =IF($D58<>"",'Schedule 2'!$G$15,"") | BC58: =IF(AND(AY58<>"",BA58<>""),ROUND(AY58*BA58,2),"") | BE58: {=IF($D58="","",IFERROR(INDEX('Schedule 3'!$K$32:$IX$32,MATCH($D58,'Schedule 3'!$K$24:$IX$24,0)+1)+INDEX('Schedule 3'!$K$28:$IX$28,MATCH($D58,'Schedule 3'!$K$24:$IX$24,0)+1),""))} | BG58: =IF($D58<>"",'Schedule 2'!$G$15,"") | BI58: =IF(AND(BE58<>"",BG58<>""),ROUND(BE58*BG58,2),"") | BK58: {=IF($D58="","",IFERROR(INDEX('Schedule 3'!$K$34:$IX$34,MATCH($D58,'Schedule 3'!$K$24:$IX$24,0)+1),""))} | BM58: =IF($D58<>"",'Schedule 2'!$G$15,"") | BO58: =IF(AND(BK58<>"",BM58<>""),ROUND(BK58*BM58,2),"") | BS58: =IF($D58="","",IFERROR(INDEX('Schedule 1'!$K$76:$IX$76,MATCH($D58,'Schedule 1'!$K$70:$IX$70,0)),"")) | BW58: =IF($D58="","",IF(BS58='Helper 1'!$F$2,AN58,"")) | BY58: =IF($D58="","",IF(BS58='Helper 1'!$F$3,AN58,"")) | CA58: {=IF($D58="","",IF(BS58='Helper 1'!$F$2,IFERROR(INDEX('Schedule 2'!$K$41:$IX$41,MATCH($D58,'Schedule 2'!$K$29:$IX$29,0)+1),""),""))} | CC58: {=IF($D58="","",IF(BS58='Helper 1'!$F$3,IFERROR(INDEX('Schedule 2'!$K$41:$IX$41,MATCH($D58,'Schedule 2'!$K$29:$IX$29,0)+1),""),""))} | CE58: {=IF($D58="","",IF(BS58='Helper 1'!$F$2,IFERROR(INDEX('Schedule 2'!$K$43:$IX$43,MATCH($D58,'Schedule 2'!$K$29:$IX$29,0)+1),""),""))} | CG58: {=IF($D58="","",IF(BS58='Helper 1'!$F$3,IFERROR(INDEX('Schedule 2'!$K$43:$IX$43,MATCH($D58,'Schedule 2'!$K$29:$IX$29,0)+1),""),""))}
B59: ='Helper 1'!AE10 | D59: =IFERROR(INDEX('Helper 1'!$AA$2:$AA$51,MATCH(B59,'Helper 1'!$AD$2:$AD$51,0)),"") | G59: {=IF($D59="","",IFERROR(INDEX('Schedule 2'!$K$9:$IX$9,MATCH($D59,'Schedule 2'!$K$7:$IX$7,0)+1),""))} | I59: =IF(D59<>"",'Schedule 2'!$G$15,"") | K59: =IF(AND(G59<>"",I59<>""),ROUND(G59*I59,2),"") | N59: {=IF($D59="","",IFERROR(INDEX('Schedule 2'!$K$11:$IX$11,MATCH($D59,'Schedule 2'!$K$7:$IX$7,0)+1),""))} | P59: =IF($D59<>"",'Schedule 2'!$G$15,"") | R59: =IF(AND(N59<>"",P59<>""),ROUND(N59*P59,2),"") | V59: {=IF($D59="","",IFERROR(INDEX('Schedule 6'!$K$18:$IX$18,MATCH($D59,'Schedule 6'!$K$7:$IX$7,0)+1),""))} | X59: =IF($D59<>"",'Schedule 2'!$G$15,"") | Z59: =IF(AND(V59<>"",X59<>""),ROUND(V59*X59,2),"") | AC59: =IF($D59="","",G59+N59) | AE59: =IF($D59<>"",'Schedule 2'!$G$15,"") | AG59: =IF($D59="","",K59+R59) | AJ59: {=IF($D59="","",IFERROR(INDEX('Schedule 2'!$K$35:$IX$35,MATCH($D59,'Schedule 2'!$K$7:$IX$7,0)+1),""))} | AL59: =IF($D59<>"",'Schedule 2'!$G$15,"") | AN59: {=IF($D59="","",IFERROR(INDEX('Schedule 2'!$K$39:$IX$39,MATCH($D59,'Schedule 2'!$K$7:$IX$7,0)+1),""))} | AQ59: =IF($D59="","",ROUND(V59+AC59-AJ59,2)) | AS59: =IF($D59<>"",'Schedule 2'!$G$15,"") | AU59: =IF($D59="","",Z59+AG59-AN59) | AY59: {=IF($D59="","",IFERROR(INDEX('Schedule 3'!$K$26:$IX$26,MATCH($D59,'Schedule 3'!$K$24:$IX$24,0)+1),""))} | BA59: =IF($D59<>"",'Schedule 2'!$G$15,"") | BC59: =IF(AND(AY59<>"",BA59<>""),ROUND(AY59*BA59,2),"") | BE59: {=IF($D59="","",IFERROR(INDEX('Schedule 3'!$K$32:$IX$32,MATCH($D59,'Schedule 3'!$K$24:$IX$24,0)+1)+INDEX('Schedule 3'!$K$28:$IX$28,MATCH($D59,'Schedule 3'!$K$24:$IX$24,0)+1),""))} | BG59: =IF($D59<>"",'Schedule 2'!$G$15,"") | BI59: =IF(AND(BE59<>"",BG59<>""),ROUND(BE59*BG59,2),"") | BK59: {=IF($D59="","",IFERROR(INDEX('Schedule 3'!$K$34:$IX$34,MATCH($D59,'Schedule 3'!$K$24:$IX$24,0)+1),""))} | BM59: =IF($D59<>"",'Schedule 2'!$G$15,"") | BO59: =IF(AND(BK59<>"",BM59<>""),ROUND(BK59*BM59,2),"") | BS59: =IF($D59="","",IFERROR(INDEX('Schedule 1'!$K$76:$IX$76,MATCH($D59,'Schedule 1'!$K$70:$IX$70,0)),"")) | BW59: =IF($D59="","",IF(BS59='Helper 1'!$F$2,AN59,"")) | BY59: =IF($D59="","",IF(BS59='Helper 1'!$F$3,AN59,"")) | CA59: {=IF($D59="","",IF(BS59='Helper 1'!$F$2,IFERROR(INDEX('Schedule 2'!$K$41:$IX$41,MATCH($D59,'Schedule 2'!$K$29:$IX$29,0)+1),""),""))} | CC59: {=IF($D59="","",IF(BS59='Helper 1'!$F$3,IFERROR(INDEX('Schedule 2'!$K$41:$IX$41,MATCH($D59,'Schedule 2'!$K$29:$IX$29,0)+1),""),""))} | CE59: {=IF($D59="","",IF(BS59='Helper 1'!$F$2,IFERROR(INDEX('Schedule 2'!$K$43:$IX$43,MATCH($D59,'Schedule 2'!$K$29:$IX$29,0)+1),""),""))} | CG59: {=IF($D59="","",IF(BS59='Helper 1'!$F$3,IFERROR(INDEX('Schedule 2'!$K$43:$IX$43,MATCH($D59,'Schedule 2'!$K$29:$IX$29,0)+1),""),""))}
B60: ='Helper 1'!AE11 | D60: =IFERROR(INDEX('Helper 1'!$AA$2:$AA$51,MATCH(B60,'Helper 1'!$AD$2:$AD$51,0)),"") | G60: {=IF($D60="","",IFERROR(INDEX('Schedule 2'!$K$9:$IX$9,MATCH($D60,'Schedule 2'!$K$7:$IX$7,0)+1),""))} | I60: =IF(D60<>"",'Schedule 2'!$G$15,"") | K60: =IF(AND(G60<>"",I60<>""),ROUND(G60*I60,2),"") | N60: {=IF($D60="","",IFERROR(INDEX('Schedule 2'!$K$11:$IX$11,MATCH($D60,'Schedule 2'!$K$7:$IX$7,0)+1),""))} | P60: =IF($D60<>"",'Schedule 2'!$G$15,"") | R60: =IF(AND(N60<>"",P60<>""),ROUND(N60*P60,2),"") | V60: {=IF($D60="","",IFERROR(INDEX('Schedule 6'!$K$18:$IX$18,MATCH($D60,'Schedule 6'!$K$7:$IX$7,0)+1),""))} | X60: =IF($D60<>"",'Schedule 2'!$G$15,"") | Z60: =IF(AND(V60<>"",X60<>""),ROUND(V60*X60,2),"") | AC60: =IF($D60="","",G60+N60) | AE60: =IF($D60<>"",'Schedule 2'!$G$15,"") | AG60: =IF($D60="","",K60+R60) | AJ60: {=IF($D60="","",IFERROR(INDEX('Schedule 2'!$K$35:$IX$35,MATCH($D60,'Schedule 2'!$K$7:$IX$7,0)+1),""))} | AL60: =IF($D60<>"",'Schedule 2'!$G$15,"") | AN60: {=IF($D60="","",IFERROR(INDEX('Schedule 2'!$K$39:$IX$39,MATCH($D60,'Schedule 2'!$K$7:$IX$7,0)+1),""))} | AQ60: =IF($D60="","",ROUND(V60+AC60-AJ60,2)) | AS60: =IF($D60<>"",'Schedule 2'!$G$15,"") | AU60: =IF($D60="","",Z60+AG60-AN60) | AY60: {=IF($D60="","",IFERROR(INDEX('Schedule 3'!$K$26:$IX$26,MATCH($D60,'Schedule 3'!$K$24:$IX$24,0)+1),""))} | BA60: =IF($D60<>"",'Schedule 2'!$G$15,"") | BC60: =IF(AND(AY60<>"",BA60<>""),ROUND(AY60*BA60,2),"") | BE60: {=IF($D60="","",IFERROR(INDEX('Schedule 3'!$K$32:$IX$32,MATCH($D60,'Schedule 3'!$K$24:$IX$24,0)+1)+INDEX('Schedule 3'!$K$28:$IX$28,MATCH($D60,'Schedule 3'!$K$24:$IX$24,0)+1),""))} | BG60: =IF($D60<>"",'Schedule 2'!$G$15,"") | BI60: =IF(AND(BE60<>"",BG60<>""),ROUND(BE60*BG60,2),"") | BK60: {=IF($D60="","",IFERROR(INDEX('Schedule 3'!$K$34:$IX$34,MATCH($D60,'Schedule 3'!$K$24:$IX$24,0)+1),""))} | BM60: =IF($D60<>"",'Schedule 2'!$G$15,"") | BO60: =IF(AND(BK60<>"",BM60<>""),ROUND(BK60*BM60,2),"") | BS60: =IF($D60="","",IFERROR(INDEX('Schedule 1'!$K$76:$IX$76,MATCH($D60,'Schedule 1'!$K$70:$IX$70,0)),"")) | BW60: =IF($D60="","",IF(BS60='Helper 1'!$F$2,AN60,"")) | BY60: =IF($D60="","",IF(BS60='Helper 1'!$F$3,AN60,"")) | CA60: {=IF($D60="","",IF(BS60='Helper 1'!$F$2,IFERROR(INDEX('Schedule 2'!$K$41:$IX$41,MATCH($D60,'Schedule 2'!$K$29:$IX$29,0)+1),""),""))} | CC60: {=IF($D60="","",IF(BS60='Helper 1'!$F$3,IFERROR(INDEX('Schedule 2'!$K$41:$IX$41,MATCH($D60,'Schedule 2'!$K$29:$IX$29,0)+1),""),""))} | CE60: {=IF($D60="","",IF(BS60='Helper 1'!$F$2,IFERROR(INDEX('Schedule 2'!$K$43:$IX$43,MATCH($D60,'Schedule 2'!$K$29:$IX$29,0)+1),""),""))} | CG60: {=IF($D60="","",IF(BS60='Helper 1'!$F$3,IFERROR(INDEX('Schedule 2'!$K$43:$IX$43,MATCH($D60,'Schedule 2'!$K$29:$IX$29,0)+1),""),""))}
B61: ='Helper 1'!AE12 | D61: =IFERROR(INDEX('Helper 1'!$AA$2:$AA$51,MATCH(B61,'Helper 1'!$AD$2:$AD$51,0)),"") | G61: {=IF($D61="","",IFERROR(INDEX('Schedule 2'!$K$9:$IX$9,MATCH($D61,'Schedule 2'!$K$7:$IX$7,0)+1),""))} | I61: =IF(D61<>"",'Schedule 2'!$G$15,"") | K61: =IF(AND(G61<>"",I61<>""),ROUND(G61*I61,2),"") | N61: {=IF($D61="","",IFERROR(INDEX('Schedule 2'!$K$11:$IX$11,MATCH($D61,'Schedule 2'!$K$7:$IX$7,0)+1),""))} | P61: =IF($D61<>"",'Schedule 2'!$G$15,"") | R61: =IF(AND(N61<>"",P61<>""),ROUND(N61*P61,2),"") | V61: {=IF($D61="","",IFERROR(INDEX('Schedule 6'!$K$18:$IX$18,MATCH($D61,'Schedule 6'!$K$7:$IX$7,0)+1),""))} | X61: =IF($D61<>"",'Schedule 2'!$G$15,"") | Z61: =IF(AND(V61<>"",X61<>""),ROUND(V61*X61,2),"") | AC61: =IF($D61="","",G61+N61) | AE61: =IF($D61<>"",'Schedule 2'!$G$15,"") | AG61: =IF($D61="","",K61+R61) | AJ61: {=IF($D61="","",IFERROR(INDEX('Schedule 2'!$K$35:$IX$35,MATCH($D61,'Schedule 2'!$K$7:$IX$7,0)+1),""))} | AL61: =IF($D61<>"",'Schedule 2'!$G$15,"") | AN61: {=IF($D61="","",IFERROR(INDEX('Schedule 2'!$K$39:$IX$39,MATCH($D61,'Schedule 2'!$K$7:$IX$7,0)+1),""))} | AQ61: =IF($D61="","",ROUND(V61+AC61-AJ61,2)) | AS61: =IF($D61<>"",'Schedule 2'!$G$15,"") | AU61: =IF($D61="","",Z61+AG61-AN61) | AY61: {=IF($D61="","",IFERROR(INDEX('Schedule 3'!$K$26:$IX$26,MATCH($D61,'Schedule 3'!$K$24:$IX$24,0)+1),""))} | BA61: =IF($D61<>"",'Schedule 2'!$G$15,"") | BC61: =IF(AND(AY61<>"",BA61<>""),ROUND(AY61*BA61,2),"") | BE61: {=IF($D61="","",IFERROR(INDEX('Schedule 3'!$K$32:$IX$32,MATCH($D61,'Schedule 3'!$K$24:$IX$24,0)+1)+INDEX('Schedule 3'!$K$28:$IX$28,MATCH($D61,'Schedule 3'!$K$24:$IX$24,0)+1),""))} | BG61: =IF($D61<>"",'Schedule 2'!$G$15,"") | BI61: =IF(AND(BE61<>"",BG61<>""),ROUND(BE61*BG61,2),"") | BK61: {=IF($D61="","",IFERROR(INDEX('Schedule 3'!$K$34:$IX$34,MATCH($D61,'Schedule 3'!$K$24:$IX$24,0)+1),""))} | BM61: =IF($D61<>"",'Schedule 2'!$G$15,"") | BO61: =IF(AND(BK61<>"",BM61<>""),ROUND(BK61*BM61,2),"") | BS61: =IF($D61="","",IFERROR(INDEX('Schedule 1'!$K$76:$IX$76,MATCH($D61,'Schedule 1'!$K$70:$IX$70,0)),"")) | BW61: =IF($D61="","",IF(BS61='Helper 1'!$F$2,AN61,"")) | BY61: =IF($D61="","",IF(BS61='Helper 1'!$F$3,AN61,"")) | CA61: {=IF($D61="","",IF(BS61='Helper 1'!$F$2,IFERROR(INDEX('Schedule 2'!$K$41:$IX$41,MATCH($D61,'Schedule 2'!$K$29:$IX$29,0)+1),""),""))} | CC61: {=IF($D61="","",IF(BS61='Helper 1'!$F$3,IFERROR(INDEX('Schedule 2'!$K$41:$IX$41,MATCH($D61,'Schedule 2'!$K$29:$IX$29,0)+1),""),""))} | CE61: {=IF($D61="","",IF(BS61='Helper 1'!$F$2,IFERROR(INDEX('Schedule 2'!$K$43:$IX$43,MATCH($D61,'Schedule 2'!$K$29:$IX$29,0)+1),""),""))} | CG61: {=IF($D61="","",IF(BS61='Helper 1'!$F$3,IFERROR(INDEX('Schedule 2'!$K$43:$IX$43,MATCH($D61,'Schedule 2'!$K$29:$IX$29,0)+1),""),""))}
B62: ='Helper 1'!AE13 | D62: =IFERROR(INDEX('Helper 1'!$AA$2:$AA$51,MATCH(B62,'Helper 1'!$AD$2:$AD$51,0)),"") | G62: {=IF($D62="","",IFERROR(INDEX('Schedule 2'!$K$9:$IX$9,MATCH($D62,'Schedule 2'!$K$7:$IX$7,0)+1),""))} | I62: =IF(D62<>"",'Schedule 2'!$G$15,"") | K62: =IF(AND(G62<>"",I62<>""),ROUND(G62*I62,2),"") | N62: {=IF($D62="","",IFERROR(INDEX('Schedule 2'!$K$11:$IX$11,MATCH($D62,'Schedule 2'!$K$7:$IX$7,0)+1),""))} | P62: =IF($D62<>"",'Schedule 2'!$G$15,"") | R62: =IF(AND(N62<>"",P62<>""),ROUND(N62*P62,2),"") | V62: {=IF($D62="","",IFERROR(INDEX('Schedule 6'!$K$18:$IX$18,MATCH($D62,'Schedule 6'!$K$7:$IX$7,0)+1),""))} | X62: =IF($D62<>"",'Schedule 2'!$G$15,"") | Z62: =IF(AND(V62<>"",X62<>""),ROUND(V62*X62,2),"") | AC62: =IF($D62="","",G62+N62) | AE62: =IF($D62<>"",'Schedule 2'!$G$15,"") | AG62: =IF($D62="","",K62+R62) | AJ62: {=IF($D62="","",IFERROR(INDEX('Schedule 2'!$K$35:$IX$35,MATCH($D62,'Schedule 2'!$K$7:$IX$7,0)+1),""))} | AL62: =IF($D62<>"",'Schedule 2'!$G$15,"") | AN62: {=IF($D62="","",IFERROR(INDEX('Schedule 2'!$K$39:$IX$39,MATCH($D62,'Schedule 2'!$K$7:$IX$7,0)+1),""))} | AQ62: =IF($D62="","",ROUND(V62+AC62-AJ62,2)) | AS62: =IF($D62<>"",'Schedule 2'!$G$15,"") | AU62: =IF($D62="","",Z62+AG62-AN62) | AY62: {=IF($D62="","",IFERROR(INDEX('Schedule 3'!$K$26:$IX$26,MATCH($D62,'Schedule 3'!$K$24:$IX$24,0)+1),""))} | BA62: =IF($D62<>"",'Schedule 2'!$G$15,"") | BC62: =IF(AND(AY62<>"",BA62<>""),ROUND(AY62*BA62,2),"") | BE62: {=IF($D62="","",IFERROR(INDEX('Schedule 3'!$K$32:$IX$32,MATCH($D62,'Schedule 3'!$K$24:$IX$24,0)+1)+INDEX('Schedule 3'!$K$28:$IX$28,MATCH($D62,'Schedule 3'!$K$24:$IX$24,0)+1),""))} | BG62: =IF($D62<>"",'Schedule 2'!$G$15,"") | BI62: =IF(AND(BE62<>"",BG62<>""),ROUND(BE62*BG62,2),"") | BK62: {=IF($D62="","",IFERROR(INDEX('Schedule 3'!$K$34:$IX$34,MATCH($D62,'Schedule 3'!$K$24:$IX$24,0)+1),""))} | BM62: =IF($D62<>"",'Schedule 2'!$G$15,"") | BO62: =IF(AND(BK62<>"",BM62<>""),ROUND(BK62*BM62,2),"") | BS62: =IF($D62="","",IFERROR(INDEX('Schedule 1'!$K$76:$IX$76,MATCH($D62,'Schedule 1'!$K$70:$IX$70,0)),"")) | BW62: =IF($D62="","",IF(BS62='Helper 1'!$F$2,AN62,"")) | BY62: =IF($D62="","",IF(BS62='Helper 1'!$F$3,AN62,"")) | CA62: {=IF($D62="","",IF(BS62='Helper 1'!$F$2,IFERROR(INDEX('Schedule 2'!$K$41:$IX$41,MATCH($D62,'Schedule 2'!$K$29:$IX$29,0)+1),""),""))} | CC62: {=IF($D62="","",IF(BS62='Helper 1'!$F$3,IFERROR(INDEX('Schedule 2'!$K$41:$IX$41,MATCH($D62,'Schedule 2'!$K$29:$IX$29,0)+1),""),""))} | CE62: {=IF($D62="","",IF(BS62='Helper 1'!$F$2,IFERROR(INDEX('Schedule 2'!$K$43:$IX$43,MATCH($D62,'Schedule 2'!$K$29:$IX$29,0)+1),""),""))} | CG62: {=IF($D62="","",IF(BS62='Helper 1'!$F$3,IFERROR(INDEX('Schedule 2'!$K$43:$IX$43,MATCH($D62,'Schedule 2'!$K$29:$IX$29,0)+1),""),""))}
B63: ='Helper 1'!AE14 | D63: =IFERROR(INDEX('Helper 1'!$AA$2:$AA$51,MATCH(B63,'Helper 1'!$AD$2:$AD$51,0)),"") | G63: {=IF($D63="","",IFERROR(INDEX('Schedule 2'!$K$9:$IX$9,MATCH($D63,'Schedule 2'!$K$7:$IX$7,0)+1),""))} | I63: =IF(D63<>"",'Schedule 2'!$G$15,"") | K63: =IF(AND(G63<>"",I63<>""),ROUND(G63*I63,2),"") | N63: {=IF($D63="","",IFERROR(INDEX('Schedule 2'!$K$11:$IX$11,MATCH($D63,'Schedule 2'!$K$7:$IX$7,0)+1),""))} | P63: =IF($D63<>"",'Schedule 2'!$G$15,"") | R63: =IF(AND(N63<>"",P63<>""),ROUND(N63*P63,2),"") | V63: {=IF($D63="","",IFERROR(INDEX('Schedule 6'!$K$18:$IX$18,MATCH($D63,'Schedule 6'!$K$7:$IX$7,0)+1),""))} | X63: =IF($D63<>"",'Schedule 2'!$G$15,"") | Z63: =IF(AND(V63<>"",X63<>""),ROUND(V63*X63,2),"") | AC63: =IF($D63="","",G63+N63) | AE63: =IF($D63<>"",'Schedule 2'!$G$15,"") | AG63: =IF($D63="","",K63+R63) | AJ63: {=IF($D63="","",IFERROR(INDEX('Schedule 2'!$K$35:$IX$35,MATCH($D63,'Schedule 2'!$K$7:$IX$7,0)+1),""))} | AL63: =IF($D63<>"",'Schedule 2'!$G$15,"") | AN63: {=IF($D63="","",IFERROR(INDEX('Schedule 2'!$K$39:$IX$39,MATCH($D63,'Schedule 2'!$K$7:$IX$7,0)+1),""))} | AQ63: =IF($D63="","",ROUND(V63+AC63-AJ63,2)) | AS63: =IF($D63<>"",'Schedule 2'!$G$15,"") | AU63: =IF($D63="","",Z63+AG63-AN63) | AY63: {=IF($D63="","",IFERROR(INDEX('Schedule 3'!$K$26:$IX$26,MATCH($D63,'Schedule 3'!$K$24:$IX$24,0)+1),""))} | BA63: =IF($D63<>"",'Schedule 2'!$G$15,"") | BC63: =IF(AND(AY63<>"",BA63<>""),ROUND(AY63*BA63,2),"") | BE63: {=IF($D63="","",IFERROR(INDEX('Schedule 3'!$K$32:$IX$32,MATCH($D63,'Schedule 3'!$K$24:$IX$24,0)+1)+INDEX('Schedule 3'!$K$28:$IX$28,MATCH($D63,'Schedule 3'!$K$24:$IX$24,0)+1),""))} | BG63: =IF($D63<>"",'Schedule 2'!$G$15,"") | BI63: =IF(AND(BE63<>"",BG63<>""),ROUND(BE63*BG63,2),"") | BK63: {=IF($D63="","",IFERROR(INDEX('Schedule 3'!$K$34:$IX$34,MATCH($D63,'Schedule 3'!$K$24:$IX$24,0)+1),""))} | BM63: =IF($D63<>"",'Schedule 2'!$G$15,"") | BO63: =IF(AND(BK63<>"",BM63<>""),ROUND(BK63*BM63,2),"") | BS63: =IF($D63="","",IFERROR(INDEX('Schedule 1'!$K$76:$IX$76,MATCH($D63,'Schedule 1'!$K$70:$IX$70,0)),"")) | BW63: =IF($D63="","",IF(BS63='Helper 1'!$F$2,AN63,"")) | BY63: =IF($D63="","",IF(BS63='Helper 1'!$F$3,AN63,"")) | CA63: {=IF($D63="","",IF(BS63='Helper 1'!$F$2,IFERROR(INDEX('Schedule 2'!$K$41:$IX$41,MATCH($D63,'Schedule 2'!$K$29:$IX$29,0)+1),""),""))} | CC63: {=IF($D63="","",IF(BS63='Helper 1'!$F$3,IFERROR(INDEX('Schedule 2'!$K$41:$IX$41,MATCH($D63,'Schedule 2'!$K$29:$IX$29,0)+1),""),""))} | CE63: {=IF($D63="","",IF(BS63='Helper 1'!$F$2,IFERROR(INDEX('Schedule 2'!$K$43:$IX$43,MATCH($D63,'Schedule 2'!$K$29:$IX$29,0)+1),""),""))} | CG63: {=IF($D63="","",IF(BS63='Helper 1'!$F$3,IFERROR(INDEX('Schedule 2'!$K$43:$IX$43,MATCH($D63,'Schedule 2'!$K$29:$IX$29,0)+1),""),""))}
... B100: ='Helper 1'!AE51 | D100: =IFERROR(INDEX('Helper 1'!$AA$2:$AA$51,MATCH(B100,'Helper 1'!$AD$2:$AD$51,0)),"") | G100: {=IF($D100="","",IFERROR(INDEX('Schedule 2'!$K$9:$IX$9,MATCH($D100,'Schedule 2'!$K$7:$IX$7,0)+1),""))} | I100: =IF(D100<>"",'Schedule 2'!$G$15,"") | K100: =IF(AND(G100<>"",I100<>""),ROUND(G100*I100,2),"") | N100: {=IF($D100="","",IFERROR(INDEX('Schedule 2'!$K$11:$IX$11,MATCH($D100,'Schedule 2'!$K$7:$IX$7,0)+1),""))} | P100: =IF($D100<>"",'Schedule 2'!$G$15,"") | R100: =IF(AND(N100<>"",P100<>""),ROUND(N100*P100,2),"") | V100: {=IF($D100="","",IFERROR(INDEX('Schedule 6'!$K$18:$IX$18,MATCH($D100,'Schedule 6'!$K$7:$IX$7,0)+1),""))} | X100: =IF($D100<>"",'Schedule 2'!$G$15,"") | Z100: =IF(AND(V100<>"",X100<>""),ROUND(V100*X100,2),"") | AC100: =IF($D100="","",G100+N100) | AE100: =IF($D100<>"",'Schedule 2'!$G$15,"") | AG100: =IF($D100="","",K100+R100) | AJ100: {=IF($D100="","",IFERROR(INDEX('Schedule 2'!$K$35:$IX$35,MATCH($D100,'Schedule 2'!$K$7:$IX$7,0)+1),""))} | AL100: =IF($D100<>"",'Schedule 2'!$G$15,"") | AN100: {=IF($D100="","",IFERROR(INDEX('Schedule 2'!$K$39:$IX$39,MATCH($D100,'Schedule 2'!$K$7:$IX$7,0)+1),""))} | AQ100: =IF($D100="","",ROUND(V100+AC100-AJ100,2)) | AS100: =IF($D100<>"",'Schedule 2'!$G$15,"") | AU100: =IF($D100="","",Z100+AG100-AN100) | AY100: {=IF($D100="","",IFERROR(INDEX('Schedule 3'!$K$26:$IX$26,MATCH($D100,'Schedule 3'!$K$24:$IX$24,0)+1),""))} | BA100: =IF($D100<>"",'Schedule 2'!$G$15,"") | BC100: =IF(AND(AY100<>"",BA100<>""),ROUND(AY100*BA100,2),"") | BE100: {=IF($D100="","",IFERROR(INDEX('Schedule 3'!$K$32:$IX$32,MATCH($D100,'Schedule 3'!$K$24:$IX$24,0)+1)+INDEX('Schedule 3'!$K$28:$IX$28,MATCH($D100,'Schedule 3'!$K$24:$IX$24,0)+1),""))} | BG100: =IF($D100<>"",'Schedule 2'!$G$15,"") | BI100: =IF(AND(BE100<>"",BG100<>""),ROUND(BE100*BG100,2),"") | BK100: {=IF($D100="","",IFERROR(INDEX('Schedule 3'!$K$34:$IX$34,MATCH($D100,'Schedule 3'!$K$24:$IX$24,0)+1),""))} | BM100: =IF($D100<>"",'Schedule 2'!$G$15,"") | BO100: =IF(AND(BK100<>"",BM100<>""),ROUND(BK100*BM100,2),"") | BS100: =IF($D100="","",IFERROR(INDEX('Schedule 1'!$K$76:$IX$76,MATCH($D100,'Schedule 1'!$K$70:$IX$70,0)),"")) | BW100: =IF($D100="","",IF(BS100='Helper 1'!$F$2,AN100,"")) | BY100: =IF($D100="","",IF(BS100='Helper 1'!$F$3,AN100,"")) | CA100: {=IF($D100="","",IF(BS100='Helper 1'!$F$2,IFERROR(INDEX('Schedule 2'!$K$41:$IX$41,MATCH($D100,'Schedule 2'!$K$29:$IX$29,0)+1),""),""))} | CC100: {=IF($D100="","",IF(BS100='Helper 1'!$F$3,IFERROR(INDEX('Schedule 2'!$K$41:$IX$41,MATCH($D100,'Schedule 2'!$K$29:$IX$29,0)+1),""),""))} | CE100: {=IF($D100="","",IF(BS100='Helper 1'!$F$2,IFERROR(INDEX('Schedule 2'!$K$43:$IX$43,MATCH($D100,'Schedule 2'!$K$29:$IX$29,0)+1),""),""))} | CG100: {=IF($D100="","",IF(BS100='Helper 1'!$F$3,IFERROR(INDEX('Schedule 2'!$K$43:$IX$43,MATCH($D100,'Schedule 2'!$K$29:$IX$29,0)+1),""),""))}

Sheet Schedule 1
A1: TCB Return Schedules (Form S-201)
A2: Schedule 1: General Information
C5: Section A: Group information
C7: Section A should be completed with respect to the group which includes the Qualifying Bermuda Group for which the TCB return is being filed. | G7: Group
C9: S1A1 | D9: Name of the Ultimate Parent Entity ("UPE") of the group
C12: S1A2 | D12: Bermuda Tax Identification Number ("TIN") of the UPE, if applicable
C13: S1A3 | D13: DUNS number of the UPE (to the extent that the UPE is not a QBGE and has a DUNS number)
C15: S1A4 | D15: First day of the fiscal year of the group which includes the tax credit determination period for which the TCB return is being filed
C16: S1A5 | D16: Last day of the fiscal year of the group which includes the tax credit determination period for which the TCB return is being filed
C18: S1A6 | D18: Financial accounting standard used to prepare the financial statements of the group
C20: S1A7 | D20: Currency in which the financial statements of the group are presented
C21: S1A8 | D21: To the extent that "Other (FC)" is selected in item S1A7, provide a description of the relevant currency
C23: S1A9 | D23: To the extent that a currency other than "U.S. Dollar (USD)" or "Bermuda Dollar (BMD)" is selected in item S1A7, indicate the average
D24: foreign exchange rate (rounded to four decimal places) determined in accordance with section 34 with respect to:
D26: - the fiscal year described in items S1A4 and S1A5, to the extent that "Section 33" has not been selected in item S1B5; or
D27: - the period described in items S1B6 and S1B7, to the extent that "Section 33" has been selected in item S1B5,
D29: to be multiplied by non-U.S. dollar denominated tax credit benefit amounts for the purposes of conversion into U.S. dollars.
C32: Section B: Bermuda Group information
G34: Bermuda Group
C36: S1B1 | D36: Select whether this return is an original return or an amended return
C38: S1B2 | D38: Indicate whether this return is a final return
C40: S1B3 | D40: Indicate whether supplemental disclosures are being made with respect to this return (section 38(2)(b))
C42: S1B4 | D42: Group TIN assigned to the Bermuda Group for tax credit purposes
C44: S1B5 | D44: Indicate whether this return is being filed with respect to a tax credit determination period which represents only a portion
D45: of the fiscal year of the group described in items S1A4 and S1A5, pursuant to the application of section 33
D47: To the extent that "Section 33" has been selected in item S1B5, indicate the first and last day of the tax credit determination
D48: period resulting from the application of section 33.
C49: S1B6 | D49: First day of the tax credit determination period
C50: S1B7 | D50: Last day of the tax credit determination period
C52: S1B8 | D52: Indicate whether the Bermuda Group derived more than 50% of its aggregate gross revenues for the tax credit determination
D53: period from the following:
D55: - one or more Bermuda Entities which are registered as an insurer by the Bermuda Monetary Authority under the
D56: Insurance Act 1978 (section 6(2)(a))
D58: - allocations of gross revenues from investment holding entities to Bermuda Entities which are registered as an insurer
D59: by the Bermuda Monetary Authority (section 6(2)(b)(ii))
C61: S1B9 | D61: Based on the information provided in this schedule, does the Bermuda Group meet the requirements to be treated as a | G61: =IF(G52="","Complete item S1B8",IF(G52='Helper 1'!O3,"No (see section 6(2)(b) and item S1B8)",IF('Helper 1'!T2=0,"No (see section 6(2)(a) and item S1C5)","Yes"))) -> Complete item S1B8
D62: Qualifying Bermuda Group for the purposes of the substance-based tax credit? (section 6(2))
C66: Section C: Information regarding Bermuda Entity members of the Bermuda Group
L68: =IFERROR(INDEX('Helper 1'!$AD$2:$AD$251,MATCH(K70,'Helper 1'!$Z$2:$Z$251,0)),"") | Q68: =IFERROR(INDEX('Helper 1'!$AD$2:$AD$251,MATCH(P70,'Helper 1'!$Z$2:$Z$251,0)),"") | V68: =IFERROR(INDEX('Helper 1'!$AD$2:$AD$251,MATCH(U70,'Helper 1'!$Z$2:$Z$251,0)),"") | AA68: =IFERROR(INDEX('Helper 1'!$AD$2:$AD$251,MATCH(Z70,'Helper 1'!$Z$2:$Z$251,0)),"") | AF68: =IFERROR(INDEX('Helper 1'!$AD$2:$AD$251,MATCH(AE70,'Helper 1'!$Z$2:$Z$251,0)),"") | AK68: =IFERROR(INDEX('Helper 1'!$AD$2:$AD$251,MATCH(AJ70,'Helper 1'!$Z$2:$Z$251,0)),"") | AP68: =IFERROR(INDEX('Helper 1'!$AD$2:$AD$251,MATCH(AO70,'Helper 1'!$Z$2:$Z$251,0)),"") | AU68: =IFERROR(INDEX('Helper 1'!$AD$2:$AD$251,MATCH(AT70,'Helper 1'!$Z$2:$Z$251,0)),"") | AZ68: =IFERROR(INDEX('Helper 1'!$AD$2:$AD$251,MATCH(AY70,'Helper 1'!$Z$2:$Z$251,0)),"") | BE68: =IFERROR(INDEX('Helper 1'!$AD$2:$AD$251,MATCH(BD70,'Helper 1'!$Z$2:$Z$251,0)),"") | BJ68: =IFERROR(INDEX('Helper 1'!$AD$2:$AD$251,MATCH(BI70,'Helper 1'!$Z$2:$Z$251,0)),"") | BO68: =IFERROR(INDEX('Helper 1'!$AD$2:$AD$251,MATCH(BN70,'Helper 1'!$Z$2:$Z$251,0)),"") | BT68: =IFERROR(INDEX('Helper 1'!$AD$2:$AD$251,MATCH(BS70,'Helper 1'!$Z$2:$Z$251,0)),"") | BY68: =IFERROR(INDEX('Helper 1'!$AD$2:$AD$251,MATCH(BX70,'Helper 1'!$Z$2:$Z$251,0)),"") | CD68: =IFERROR(INDEX('Helper 1'!$AD$2:$AD$251,MATCH(CC70,'Helper 1'!$Z$2:$Z$251,0)),"") | CI68: =IFERROR(INDEX('Helper 1'!$AD$2:$AD$251,MATCH(CH70,'Helper 1'!$Z$2:$Z$251,0)),"") | CN68: =IFERROR(INDEX('Helper 1'!$AD$2:$AD$251,MATCH(CM70,'Helper 1'!$Z$2:$Z$251,0)),"") | CS68: =IFERROR(INDEX('Helper 1'!$AD$2:$AD$251,MATCH(CR70,'Helper 1'!$Z$2:$Z$251,0)),"") | CX68: =IFERROR(INDEX('Helper 1'!$AD$2:$AD$251,MATCH(CW70,'Helper 1'!$Z$2:$Z$251,0)),"") | DC68: =IFERROR(INDEX('Helper 1'!$AD$2:$AD$251,MATCH(DB70,'Helper 1'!$Z$2:$Z$251,0)),"") | DH68: =IFERROR(INDEX('Helper 1'!$AD$2:$AD$251,MATCH(DG70,'Helper 1'!$Z$2:$Z$251,0)),"") | DM68: =IFERROR(INDEX('Helper 1'!$AD$2:$AD$251,MATCH(DL70,'Helper 1'!$Z$2:$Z$251,0)),"") | DR68: =IFERROR(INDEX('Helper 1'!$AD$2:$AD$251,MATCH(DQ70,'Helper 1'!$Z$2:$Z$251,0)),"") | DW68: =IFERROR(INDEX('Helper 1'!$AD$2:$AD$251,MATCH(DV70,'Helper 1'!$Z$2:$Z$251,0)),"") | EB68: =IFERROR(INDEX('Helper 1'!$AD$2:$AD$251,MATCH(EA70,'Helper 1'!$Z$2:$Z$251,0)),"") | EG68: =IFERROR(INDEX('Helper 1'!$AD$2:$AD$251,MATCH(EF70,'Helper 1'!$Z$2:$Z$251,0)),"") | EL68: =IFERROR(INDEX('Helper 1'!$AD$2:$AD$251,MATCH(EK70,'Helper 1'!$Z$2:$Z$251,0)),"") | EQ68: =IFERROR(INDEX('Helper 1'!$AD$2:$AD$251,MATCH(EP70,'Helper 1'!$Z$2:$Z$251,0)),"") | EV68: =IFERROR(INDEX('Helper 1'!$AD$2:$AD$251,MATCH(EU70,'Helper 1'!$Z$2:$Z$251,0)),"") | FA68: =IFERROR(INDEX('Helper 1'!$AD$2:$AD$251,MATCH(EZ70,'Helper 1'!$Z$2:$Z$251,0)),"") | FF68: =IFERROR(INDEX('Helper 1'!$AD$2:$AD$251,MATCH(FE70,'Helper 1'!$Z$2:$Z$251,0)),"") | FK68: =IFERROR(INDEX('Helper 1'!$AD$2:$AD$251,MATCH(FJ70,'Helper 1'!$Z$2:$Z$251,0)),"") | FP68: =IFERROR(INDEX('Helper 1'!$AD$2:$AD$251,MATCH(FO70,'Helper 1'!$Z$2:$Z$251,0)),"") | FU68: =IFERROR(INDEX('Helper 1'!$AD$2:$AD$251,MATCH(FT70,'Helper 1'!$Z$2:$Z$251,0)),"") | FZ68: =IFERROR(INDEX('Helper 1'!$AD$2:$AD$251,MATCH(FY70,'Helper 1'!$Z$2:$Z$251,0)),"") | GE68: =IFERROR(INDEX('Helper 1'!$AD$2:$AD$251,MATCH(GD70,'Helper 1'!$Z$2:$Z$251,0)),"") | GJ68: =IFERROR(INDEX('Helper 1'!$AD$2:$AD$251,MATCH(GI70,'Helper 1'!$Z$2:$Z$251,0)),"") | GO68: =IFERROR(INDEX('Helper 1'!$AD$2:$AD$251,MATCH(GN70,'Helper 1'!$Z$2:$Z$251,0)),"") | GT68: =IFERROR(INDEX('Helper 1'!$AD$2:$AD$251,MATCH(GS70,'Helper 1'!$Z$2:$Z$251,0)),"") | GY68: =IFERROR(INDEX('Helper 1'!$AD$2:$AD$251,MATCH(GX70,'Helper 1'!$Z$2:$Z$251,0)),"") | HD68: =IFERROR(INDEX('Helper 1'!$AD$2:$AD$251,MATCH(HC70,'Helper 1'!$Z$2:$Z$251,0)),"") | HI68: =IFERROR(INDEX('Helper 1'!$AD$2:$AD$251,MATCH(HH70,'Helper 1'!$Z$2:$Z$251,0)),"") | HN68: =IFERROR(INDEX('Helper 1'!$AD$2:$AD$251,MATCH(HM70,'Helper 1'!$Z$2:$Z$251,0)),"") | HS68: =IFERROR(INDEX('Helper 1'!$AD$2:$AD$251,MATCH(HR70,'Helper 1'!$Z$2:$Z$251,0)),"") | HX68: =IFERROR(INDEX('Helper 1'!$AD$2:$AD$251,MATCH(HW70,'Helper 1'!$Z$2:$Z$251,0)),"") | IC68: =IFERROR(INDEX('Helper 1'!$AD$2:$AD$251,MATCH(IB70,'Helper 1'!$Z$2:$Z$251,0)),"") | IH68: =IFERROR(INDEX('Helper 1'!$AD$2:$AD$251,MATCH(IG70,'Helper 1'!$Z$2:$Z$251,0)),"") | IM68: =IFERROR(INDEX('Helper 1'!$AD$2:$AD$251,MATCH(IL70,'Helper 1'!$Z$2:$Z$251,0)),"") | IR68: =IFERROR(INDEX('Helper 1'!$AD$2:$AD$251,MATCH(IQ70,'Helper 1'!$Z$2:$Z$251,0)),"") | IW68: =IFERROR(INDEX('Helper 1'!$AD$2:$AD$251,MATCH(IV70,'Helper 1'!$Z$2:$Z$251,0)),"")
C70: S1C1 | D70: Name of the Bermuda Entity
C72: S1C2 | D72: Bermuda TIN of the Bermuda Entity
C74: S1C3 | D74: Indicate whether the Bermuda Entity is an entity or a Bermuda Permanent Establishment ("PE")
C76: S1C4 | D76: Indicate whether the Bermuda Entity is a Qualifying Bermuda Group BCE or a Qualifying Bermuda Group NBCE
C78: S1C5 | D78: Indicate whether the Bermuda Entity is registered as an insurer by the Bermuda Monetary Authority under the Insurance Act 1978 (section 6(2)(a))
C80: S1C6 | D80: Indicate whether section 22(3)(a) applies to the QBGE for the tax credit determination period described in items S1B6 and S1B7. If so, the benefit period
D81: allocations of the QBGE's opening tax credit carryforward shall be determined in accordance with section 22(5) (see Schedule 6, Section A, Part 2).
C83: S1C7 | D83: Indicate the employer account number (if any) assigned to the Bermuda Entity for Bermuda payroll tax purposes
C87: Section D: Elections relevant to the determination of tax credit benefits
G89: Bermuda Group | K89: =IF(K70<>"",K70,"") | P89: =IF(P70<>"",P70,"") | U89: =IF(U70<>"",U70,"") | Z89: =IF(Z70<>"",Z70,"") | AE89: =IF(AE70<>"",AE70,"") | AJ89: =IF(AJ70<>"",AJ70,"") | AO89: =IF(AO70<>"",AO70,"") | AT89: =IF(AT70<>"",AT70,"") | AY89: =IF(AY70<>"",AY70,"") | BD89: =IF(BD70<>"",BD70,"") | BI89: =IF(BI70<>"",BI70,"") | BN89: =IF(BN70<>"",BN70,"") | BS89: =IF(BS70<>"",BS70,"") | BX89: =IF(BX70<>"",BX70,"") | CC89: =IF(CC70<>"",CC70,"") | CH89: =IF(CH70<>"",CH70,"") | CM89: =IF(CM70<>"",CM70,"") | CR89: =IF(CR70<>"",CR70,"") | CW89: =IF(CW70<>"",CW70,"") | DB89: =IF(DB70<>"",DB70,"") | DG89: =IF(DG70<>"",DG70,"") | DL89: =IF(DL70<>"",DL70,"") | DQ89: =IF(DQ70<>"",DQ70,"") | DV89: =IF(DV70<>"",DV70,"") | EA89: =IF(EA70<>"",EA70,"") | EF89: =IF(EF70<>"",EF70,"") | EK89: =IF(EK70<>"",EK70,"") | EP89: =IF(EP70<>"",EP70,"") | EU89: =IF(EU70<>"",EU70,"") | EZ89: =IF(EZ70<>"",EZ70,"") | FE89: =IF(FE70<>"",FE70,"") | FJ89: =IF(FJ70<>"",FJ70,"") | FO89: =IF(FO70<>"",FO70,"") | FT89: =IF(FT70<>"",FT70,"") | FY89: =IF(FY70<>"",FY70,"") | GD89: =IF(GD70<>"",GD70,"") | GI89: =IF(GI70<>"",GI70,"") | GN89: =IF(GN70<>"",GN70,"") | GS89: =IF(GS70<>"",GS70,"") | GX89: =IF(GX70<>"",GX70,"") | HC89: =IF(HC70<>"",HC70,"") | HH89: =IF(HH70<>"",HH70,"") | HM89: =IF(HM70<>"",HM70,"") | HR89: =IF(HR70<>"",HR70,"") | HW89: =IF(HW70<>"",HW70,"") | IB89: =IF(IB70<>"",IB70,"") | IG89: =IF(IG70<>"",IG70,"") | IL89: =IF(IL70<>"",IL70,"") | IQ89: =IF(IQ70<>"",IQ70,"") | IV89: =IF(IV70<>"",IV70,"")
C91: E1 | D91: Election to disregard, in whole or in part, the eligible payroll expenses of the QBGE (section 8(3))
C93: E2 | D93: Election to adjust the payroll expenses of the QBGE with respect to capitalised expenditures (section 9(2))
C95: E3 | D95: Election to disregard one or more eligible employees for the purposes of determining the headcount factor (section 16(6))
C97: E4 | D97: Election to utilise a Bermuda employment and training factor of 100% for the tax credit determination period (section 17(3)(a))
C99: E5 | D99: Election to utilise a training percentage of 0% for the tax credit determination period (section 17(3)(b))
C101: E6 | D101: Election to disregard, in whole or in part, expenses of the QBGE for the purposes of determining eligible Bermuda expenses
D102: (section 19(2)(c))
C104: E7 | D104: Election to disregard actual business premises expenses incurred by the QBGE, and to determine business premises
D105: expenses based on square footage of the business premises (section 19(3)(c))
C107: E8 | D107: Election to adjust the eligible service expenses of the QBGE with respect to capitalised expenditures (section 19(5)(b)(iii))
C109: E9 | D109: Election to disregard, in whole or in part, the charitable expenses of the QBGE (section 28(2)(c)(iv))

Sheet Schedule 2
A1: TCB Return Schedules (Form S-201)
A2: Schedule 2: Tax Credit Summary
L3: =IF('Schedule 1'!L68<>"",'Schedule 1'!L68,"") | Q3: =IF('Schedule 1'!Q68<>"",'Schedule 1'!Q68,"") | V3: =IF('Schedule 1'!V68<>"",'Schedule 1'!V68,"") | AA3: =IF('Schedule 1'!AA68<>"",'Schedule 1'!AA68,"") | AF3: =IF('Schedule 1'!AF68<>"",'Schedule 1'!AF68,"") | AK3: =IF('Schedule 1'!AK68<>"",'Schedule 1'!AK68,"") | AP3: =IF('Schedule 1'!AP68<>"",'Schedule 1'!AP68,"") | AU3: =IF('Schedule 1'!AU68<>"",'Schedule 1'!AU68,"") | AZ3: =IF('Schedule 1'!AZ68<>"",'Schedule 1'!AZ68,"") | BE3: =IF('Schedule 1'!BE68<>"",'Schedule 1'!BE68,"") | BJ3: =IF('Schedule 1'!BJ68<>"",'Schedule 1'!BJ68,"") | BO3: =IF('Schedule 1'!BO68<>"",'Schedule 1'!BO68,"") | BT3: =IF('Schedule 1'!BT68<>"",'Schedule 1'!BT68,"") | BY3: =IF('Schedule 1'!BY68<>"",'Schedule 1'!BY68,"") | CD3: =IF('Schedule 1'!CD68<>"",'Schedule 1'!CD68,"") | CI3: =IF('Schedule 1'!CI68<>"",'Schedule 1'!CI68,"") | CN3: =IF('Schedule 1'!CN68<>"",'Schedule 1'!CN68,"") | CS3: =IF('Schedule 1'!CS68<>"",'Schedule 1'!CS68,"") | CX3: =IF('Schedule 1'!CX68<>"",'Schedule 1'!CX68,"") | DC3: =IF('Schedule 1'!DC68<>"",'Schedule 1'!DC68,"") | DH3: =IF('Schedule 1'!DH68<>"",'Schedule 1'!DH68,"") | DM3: =IF('Schedule 1'!DM68<>"",'Schedule 1'!DM68,"") | DR3: =IF('Schedule 1'!DR68<>"",'Schedule 1'!DR68,"") | DW3: =IF('Schedule 1'!DW68<>"",'Schedule 1'!DW68,"") | EB3: =IF('Schedule 1'!EB68<>"",'Schedule 1'!EB68,"") | EG3: =IF('Schedule 1'!EG68<>"",'Schedule 1'!EG68,"") | EL3: =IF('Schedule 1'!EL68<>"",'Schedule 1'!EL68,"") | EQ3: =IF('Schedule 1'!EQ68<>"",'Schedule 1'!EQ68,"") | EV3: =IF('Schedule 1'!EV68<>"",'Schedule 1'!EV68,"") | FA3: =IF('Schedule 1'!FA68<>"",'Schedule 1'!FA68,"") | FF3: =IF('Schedule 1'!FF68<>"",'Schedule 1'!FF68,"") | FK3: =IF('Schedule 1'!FK68<>"",'Schedule 1'!FK68,"") | FP3: =IF('Schedule 1'!FP68<>"",'Schedule 1'!FP68,"") | FU3: =IF('Schedule 1'!FU68<>"",'Schedule 1'!FU68,"") | FZ3: =IF('Schedule 1'!FZ68<>"",'Schedule 1'!FZ68,"") | GE3: =IF('Schedule 1'!GE68<>"",'Schedule 1'!GE68,"") | GJ3: =IF('Schedule 1'!GJ68<>"",'Schedule 1'!GJ68,"") | GO3: =IF('Schedule 1'!GO68<>"",'Schedule 1'!GO68,"") | GT3: =IF('Schedule 1'!GT68<>"",'Schedule 1'!GT68,"") | GY3: =IF('Schedule 1'!GY68<>"",'Schedule 1'!GY68,"") | HD3: =IF('Schedule 1'!HD68<>"",'Schedule 1'!HD68,"") | HI3: =IF('Schedule 1'!HI68<>"",'Schedule 1'!HI68,"") | HN3: =IF('Schedule 1'!HN68<>"",'Schedule 1'!HN68,"") | HS3: =IF('Schedule 1'!HS68<>"",'Schedule 1'!HS68,"") | HX3: =IF('Schedule 1'!HX68<>"",'Schedule 1'!HX68,"") | IC3: =IF('Schedule 1'!IC68<>"",'Schedule 1'!IC68,"") | IH3: =IF('Schedule 1'!IH68<>"",'Schedule 1'!IH68,"") | IM3: =IF('Schedule 1'!IM68<>"",'Schedule 1'!IM68,"") | IR3: =IF('Schedule 1'!IR68<>"",'Schedule 1'!IR68,"") | IW3: =IF('Schedule 1'!IW68<>"",'Schedule 1'!IW68,"")
C5: Section A: Accrued tax credit benefits
G7: Qualifying Bermuda Group | K7: =IF('Schedule 1'!K70<>"",'Schedule 1'!K70,"") | P7: =IF('Schedule 1'!P70<>"",'Schedule 1'!P70,"") | U7: =IF('Schedule 1'!U70<>"",'Schedule 1'!U70,"") | Z7: =IF('Schedule 1'!Z70<>"",'Schedule 1'!Z70,"") | AE7: =IF('Schedule 1'!AE70<>"",'Schedule 1'!AE70,"") | AJ7: =IF('Schedule 1'!AJ70<>"",'Schedule 1'!AJ70,"") | AO7: =IF('Schedule 1'!AO70<>"",'Schedule 1'!AO70,"") | AT7: =IF('Schedule 1'!AT70<>"",'Schedule 1'!AT70,"") | AY7: =IF('Schedule 1'!AY70<>"",'Schedule 1'!AY70,"") | BD7: =IF('Schedule 1'!BD70<>"",'Schedule 1'!BD70,"") | BI7: =IF('Schedule 1'!BI70<>"",'Schedule 1'!BI70,"") | BN7: =IF('Schedule 1'!BN70<>"",'Schedule 1'!BN70,"") | BS7: =IF('Schedule 1'!BS70<>"",'Schedule 1'!BS70,"") | BX7: =IF('Schedule 1'!BX70<>"",'Schedule 1'!BX70,"") | CC7: =IF('Schedule 1'!CC70<>"",'Schedule 1'!CC70,"") | CH7: =IF('Schedule 1'!CH70<>"",'Schedule 1'!CH70,"") | CM7: =IF('Schedule 1'!CM70<>"",'Schedule 1'!CM70,"") | CR7: =IF('Schedule 1'!CR70<>"",'Schedule 1'!CR70,"") | CW7: =IF('Schedule 1'!CW70<>"",'Schedule 1'!CW70,"") | DB7: =IF('Schedule 1'!DB70<>"",'Schedule 1'!DB70,"") | DG7: =IF('Schedule 1'!DG70<>"",'Schedule 1'!DG70,"") | DL7: =IF('Schedule 1'!DL70<>"",'Schedule 1'!DL70,"") | DQ7: =IF('Schedule 1'!DQ70<>"",'Schedule 1'!DQ70,"") | DV7: =IF('Schedule 1'!DV70<>"",'Schedule 1'!DV70,"") | EA7: =IF('Schedule 1'!EA70<>"",'Schedule 1'!EA70,"") | EF7: =IF('Schedule 1'!EF70<>"",'Schedule 1'!EF70,"") | EK7: =IF('Schedule 1'!EK70<>"",'Schedule 1'!EK70,"") | EP7: =IF('Schedule 1'!EP70<>"",'Schedule 1'!EP70,"") | EU7: =IF('Schedule 1'!EU70<>"",'Schedule 1'!EU70,"") | EZ7: =IF('Schedule 1'!EZ70<>"",'Schedule 1'!EZ70,"") | FE7: =IF('Schedule 1'!FE70<>"",'Schedule 1'!FE70,"") | FJ7: =IF('Schedule 1'!FJ70<>"",'Schedule 1'!FJ70,"") | FO7: =IF('Schedule 1'!FO70<>"",'Schedule 1'!FO70,"") | FT7: =IF('Schedule 1'!FT70<>"",'Schedule 1'!FT70,"") | FY7: =IF('Schedule 1'!FY70<>"",'Schedule 1'!FY70,"") | GD7: =IF('Schedule 1'!GD70<>"",'Schedule 1'!GD70,"") | GI7: =IF('Schedule 1'!GI70<>"",'Schedule 1'!GI70,"") | GN7: =IF('Schedule 1'!GN70<>"",'Schedule 1'!GN70,"") | GS7: =IF('Schedule 1'!GS70<>"",'Schedule 1'!GS70,"") | GX7: =IF('Schedule 1'!GX70<>"",'Schedule 1'!GX70,"") | HC7: =IF('Schedule 1'!HC70<>"",'Schedule 1'!HC70,"") | HH7: =IF('Schedule 1'!HH70<>"",'Schedule 1'!HH70,"") | HM7: =IF('Schedule 1'!HM70<>"",'Schedule 1'!HM70,"") | HR7: =IF('Schedule 1'!HR70<>"",'Schedule 1'!HR70,"") | HW7: =IF('Schedule 1'!HW70<>"",'Schedule 1'!HW70,"") | IB7: =IF('Schedule 1'!IB70<>"",'Schedule 1'!IB70,"") | IG7: =IF('Schedule 1'!IG70<>"",'Schedule 1'!IG70,"") | IL7: =IF('Schedule 1'!IL70<>"",'Schedule 1'!IL70,"") | IQ7: =IF('Schedule 1'!IQ70<>"",'Schedule 1'!IQ70,"") | IV7: =IF('Schedule 1'!IV70<>"",'Schedule 1'!IV70,"")
C9: S2A1 | D9: Job-based benefit component (from item S4A3) | F9: =IFERROR(INDEX('Helper 1'!$I$2:$I$19,MATCH('Schedule 1'!$G$20,'Helper 1'!$H$2:$H$19,0)),"") | G9: =SUM(L9:ALS9) -> 0 | L9: ='Schedule 4'!L13 -> 0 | Q9: ='Schedule 4'!Q13 -> 0 | V9: ='Schedule 4'!V13 -> 0 | AA9: ='Schedule 4'!AA13 -> 0 | AF9: ='Schedule 4'!AF13 -> 0 | AK9: ='Schedule 4'!AK13 -> 0 | AP9: ='Schedule 4'!AP13 -> 0 | AU9: ='Schedule 4'!AU13 -> 0 | AZ9: ='Schedule 4'!AZ13 -> 0 | BE9: ='Schedule 4'!BE13 -> 0 | BJ9: ='Schedule 4'!BJ13 -> 0 | BO9: ='Schedule 4'!BO13 -> 0 | BT9: ='Schedule 4'!BT13 -> 0 | BY9: ='Schedule 4'!BY13 -> 0 | CD9: ='Schedule 4'!CD13 -> 0 | CI9: ='Schedule 4'!CI13 -> 0 | CN9: ='Schedule 4'!CN13 -> 0 | CS9: ='Schedule 4'!CS13 -> 0 | CX9: ='Schedule 4'!CX13 -> 0 | DC9: ='Schedule 4'!DC13 -> 0 | DH9: ='Schedule 4'!DH13 -> 0 | DM9: ='Schedule 4'!DM13 -> 0 | DR9: ='Schedule 4'!DR13 -> 0 | DW9: ='Schedule 4'!DW13 -> 0 | EB9: ='Schedule 4'!EB13 -> 0 | EG9: ='Schedule 4'!EG13 -> 0 | EL9: ='Schedule 4'!EL13 -> 0 | EQ9: ='Schedule 4'!EQ13 -> 0 | EV9: ='Schedule 4'!EV13 -> 0 | FA9: ='Schedule 4'!FA13 -> 0 | FF9: ='Schedule 4'!FF13 -> 0 | FK9: ='Schedule 4'!FK13 -> 0 | FP9: ='Schedule 4'!FP13 -> 0 | FU9: ='Schedule 4'!FU13 -> 0 | FZ9: ='Schedule 4'!FZ13 -> 0 | GE9: ='Schedule 4'!GE13 -> 0 | GJ9: ='Schedule 4'!GJ13 -> 0 | GO9: ='Schedule 4'!GO13 -> 0 | GT9: ='Schedule 4'!GT13 -> 0 | GY9: ='Schedule 4'!GY13 -> 0 | HD9: ='Schedule 4'!HD13 -> 0 | HI9: ='Schedule 4'!HI13 -> 0 | HN9: ='Schedule 4'!HN13 -> 0 | HS9: ='Schedule 4'!HS13 -> 0 | HX9: ='Schedule 4'!HX13 -> 0 | IC9: ='Schedule 4'!IC13 -> 0 | IH9: ='Schedule 4'!IH13 -> 0 | IM9: ='Schedule 4'!IM13 -> 0 | IR9: ='Schedule 4'!IR13 -> 0 | IW9: ='Schedule 4'!IW13 -> 0
C11: S2A2 | D11: Expense-based benefit component (from item S5A3) | F11: =IFERROR(INDEX('Helper 1'!$I$2:$I$19,MATCH('Schedule 1'!$G$20,'Helper 1'!$H$2:$H$19,0)),"") | G11: =SUM(L11:ALS11) -> 0 | L11: ='Schedule 5'!L13 -> 0 | Q11: ='Schedule 5'!Q13 -> 0 | V11: ='Schedule 5'!V13 -> 0 | AA11: ='Schedule 5'!AA13 -> 0 | AF11: ='Schedule 5'!AF13 -> 0 | AK11: ='Schedule 5'!AK13 -> 0 | AP11: ='Schedule 5'!AP13 -> 0 | AU11: ='Schedule 5'!AU13 -> 0 | AZ11: ='Schedule 5'!AZ13 -> 0 | BE11: ='Schedule 5'!BE13 -> 0 | BJ11: ='Schedule 5'!BJ13 -> 0 | BO11: ='Schedule 5'!BO13 -> 0 | BT11: ='Schedule 5'!BT13 -> 0 | BY11: ='Schedule 5'!BY13 -> 0 | CD11: ='Schedule 5'!CD13 -> 0 | CI11: ='Schedule 5'!CI13 -> 0 | CN11: ='Schedule 5'!CN13 -> 0 | CS11: ='Schedule 5'!CS13 -> 0 | CX11: ='Schedule 5'!CX13 -> 0 | DC11: ='Schedule 5'!DC13 -> 0 | DH11: ='Schedule 5'!DH13 -> 0 | DM11: ='Schedule 5'!DM13 -> 0 | DR11: ='Schedule 5'!DR13 -> 0 | DW11: ='Schedule 5'!DW13 -> 0 | EB11: ='Schedule 5'!EB13 -> 0 | EG11: ='Schedule 5'!EG13 -> 0 | EL11: ='Schedule 5'!EL13 -> 0 | EQ11: ='Schedule 5'!EQ13 -> 0 | EV11: ='Schedule 5'!EV13 -> 0 | FA11: ='Schedule 5'!FA13 -> 0 | FF11: ='Schedule 5'!FF13 -> 0 | FK11: ='Schedule 5'!FK13 -> 0 | FP11: ='Schedule 5'!FP13 -> 0 | FU11: ='Schedule 5'!FU13 -> 0 | FZ11: ='Schedule 5'!FZ13 -> 0 | GE11: ='Schedule 5'!GE13 -> 0 | GJ11: ='Schedule 5'!GJ13 -> 0 | GO11: ='Schedule 5'!GO13 -> 0 | GT11: ='Schedule 5'!GT13 -> 0 | GY11: ='Schedule 5'!GY13 -> 0 | HD11: ='Schedule 5'!HD13 -> 0 | HI11: ='Schedule 5'!HI13 -> 0 | HN11: ='Schedule 5'!HN13 -> 0 | HS11: ='Schedule 5'!HS13 -> 0 | HX11: ='Schedule 5'!HX13 -> 0 | IC11: ='Schedule 5'!IC13 -> 0 | IH11: ='Schedule 5'!IH13 -> 0 | IM11: ='Schedule 5'!IM13 -> 0 | IR11: ='Schedule 5'!IR13 -> 0 | IW11: ='Schedule 5'!IW13 -> 0
C13: S2A3 | D13: Accrued substance-based tax credit benefit (section 6(1)) | F13: =IFERROR(INDEX('Helper 1'!$I$2:$I$19,MATCH('Schedule 1'!$G$20,'Helper 1'!$H$2:$H$19,0)),"") | G13: =SUM(L13:ALS13) -> 0 | L13: =SUM(L9,L11) -> 0 | Q13: =SUM(Q9,Q11) -> 0 | V13: =SUM(V9,V11) -> 0 | AA13: =SUM(AA9,AA11) -> 0 | AF13: =SUM(AF9,AF11) -> 0 | AK13: =SUM(AK9,AK11) -> 0 | AP13: =SUM(AP9,AP11) -> 0 | AU13: =SUM(AU9,AU11) -> 0 | AZ13: =SUM(AZ9,AZ11) -> 0 | BE13: =SUM(BE9,BE11) -> 0 | BJ13: =SUM(BJ9,BJ11) -> 0 | BO13: =SUM(BO9,BO11) -> 0 | BT13: =SUM(BT9,BT11) -> 0 | BY13: =SUM(BY9,BY11) -> 0 | CD13: =SUM(CD9,CD11) -> 0 | CI13: =SUM(CI9,CI11) -> 0 | CN13: =SUM(CN9,CN11) -> 0 | CS13: =SUM(CS9,CS11) -> 0 | CX13: =SUM(CX9,CX11) -> 0 | DC13: =SUM(DC9,DC11) -> 0 | DH13: =SUM(DH9,DH11) -> 0 | DM13: =SUM(DM9,DM11) -> 0 | DR13: =SUM(DR9,DR11) -> 0 | DW13: =SUM(DW9,DW11) -> 0 | EB13: =SUM(EB9,EB11) -> 0 | EG13: =SUM(EG9,EG11) -> 0 | EL13: =SUM(EL9,EL11) -> 0 | EQ13: =SUM(EQ9,EQ11) -> 0 | EV13: =SUM(EV9,EV11) -> 0 | FA13: =SUM(FA9,FA11) -> 0 | FF13: =SUM(FF9,FF11) -> 0 | FK13: =SUM(FK9,FK11) -> 0 | FP13: =SUM(FP9,FP11) -> 0 | FU13: =SUM(FU9,FU11) -> 0 | FZ13: =SUM(FZ9,FZ11) -> 0 | GE13: =SUM(GE9,GE11) -> 0 | GJ13: =SUM(GJ9,GJ11) -> 0 | GO13: =SUM(GO9,GO11) -> 0 | GT13: =SUM(GT9,GT11) -> 0 | GY13: =SUM(GY9,GY11) -> 0 | HD13: =SUM(HD9,HD11) -> 0 | HI13: =SUM(HI9,HI11) -> 0 | HN13: =SUM(HN9,HN11) -> 0 | HS13: =SUM(HS9,HS11) -> 0 | HX13: =SUM(HX9,HX11) -> 0 | IC13: =SUM(IC9,IC11) -> 0 | IH13: =SUM(IH9,IH11) -> 0 | IM13: =SUM(IM9,IM11) -> 0 | IR13: =SUM(IR9,IR11) -> 0 | IW13: =SUM(IW9,IW11) -> 0
F14: =IF(G13<>0,IF('Schedule 1'!$G$20="","Complete item S1A7",IF(OR('Schedule 1'!$G$20='Helper 1'!$H$2,'Schedule 1'!$G$20='Helper 1'!$H$3),"",IF('Schedule 1'!$G$23="","Complete item S1A9",""))),"") | K14: =IF($F14<>"",$F14,"") | P14: =IF($F14<>"",$F14,"") | U14: =IF($F14<>"",$F14,"") | Z14: =IF($F14<>"",$F14,"") | AE14: =IF($F14<>"",$F14,"") | AJ14: =IF($F14<>"",$F14,"") | AO14: =IF($F14<>"",$F14,"") | AT14: =IF($F14<>"",$F14,"") | AY14: =IF($F14<>"",$F14,"") | BD14: =IF($F14<>"",$F14,"") | BI14: =IF($F14<>"",$F14,"") | BN14: =IF($F14<>"",$F14,"") | BS14: =IF($F14<>"",$F14,"") | BX14: =IF($F14<>"",$F14,"") | CC14: =IF($F14<>"",$F14,"") | CH14: =IF($F14<>"",$F14,"") | CM14: =IF($F14<>"",$F14,"") | CR14: =IF($F14<>"",$F14,"") | CW14: =IF($F14<>"",$F14,"") | DB14: =IF($F14<>"",$F14,"") | DG14: =IF($F14<>"",$F14,"") | DL14: =IF($F14<>"",$F14,"") | DQ14: =IF($F14<>"",$F14,"") | DV14: =IF($F14<>"",$F14,"") | EA14: =IF($F14<>"",$F14,"") | EF14: =IF($F14<>"",$F14,"") | EK14: =IF($F14<>"",$F14,"") | EP14: =IF($F14<>"",$F14,"") | EU14: =IF($F14<>"",$F14,"") | EZ14: =IF($F14<>"",$F14,"") | FE14: =IF($F14<>"",$F14,"") | FJ14: =IF($F14<>"",$F14,"") | FO14: =IF($F14<>"",$F14,"") | FT14: =IF($F14<>"",$F14,"") | FY14: =IF($F14<>"",$F14,"") | GD14: =IF($F14<>"",$F14,"") | GI14: =IF($F14<>"",$F14,"") | GN14: =IF($F14<>"",$F14,"") | GS14: =IF($F14<>"",$F14,"") | GX14: =IF($F14<>"",$F14,"") | HC14: =IF($F14<>"",$F14,"") | HH14: =IF($F14<>"",$F14,"") | HM14: =IF($F14<>"",$F14,"") | HR14: =IF($F14<>"",$F14,"") | HW14: =IF($F14<>"",$F14,"") | IB14: =IF($F14<>"",$F14,"") | IG14: =IF($F14<>"",$F14,"") | IL14: =IF($F14<>"",$F14,"") | IQ14: =IF($F14<>"",$F14,"") | IV14: =IF($F14<>"",$F14,"")
C15: S2A4 | D15: =IF(OR('Schedule 1'!G20='Helper 1'!H2,'Schedule 1'!G20='Helper 1'!H3),"Average foreign exchange rate for the tax credit determination period","Average foreign exchange rate for the tax credit determination period (from item S1A9)") -> Average foreign exchange rate for the tax credit determination period (from item S1A9) | G15: =IF(OR('Schedule 1'!G20='Helper 1'!H2,'Schedule 1'!G20='Helper 1'!H3),1,IF(F14<>"","",'Schedule 1'!G23)) -> 0 | L15: =$G$15 -> 0 | Q15: =$G$15 -> 0 | V15: =$G$15 -> 0 | AA15: =$G$15 -> 0 | AF15: =$G$15 -> 0 | AK15: =$G$15 -> 0 | AP15: =$G$15 -> 0 | AU15: =$G$15 -> 0 | AZ15: =$G$15 -> 0 | BE15: =$G$15 -> 0 | BJ15: =$G$15 -> 0 | BO15: =$G$15 -> 0 | BT15: =$G$15 -> 0 | BY15: =$G$15 -> 0 | CD15: =$G$15 -> 0 | CI15: =$G$15 -> 0 | CN15: =$G$15 -> 0 | CS15: =$G$15 -> 0 | CX15: =$G$15 -> 0 | DC15: =$G$15 -> 0 | DH15: =$G$15 -> 0 | DM15: =$G$15 -> 0 | DR15: =$G$15 -> 0 | DW15: =$G$15 -> 0 | EB15: =$G$15 -> 0 | EG15: =$G$15 -> 0 | EL15: =$G$15 -> 0 | EQ15: =$G$15 -> 0 | EV15: =$G$15 -> 0 | FA15: =$G$15 -> 0 | FF15: =$G$15 -> 0 | FK15: =$G$15 -> 0 | FP15: =$G$15 -> 0 | FU15: =$G$15 -> 0 | FZ15: =$G$15 -> 0 | GE15: =$G$15 -> 0 | GJ15: =$G$15 -> 0 | GO15: =$G$15 -> 0 | GT15: =$G$15 -> 0 | GY15: =$G$15 -> 0 | HD15: =$G$15 -> 0 | HI15: =$G$15 -> 0 | HN15: =$G$15 -> 0 | HS15: =$G$15 -> 0 | HX15: =$G$15 -> 0 | IC15: =$G$15 -> 0 | IH15: =$G$15 -> 0 | IM15: =$G$15 -> 0 | IR15: =$G$15 -> 0 | IW15: =$G$15 -> 0
C17: S2A5 | D17: Accrued substance-based tax credit benefit, denominated in U.S. dollars | F17: USD | G17: =IF(F14<>"","",SUM(L17:ALS17)) -> 0 | L17: =IF(K14<>"","",ROUND(L13*L15,2)) -> 0 | Q17: =IF(P14<>"","",ROUND(Q13*Q15,2)) -> 0 | V17: =IF(U14<>"","",ROUND(V13*V15,2)) -> 0 | AA17: =IF(Z14<>"","",ROUND(AA13*AA15,2)) -> 0 | AF17: =IF(AE14<>"","",ROUND(AF13*AF15,2)) -> 0 | AK17: =IF(AJ14<>"","",ROUND(AK13*AK15,2)) -> 0 | AP17: =IF(AO14<>"","",ROUND(AP13*AP15,2)) -> 0 | AU17: =IF(AT14<>"","",ROUND(AU13*AU15,2)) -> 0 | AZ17: =IF(AY14<>"","",ROUND(AZ13*AZ15,2)) -> 0 | BE17: =IF(BD14<>"","",ROUND(BE13*BE15,2)) -> 0 | BJ17: =IF(BI14<>"","",ROUND(BJ13*BJ15,2)) -> 0 | BO17: =IF(BN14<>"","",ROUND(BO13*BO15,2)) -> 0 | BT17: =IF(BS14<>"","",ROUND(BT13*BT15,2)) -> 0 | BY17: =IF(BX14<>"","",ROUND(BY13*BY15,2)) -> 0 | CD17: =IF(CC14<>"","",ROUND(CD13*CD15,2)) -> 0 | CI17: =IF(CH14<>"","",ROUND(CI13*CI15,2)) -> 0 | CN17: =IF(CM14<>"","",ROUND(CN13*CN15,2)) -> 0 | CS17: =IF(CR14<>"","",ROUND(CS13*CS15,2)) -> 0 | CX17: =IF(CW14<>"","",ROUND(CX13*CX15,2)) -> 0 | DC17: =IF(DB14<>"","",ROUND(DC13*DC15,2)) -> 0 | DH17: =IF(DG14<>"","",ROUND(DH13*DH15,2)) -> 0 | DM17: =IF(DL14<>"","",ROUND(DM13*DM15,2)) -> 0 | DR17: =IF(DQ14<>"","",ROUND(DR13*DR15,2)) -> 0 | DW17: =IF(DV14<>"","",ROUND(DW13*DW15,2)) -> 0 | EB17: =IF(EA14<>"","",ROUND(EB13*EB15,2)) -> 0 | EG17: =IF(EF14<>"","",ROUND(EG13*EG15,2)) -> 0 | EL17: =IF(EK14<>"","",ROUND(EL13*EL15,2)) -> 0 | EQ17: =IF(EP14<>"","",ROUND(EQ13*EQ15,2)) -> 0 | EV17: =IF(EU14<>"","",ROUND(EV13*EV15,2)) -> 0 | FA17: =IF(EZ14<>"","",ROUND(FA13*FA15,2)) -> 0 | FF17: =IF(FE14<>"","",ROUND(FF13*FF15,2)) -> 0 | FK17: =IF(FJ14<>"","",ROUND(FK13*FK15,2)) -> 0 | FP17: =IF(FO14<>"","",ROUND(FP13*FP15,2)) -> 0 | FU17: =IF(FT14<>"","",ROUND(FU13*FU15,2)) -> 0 | FZ17: =IF(FY14<>"","",ROUND(FZ13*FZ15,2)) -> 0 | GE17: =IF(GD14<>"","",ROUND(GE13*GE15,2)) -> 0 | GJ17: =IF(GI14<>"","",ROUND(GJ13*GJ15,2)) -> 0 | GO17: =IF(GN14<>"","",ROUND(GO13*GO15,2)) -> 0 | GT17: =IF(GS14<>"","",ROUND(GT13*GT15,2)) -> 0 | GY17: =IF(GX14<>"","",ROUND(GY13*GY15,2)) -> 0 | HD17: =IF(HC14<>"","",ROUND(HD13*HD15,2)) -> 0 | HI17: =IF(HH14<>"","",ROUND(HI13*HI15,2)) -> 0 | HN17: =IF(HM14<>"","",ROUND(HN13*HN15,2)) -> 0 | HS17: =IF(HR14<>"","",ROUND(HS13*HS15,2)) -> 0 | HX17: =IF(HW14<>"","",ROUND(HX13*HX15,2)) -> 0 | IC17: =IF(IB14<>"","",ROUND(IC13*IC15,2)) -> 0 | IH17: =IF(IG14<>"","",ROUND(IH13*IH15,2)) -> 0 | IM17: =IF(IL14<>"","",ROUND(IM13*IM15,2)) -> 0 | IR17: =IF(IQ14<>"","",ROUND(IR13*IR15,2)) -> 0 | IW17: =IF(IV14<>"","",ROUND(IW13*IW15,2)) -> 0
C19: S2A6 | D19: Community development tax credit benefit, denominated in U.S. dollars (from item S3A5) | F19: USD | G19: =SUM(L19:ALS19) -> 0 | L19: ='Schedule 3'!L18 -> 0 | Q19: ='Schedule 3'!Q18 -> 0 | V19: ='Schedule 3'!V18 -> 0 | AA19: ='Schedule 3'!AA18 -> 0 | AF19: ='Schedule 3'!AF18 -> 0 | AK19: ='Schedule 3'!AK18 -> 0 | AP19: ='Schedule 3'!AP18 -> 0 | AU19: ='Schedule 3'!AU18 -> 0 | AZ19: ='Schedule 3'!AZ18 -> 0 | BE19: ='Schedule 3'!BE18 -> 0 | BJ19: ='Schedule 3'!BJ18 -> 0 | BO19: ='Schedule 3'!BO18 -> 0 | BT19: ='Schedule 3'!BT18 -> 0 | BY19: ='Schedule 3'!BY18 -> 0 | CD19: ='Schedule 3'!CD18 -> 0 | CI19: ='Schedule 3'!CI18 -> 0 | CN19: ='Schedule 3'!CN18 -> 0 | CS19: ='Schedule 3'!CS18 -> 0 | CX19: ='Schedule 3'!CX18 -> 0 | DC19: ='Schedule 3'!DC18 -> 0 | DH19: ='Schedule 3'!DH18 -> 0 | DM19: ='Schedule 3'!DM18 -> 0 | DR19: ='Schedule 3'!DR18 -> 0 | DW19: ='Schedule 3'!DW18 -> 0 | EB19: ='Schedule 3'!EB18 -> 0 | EG19: ='Schedule 3'!EG18 -> 0 | EL19: ='Schedule 3'!EL18 -> 0 | EQ19: ='Schedule 3'!EQ18 -> 0 | EV19: ='Schedule 3'!EV18 -> 0 | FA19: ='Schedule 3'!FA18 -> 0 | FF19: ='Schedule 3'!FF18 -> 0 | FK19: ='Schedule 3'!FK18 -> 0 | FP19: ='Schedule 3'!FP18 -> 0 | FU19: ='Schedule 3'!FU18 -> 0 | FZ19: ='Schedule 3'!FZ18 -> 0 | GE19: ='Schedule 3'!GE18 -> 0 | GJ19: ='Schedule 3'!GJ18 -> 0 | GO19: ='Schedule 3'!GO18 -> 0 | GT19: ='Schedule 3'!GT18 -> 0 | GY19: ='Schedule 3'!GY18 -> 0 | HD19: ='Schedule 3'!HD18 -> 0 | HI19: ='Schedule 3'!HI18 -> 0 | HN19: ='Schedule 3'!HN18 -> 0 | HS19: ='Schedule 3'!HS18 -> 0 | HX19: ='Schedule 3'!HX18 -> 0 | IC19: ='Schedule 3'!IC18 -> 0 | IH19: ='Schedule 3'!IH18 -> 0 | IM19: ='Schedule 3'!IM18 -> 0 | IR19: ='Schedule 3'!IR18 -> 0 | IW19: ='Schedule 3'!IW18 -> 0
C21: S2A7 | D21: Utilities infrastructure tax credit benefit, denominated in U.S. dollars | F21: USD | G21: =SUM(L21:ALS21) -> 0
C23: S2A8 | D23: Accrued tax credit benefits, denominated in U.S. dollars | F23: USD | G23: =SUM(L23:ALS23) -> 0 | L23: =SUM(L17,L19,L21) -> 0 | Q23: =SUM(Q17,Q19,Q21) -> 0 | V23: =SUM(V17,V19,V21) -> 0 | AA23: =SUM(AA17,AA19,AA21) -> 0 | AF23: =SUM(AF17,AF19,AF21) -> 0 | AK23: =SUM(AK17,AK19,AK21) -> 0 | AP23: =SUM(AP17,AP19,AP21) -> 0 | AU23: =SUM(AU17,AU19,AU21) -> 0 | AZ23: =SUM(AZ17,AZ19,AZ21) -> 0 | BE23: =SUM(BE17,BE19,BE21) -> 0 | BJ23: =SUM(BJ17,BJ19,BJ21) -> 0 | BO23: =SUM(BO17,BO19,BO21) -> 0 | BT23: =SUM(BT17,BT19,BT21) -> 0 | BY23: =SUM(BY17,BY19,BY21) -> 0 | CD23: =SUM(CD17,CD19,CD21) -> 0 | CI23: =SUM(CI17,CI19,CI21) -> 0 | CN23: =SUM(CN17,CN19,CN21) -> 0 | CS23: =SUM(CS17,CS19,CS21) -> 0 | CX23: =SUM(CX17,CX19,CX21) -> 0 | DC23: =SUM(DC17,DC19,DC21) -> 0 | DH23: =SUM(DH17,DH19,DH21) -> 0 | DM23: =SUM(DM17,DM19,DM21) -> 0 | DR23: =SUM(DR17,DR19,DR21) -> 0 | DW23: =SUM(DW17,DW19,DW21) -> 0 | EB23: =SUM(EB17,EB19,EB21) -> 0 | EG23: =SUM(EG17,EG19,EG21) -> 0 | EL23: =SUM(EL17,EL19,EL21) -> 0 | EQ23: =SUM(EQ17,EQ19,EQ21) -> 0 | EV23: =SUM(EV17,EV19,EV21) -> 0 | FA23: =SUM(FA17,FA19,FA21) -> 0 | FF23: =SUM(FF17,FF19,FF21) -> 0 | FK23: =SUM(FK17,FK19,FK21) -> 0 | FP23: =SUM(FP17,FP19,FP21) -> 0 | FU23: =SUM(FU17,FU19,FU21) -> 0 | FZ23: =SUM(FZ17,FZ19,FZ21) -> 0 | GE23: =SUM(GE17,GE19,GE21) -> 0 | GJ23: =SUM(GJ17,GJ19,GJ21) -> 0 | GO23: =SUM(GO17,GO19,GO21) -> 0 | GT23: =SUM(GT17,GT19,GT21) -> 0 | GY23: =SUM(GY17,GY19,GY21) -> 0 | HD23: =SUM(HD17,HD19,HD21) -> 0 | HI23: =SUM(HI17,HI19,HI21) -> 0 | HN23: =SUM(HN17,HN19,HN21) -> 0 | HS23: =SUM(HS17,HS19,HS21) -> 0 | HX23: =SUM(HX17,HX19,HX21) -> 0 | IC23: =SUM(IC17,IC19,IC21) -> 0 | IH23: =SUM(IH17,IH19,IH21) -> 0 | IM23: =SUM(IM17,IM19,IM21) -> 0 | IR23: =SUM(IR17,IR19,IR21) -> 0 | IW23: =SUM(IW17,IW19,IW21) -> 0
C27: Section B: Distributable tax credit benefits
G29: Qualifying Bermuda Group | K29: =IF(K$7<>"",K$7,"") | P29: =IF(P$7<>"",P$7,"") | U29: =IF(U$7<>"",U$7,"") | Z29: =IF(Z$7<>"",Z$7,"") | AE29: =IF(AE$7<>"",AE$7,"") | AJ29: =IF(AJ$7<>"",AJ$7,"") | AO29: =IF(AO$7<>"",AO$7,"") | AT29: =IF(AT$7<>"",AT$7,"") | AY29: =IF(AY$7<>"",AY$7,"") | BD29: =IF(BD$7<>"",BD$7,"") | BI29: =IF(BI$7<>"",BI$7,"") | BN29: =IF(BN$7<>"",BN$7,"") | BS29: =IF(BS$7<>"",BS$7,"") | BX29: =IF(BX$7<>"",BX$7,"") | CC29: =IF(CC$7<>"",CC$7,"") | CH29: =IF(CH$7<>"",CH$7,"") | CM29: =IF(CM$7<>"",CM$7,"") | CR29: =IF(CR$7<>"",CR$7,"") | CW29: =IF(CW$7<>"",CW$7,"") | DB29: =IF(DB$7<>"",DB$7,"") | DG29: =IF(DG$7<>"",DG$7,"") | DL29: =IF(DL$7<>"",DL$7,"") | DQ29: =IF(DQ$7<>"",DQ$7,"") | DV29: =IF(DV$7<>"",DV$7,"") | EA29: =IF(EA$7<>"",EA$7,"") | EF29: =IF(EF$7<>"",EF$7,"") | EK29: =IF(EK$7<>"",EK$7,"") | EP29: =IF(EP$7<>"",EP$7,"") | EU29: =IF(EU$7<>"",EU$7,"") | EZ29: =IF(EZ$7<>"",EZ$7,"") | FE29: =IF(FE$7<>"",FE$7,"") | FJ29: =IF(FJ$7<>"",FJ$7,"") | FO29: =IF(FO$7<>"",FO$7,"") | FT29: =IF(FT$7<>"",FT$7,"") | FY29: =IF(FY$7<>"",FY$7,"") | GD29: =IF(GD$7<>"",GD$7,"") | GI29: =IF(GI$7<>"",GI$7,"") | GN29: =IF(GN$7<>"",GN$7,"") | GS29: =IF(GS$7<>"",GS$7,"") | GX29: =IF(GX$7<>"",GX$7,"") | HC29: =IF(HC$7<>"",HC$7,"") | HH29: =IF(HH$7<>"",HH$7,"") | HM29: =IF(HM$7<>"",HM$7,"") | HR29: =IF(HR$7<>"",HR$7,"") | HW29: =IF(HW$7<>"",HW$7,"") | IB29: =IF(IB$7<>"",IB$7,"") | IG29: =IF(IG$7<>"",IG$7,"") | IL29: =IF(IL$7<>"",IL$7,"") | IQ29: =IF(IQ$7<>"",IQ$7,"") | IV29: =IF(IV$7<>"",IV$7,"")
C31: S2B1 | D31: Available tax credit benefit (from item S2B8.3) | F31: =IFERROR(INDEX('Helper 1'!$I$2:$I$19,MATCH('Schedule 1'!$G$20,'Helper 1'!$H$2:$H$19,0)),"") | G31: =G56 -> 0
C33: S2B2 | D33: Distributable tax credit benefit limitation (from item S2B15) | F33: =IFERROR(INDEX('Helper 1'!$I$2:$I$19,MATCH('Schedule 1'!$G$20,'Helper 1'!$H$2:$H$19,0)),"") | G33: =G76 -> 0
C35: S2B3 | D35: Distributable substance-based tax credit benefit, equal to the lesser of items S2B1 and S2B2 (section 24(1)) | F35: =IFERROR(INDEX('Helper 1'!$I$2:$I$19,MATCH('Schedule 1'!$G$20,'Helper 1'!$H$2:$H$19,0)),"") | G35: =MIN(G31,G33) -> 0 | L35: ='Schedule 6'!L112 -> 0 | Q35: ='Schedule 6'!Q112 -> 0 | V35: ='Schedule 6'!V112 -> 0 | AA35: ='Schedule 6'!AA112 -> 0 | AF35: ='Schedule 6'!AF112 -> 0 | AK35: ='Schedule 6'!AK112 -> 0 | AP35: ='Schedule 6'!AP112 -> 0 | AU35: ='Schedule 6'!AU112 -> 0 | AZ35: ='Schedule 6'!AZ112 -> 0 | BE35: ='Schedule 6'!BE112 -> 0 | BJ35: ='Schedule 6'!BJ112 -> 0 | BO35: ='Schedule 6'!BO112 -> 0 | BT35: ='Schedule 6'!BT112 -> 0 | BY35: ='Schedule 6'!BY112 -> 0 | CD35: ='Schedule 6'!CD112 -> 0 | CI35: ='Schedule 6'!CI112 -> 0 | CN35: ='Schedule 6'!CN112 -> 0 | CS35: ='Schedule 6'!CS112 -> 0 | CX35: ='Schedule 6'!CX112 -> 0 | DC35: ='Schedule 6'!DC112 -> 0 | DH35: ='Schedule 6'!DH112 -> 0 | DM35: ='Schedule 6'!DM112 -> 0 | DR35: ='Schedule 6'!DR112 -> 0 | DW35: ='Schedule 6'!DW112 -> 0 | EB35: ='Schedule 6'!EB112 -> 0 | EG35: ='Schedule 6'!EG112 -> 0 | EL35: ='Schedule 6'!EL112 -> 0 | EQ35: ='Schedule 6'!EQ112 -> 0 | EV35: ='Schedule 6'!EV112 -> 0 | FA35: ='Schedule 6'!FA112 -> 0 | FF35: ='Schedule 6'!FF112 -> 0 | FK35: ='Schedule 6'!FK112 -> 0 | FP35: ='Schedule 6'!FP112 -> 0 | FU35: ='Schedule 6'!FU112 -> 0 | FZ35: ='Schedule 6'!FZ112 -> 0 | GE35: ='Schedule 6'!GE112 -> 0 | GJ35: ='Schedule 6'!GJ112 -> 0 | GO35: ='Schedule 6'!GO112 -> 0 | GT35: ='Schedule 6'!GT112 -> 0 | GY35: ='Schedule 6'!GY112 -> 0 | HD35: ='Schedule 6'!HD112 -> 0 | HI35: ='Schedule 6'!HI112 -> 0 | HN35: ='Schedule 6'!HN112 -> 0 | HS35: ='Schedule 6'!HS112 -> 0 | HX35: ='Schedule 6'!HX112 -> 0 | IC35: ='Schedule 6'!IC112 -> 0 | IH35: ='Schedule 6'!IH112 -> 0 | IM35: ='Schedule 6'!IM112 -> 0 | IR35: ='Schedule 6'!IR112 -> 0 | IW35: ='Schedule 6'!IW112 -> 0
F36: =IF(G35<>0,IF('Schedule 1'!$G$20="","Complete item S1A7",IF(OR('Schedule 1'!$G$20='Helper 1'!$H$2,'Schedule 1'!$G$20='Helper 1'!$H$3),"",IF('Schedule 1'!$G$23="","Complete item S1A9",""))),"") | K36: =IF($F36<>"",$F36,"") | P36: =IF($F36<>"",$F36,"") | U36: =IF($F36<>"",$F36,"") | Z36: =IF($F36<>"",$F36,"") | AE36: =IF($F36<>"",$F36,"") | AJ36: =IF($F36<>"",$F36,"") | AO36: =IF($F36<>"",$F36,"") | AT36: =IF($F36<>"",$F36,"") | AY36: =IF($F36<>"",$F36,"") | BD36: =IF($F36<>"",$F36,"") | BI36: =IF($F36<>"",$F36,"") | BN36: =IF($F36<>"",$F36,"") | BS36: =IF($F36<>"",$F36,"") | BX36: =IF($F36<>"",$F36,"") | CC36: =IF($F36<>"",$F36,"") | CH36: =IF($F36<>"",$F36,"") | CM36: =IF($F36<>"",$F36,"") | CR36: =IF($F36<>"",$F36,"") | CW36: =IF($F36<>"",$F36,"") | DB36: =IF($F36<>"",$F36,"") | DG36: =IF($F36<>"",$F36,"") | DL36: =IF($F36<>"",$F36,"") | DQ36: =IF($F36<>"",$F36,"") | DV36: =IF($F36<>"",$F36,"") | EA36: =IF($F36<>"",$F36,"") | EF36: =IF($F36<>"",$F36,"") | EK36: =IF($F36<>"",$F36,"") | EP36: =IF($F36<>"",$F36,"") | EU36: =IF($F36<>"",$F36,"") | EZ36: =IF($F36<>"",$F36,"") | FE36: =IF($F36<>"",$F36,"") | FJ36: =IF($F36<>"",$F36,"") | FO36: =IF($F36<>"",$F36,"") | FT36: =IF($F36<>"",$F36,"") | FY36: =IF($F36<>"",$F36,"") | GD36: =IF($F36<>"",$F36,"") | GI36: =IF($F36<>"",$F36,"") | GN36: =IF($F36<>"",$F36,"") | GS36: =IF($F36<>"",$F36,"") | GX36: =IF($F36<>"",$F36,"") | HC36: =IF($F36<>"",$F36,"") | HH36: =IF($F36<>"",$F36,"") | HM36: =IF($F36<>"",$F36,"") | HR36: =IF($F36<>"",$F36,"") | HW36: =IF($F36<>"",$F36,"") | IB36: =IF($F36<>"",$F36,"") | IG36: =IF($F36<>"",$F36,"") | IL36: =IF($F36<>"",$F36,"") | IQ36: =IF($F36<>"",$F36,"") | IV36: =IF($F36<>"",$F36,"")
C37: S2B4 | D37: =IF(OR('Schedule 1'!G20='Helper 1'!H2,'Schedule 1'!G20='Helper 1'!H3),"Average foreign exchange rate for the tax credit determination period","Average foreign exchange rate for the tax credit determination period (from item S1A9)") -> Average foreign exchange rate for the tax credit determination period (from item S1A9) | G37: =IF(OR('Schedule 1'!G20='Helper 1'!H2,'Schedule 1'!G20='Helper 1'!H3),1,IF(F36<>"","",'Schedule 1'!G23)) -> 0 | L37: =$G$37 -> 0 | Q37: =$G$37 -> 0 | V37: =$G$37 -> 0 | AA37: =$G$37 -> 0 | AF37: =$G$37 -> 0 | AK37: =$G$37 -> 0 | AP37: =$G$37 -> 0 | AU37: =$G$37 -> 0 | AZ37: =$G$37 -> 0 | BE37: =$G$37 -> 0 | BJ37: =$G$37 -> 0 | BO37: =$G$37 -> 0 | BT37: =$G$37 -> 0 | BY37: =$G$37 -> 0 | CD37: =$G$37 -> 0 | CI37: =$G$37 -> 0 | CN37: =$G$37 -> 0 | CS37: =$G$37 -> 0 | CX37: =$G$37 -> 0 | DC37: =$G$37 -> 0 | DH37: =$G$37 -> 0 | DM37: =$G$37 -> 0 | DR37: =$G$37 -> 0 | DW37: =$G$37 -> 0 | EB37: =$G$37 -> 0 | EG37: =$G$37 -> 0 | EL37: =$G$37 -> 0 | EQ37: =$G$37 -> 0 | EV37: =$G$37 -> 0 | FA37: =$G$37 -> 0 | FF37: =$G$37 -> 0 | FK37: =$G$37 -> 0 | FP37: =$G$37 -> 0 | FU37: =$G$37 -> 0 | FZ37: =$G$37 -> 0 | GE37: =$G$37 -> 0 | GJ37: =$G$37 -> 0 | GO37: =$G$37 -> 0 | GT37: =$G$37 -> 0 | GY37: =$G$37 -> 0 | HD37: =$G$37 -> 0 | HI37: =$G$37 -> 0 | HN37: =$G$37 -> 0 | HS37: =$G$37 -> 0 | HX37: =$G$37 -> 0 | IC37: =$G$37 -> 0 | IH37: =$G$37 -> 0 | IM37: =$G$37 -> 0 | IR37: =$G$37 -> 0 | IW37: =$G$37 -> 0
C39: S2B5 | D39: Distributable substance-based tax credit benefit, denominated in U.S. dollars | F39: USD | G39: =IF(OR('Schedule 1'!$G$20='Helper 1'!$H$2,'Schedule 1'!$G$20='Helper 1'!$H$3),G35,IF(F36<>"","",SUM(L39:ALS39))) -> 0 | L39: =IF(OR('Schedule 1'!$G$20='Helper 1'!$H$2,'Schedule 1'!$G$20='Helper 1'!$H$3),L35,IF(K36<>"","",ROUND(L35*L37,2))) -> 0 | Q39: =IF(OR('Schedule 1'!$G$20='Helper 1'!$H$2,'Schedule 1'!$G$20='Helper 1'!$H$3),Q35,IF(P36<>"","",ROUND(Q35*Q37,2))) -> 0 | V39: =IF(OR('Schedule 1'!$G$20='Helper 1'!$H$2,'Schedule 1'!$G$20='Helper 1'!$H$3),V35,IF(U36<>"","",ROUND(V35*V37,2))) -> 0 | AA39: =IF(OR('Schedule 1'!$G$20='Helper 1'!$H$2,'Schedule 1'!$G$20='Helper 1'!$H$3),AA35,IF(Z36<>"","",ROUND(AA35*AA37,2))) -> 0 | AF39: =IF(OR('Schedule 1'!$G$20='Helper 1'!$H$2,'Schedule 1'!$G$20='Helper 1'!$H$3),AF35,IF(AE36<>"","",ROUND(AF35*AF37,2))) -> 0 | AK39: =IF(OR('Schedule 1'!$G$20='Helper 1'!$H$2,'Schedule 1'!$G$20='Helper 1'!$H$3),AK35,IF(AJ36<>"","",ROUND(AK35*AK37,2))) -> 0 | AP39: =IF(OR('Schedule 1'!$G$20='Helper 1'!$H$2,'Schedule 1'!$G$20='Helper 1'!$H$3),AP35,IF(AO36<>"","",ROUND(AP35*AP37,2))) -> 0 | AU39: =IF(OR('Schedule 1'!$G$20='Helper 1'!$H$2,'Schedule 1'!$G$20='Helper 1'!$H$3),AU35,IF(AT36<>"","",ROUND(AU35*AU37,2))) -> 0 | AZ39: =IF(OR('Schedule 1'!$G$20='Helper 1'!$H$2,'Schedule 1'!$G$20='Helper 1'!$H$3),AZ35,IF(AY36<>"","",ROUND(AZ35*AZ37,2))) -> 0 | BE39: =IF(OR('Schedule 1'!$G$20='Helper 1'!$H$2,'Schedule 1'!$G$20='Helper 1'!$H$3),BE35,IF(BD36<>"","",ROUND(BE35*BE37,2))) -> 0 | BJ39: =IF(OR('Schedule 1'!$G$20='Helper 1'!$H$2,'Schedule 1'!$G$20='Helper 1'!$H$3),BJ35,IF(BI36<>"","",ROUND(BJ35*BJ37,2))) -> 0 | BO39: =IF(OR('Schedule 1'!$G$20='Helper 1'!$H$2,'Schedule 1'!$G$20='Helper 1'!$H$3),BO35,IF(BN36<>"","",ROUND(BO35*BO37,2))) -> 0 | BT39: =IF(OR('Schedule 1'!$G$20='Helper 1'!$H$2,'Schedule 1'!$G$20='Helper 1'!$H$3),BT35,IF(BS36<>"","",ROUND(BT35*BT37,2))) -> 0 | BY39: =IF(OR('Schedule 1'!$G$20='Helper 1'!$H$2,'Schedule 1'!$G$20='Helper 1'!$H$3),BY35,IF(BX36<>"","",ROUND(BY35*BY37,2))) -> 0 | CD39: =IF(OR('Schedule 1'!$G$20='Helper 1'!$H$2,'Schedule 1'!$G$20='Helper 1'!$H$3),CD35,IF(CC36<>"","",ROUND(CD35*CD37,2))) -> 0 | CI39: =IF(OR('Schedule 1'!$G$20='Helper 1'!$H$2,'Schedule 1'!$G$20='Helper 1'!$H$3),CI35,IF(CH36<>"","",ROUND(CI35*CI37,2))) -> 0 | CN39: =IF(OR('Schedule 1'!$G$20='Helper 1'!$H$2,'Schedule 1'!$G$20='Helper 1'!$H$3),CN35,IF(CM36<>"","",ROUND(CN35*CN37,2))) -> 0 | CS39: =IF(OR('Schedule 1'!$G$20='Helper 1'!$H$2,'Schedule 1'!$G$20='Helper 1'!$H$3),CS35,IF(CR36<>"","",ROUND(CS35*CS37,2))) -> 0 | CX39: =IF(OR('Schedule 1'!$G$20='Helper 1'!$H$2,'Schedule 1'!$G$20='Helper 1'!$H$3),CX35,IF(CW36<>"","",ROUND(CX35*CX37,2))) -> 0 | DC39: =IF(OR('Schedule 1'!$G$20='Helper 1'!$H$2,'Schedule 1'!$G$20='Helper 1'!$H$3),DC35,IF(DB36<>"","",ROUND(DC35*DC37,2))) -> 0 | DH39: =IF(OR('Schedule 1'!$G$20='Helper 1'!$H$2,'Schedule 1'!$G$20='Helper 1'!$H$3),DH35,IF(DG36<>"","",ROUND(DH35*DH37,2))) -> 0 | DM39: =IF(OR('Schedule 1'!$G$20='Helper 1'!$H$2,'Schedule 1'!$G$20='Helper 1'!$H$3),DM35,IF(DL36<>"","",ROUND(DM35*DM37,2))) -> 0 | DR39: =IF(OR('Schedule 1'!$G$20='Helper 1'!$H$2,'Schedule 1'!$G$20='Helper 1'!$H$3),DR35,IF(DQ36<>"","",ROUND(DR35*DR37,2))) -> 0 | DW39: =IF(OR('Schedule 1'!$G$20='Helper 1'!$H$2,'Schedule 1'!$G$20='Helper 1'!$H$3),DW35,IF(DV36<>"","",ROUND(DW35*DW37,2))) -> 0 | EB39: =IF(OR('Schedule 1'!$G$20='Helper 1'!$H$2,'Schedule 1'!$G$20='Helper 1'!$H$3),EB35,IF(EA36<>"","",ROUND(EB35*EB37,2))) -> 0 | EG39: =IF(OR('Schedule 1'!$G$20='Helper 1'!$H$2,'Schedule 1'!$G$20='Helper 1'!$H$3),EG35,IF(EF36<>"","",ROUND(EG35*EG37,2))) -> 0 | EL39: =IF(OR('Schedule 1'!$G$20='Helper 1'!$H$2,'Schedule 1'!$G$20='Helper 1'!$H$3),EL35,IF(EK36<>"","",ROUND(EL35*EL37,2))) -> 0 | EQ39: =IF(OR('Schedule 1'!$G$20='Helper 1'!$H$2,'Schedule 1'!$G$20='Helper 1'!$H$3),EQ35,IF(EP36<>"","",ROUND(EQ35*EQ37,2))) -> 0 | EV39: =IF(OR('Schedule 1'!$G$20='Helper 1'!$H$2,'Schedule 1'!$G$20='Helper 1'!$H$3),EV35,IF(EU36<>"","",ROUND(EV35*EV37,2))) -> 0 | FA39: =IF(OR('Schedule 1'!$G$20='Helper 1'!$H$2,'Schedule 1'!$G$20='Helper 1'!$H$3),FA35,IF(EZ36<>"","",ROUND(FA35*FA37,2))) -> 0 | FF39: =IF(OR('Schedule 1'!$G$20='Helper 1'!$H$2,'Schedule 1'!$G$20='Helper 1'!$H$3),FF35,IF(FE36<>"","",ROUND(FF35*FF37,2))) -> 0 | FK39: =IF(OR('Schedule 1'!$G$20='Helper 1'!$H$2,'Schedule 1'!$G$20='Helper 1'!$H$3),FK35,IF(FJ36<>"","",ROUND(FK35*FK37,2))) -> 0 | FP39: =IF(OR('Schedule 1'!$G$20='Helper 1'!$H$2,'Schedule 1'!$G$20='Helper 1'!$H$3),FP35,IF(FO36<>"","",ROUND(FP35*FP37,2))) -> 0 | FU39: =IF(OR('Schedule 1'!$G$20='Helper 1'!$H$2,'Schedule 1'!$G$20='Helper 1'!$H$3),FU35,IF(FT36<>"","",ROUND(FU35*FU37,2))) -> 0 | FZ39: =IF(OR('Schedule 1'!$G$20='Helper 1'!$H$2,'Schedule 1'!$G$20='Helper 1'!$H$3),FZ35,IF(FY36<>"","",ROUND(FZ35*FZ37,2))) -> 0 | GE39: =IF(OR('Schedule 1'!$G$20='Helper 1'!$H$2,'Schedule 1'!$G$20='Helper 1'!$H$3),GE35,IF(GD36<>"","",ROUND(GE35*GE37,2))) -> 0 | GJ39: =IF(OR('Schedule 1'!$G$20='Helper 1'!$H$2,'Schedule 1'!$G$20='Helper 1'!$H$3),GJ35,IF(GI36<>"","",ROUND(GJ35*GJ37,2))) -> 0 | GO39: =IF(OR('Schedule 1'!$G$20='Helper 1'!$H$2,'Schedule 1'!$G$20='Helper 1'!$H$3),GO35,IF(GN36<>"","",ROUND(GO35*GO37,2))) -> 0 | GT39: =IF(OR('Schedule 1'!$G$20='Helper 1'!$H$2,'Schedule 1'!$G$20='Helper 1'!$H$3),GT35,IF(GS36<>"","",ROUND(GT35*GT37,2))) -> 0 | GY39: =IF(OR('Schedule 1'!$G$20='Helper 1'!$H$2,'Schedule 1'!$G$20='Helper 1'!$H$3),GY35,IF(GX36<>"","",ROUND(GY35*GY37,2))) -> 0 | HD39: =IF(OR('Schedule 1'!$G$20='Helper 1'!$H$2,'Schedule 1'!$G$20='Helper 1'!$H$3),HD35,IF(HC36<>"","",ROUND(HD35*HD37,2))) -> 0 | HI39: =IF(OR('Schedule 1'!$G$20='Helper 1'!$H$2,'Schedule 1'!$G$20='Helper 1'!$H$3),HI35,IF(HH36<>"","",ROUND(HI35*HI37,2))) -> 0 | HN39: =IF(OR('Schedule 1'!$G$20='Helper 1'!$H$2,'Schedule 1'!$G$20='Helper 1'!$H$3),HN35,IF(HM36<>"","",ROUND(HN35*HN37,2))) -> 0 | HS39: =IF(OR('Schedule 1'!$G$20='Helper 1'!$H$2,'Schedule 1'!$G$20='Helper 1'!$H$3),HS35,IF(HR36<>"","",ROUND(HS35*HS37,2))) -> 0 | HX39: =IF(OR('Schedule 1'!$G$20='Helper 1'!$H$2,'Schedule 1'!$G$20='Helper 1'!$H$3),HX35,IF(HW36<>"","",ROUND(HX35*HX37,2))) -> 0 | IC39: =IF(OR('Schedule 1'!$G$20='Helper 1'!$H$2,'Schedule 1'!$G$20='Helper 1'!$H$3),IC35,IF(IB36<>"","",ROUND(IC35*IC37,2))) -> 0 | IH39: =IF(OR('Schedule 1'!$G$20='Helper 1'!$H$2,'Schedule 1'!$G$20='Helper 1'!$H$3),IH35,IF(IG36<>"","",ROUND(IH35*IH37,2))) -> 0 | IM39: =IF(OR('Schedule 1'!$G$20='Helper 1'!$H$2,'Schedule 1'!$G$20='Helper 1'!$H$3),IM35,IF(IL36<>"","",ROUND(IM35*IM37,2))) -> 0 | IR39: =IF(OR('Schedule 1'!$G$20='Helper 1'!$H$2,'Schedule 1'!$G$20='Helper 1'!$H$3),IR35,IF(IQ36<>"","",ROUND(IR35*IR37,2))) -> 0 | IW39: =IF(OR('Schedule 1'!$G$20='Helper 1'!$H$2,'Schedule 1'!$G$20='Helper 1'!$H$3),IW35,IF(IV36<>"","",ROUND(IW35*IW37,2))) -> 0
C41: S2B6 | D41: Community development tax credit benefit, denominated in U.S. dollars (from item S3A5) | F41: USD | G41: =SUM(L41:ALS41) -> 0 | L41: ='Schedule 3'!L18 -> 0 | Q41: ='Schedule 3'!Q18 -> 0 | V41: ='Schedule 3'!V18 -> 0 | AA41: ='Schedule 3'!AA18 -> 0 | AF41: ='Schedule 3'!AF18 -> 0 | AK41: ='Schedule 3'!AK18 -> 0 | AP41: ='Schedule 3'!AP18 -> 0 | AU41: ='Schedule 3'!AU18 -> 0 | AZ41: ='Schedule 3'!AZ18 -> 0 | BE41: ='Schedule 3'!BE18 -> 0 | BJ41: ='Schedule 3'!BJ18 -> 0 | BO41: ='Schedule 3'!BO18 -> 0 | BT41: ='Schedule 3'!BT18 -> 0 | BY41: ='Schedule 3'!BY18 -> 0 | CD41: ='Schedule 3'!CD18 -> 0 | CI41: ='Schedule 3'!CI18 -> 0 | CN41: ='Schedule 3'!CN18 -> 0 | CS41: ='Schedule 3'!CS18 -> 0 | CX41: ='Schedule 3'!CX18 -> 0 | DC41: ='Schedule 3'!DC18 -> 0 | DH41: ='Schedule 3'!DH18 -> 0 | DM41: ='Schedule 3'!DM18 -> 0 | DR41: ='Schedule 3'!DR18 -> 0 | DW41: ='Schedule 3'!DW18 -> 0 | EB41: ='Schedule 3'!EB18 -> 0 | EG41: ='Schedule 3'!EG18 -> 0 | EL41: ='Schedule 3'!EL18 -> 0 | EQ41: ='Schedule 3'!EQ18 -> 0 | EV41: ='Schedule 3'!EV18 -> 0 | FA41: ='Schedule 3'!FA18 -> 0 | FF41: ='Schedule 3'!FF18 -> 0 | FK41: ='Schedule 3'!FK18 -> 0 | FP41: ='Schedule 3'!FP18 -> 0 | FU41: ='Schedule 3'!FU18 -> 0 | FZ41: ='Schedule 3'!FZ18 -> 0 | GE41: ='Schedule 3'!GE18 -> 0 | GJ41: ='Schedule 3'!GJ18 -> 0 | GO41: ='Schedule 3'!GO18 -> 0 | GT41: ='Schedule 3'!GT18 -> 0 | GY41: ='Schedule 3'!GY18 -> 0 | HD41: ='Schedule 3'!HD18 -> 0 | HI41: ='Schedule 3'!HI18 -> 0 | HN41: ='Schedule 3'!HN18 -> 0 | HS41: ='Schedule 3'!HS18 -> 0 | HX41: ='Schedule 3'!HX18 -> 0 | IC41: ='Schedule 3'!IC18 -> 0 | IH41: ='Schedule 3'!IH18 -> 0 | IM41: ='Schedule 3'!IM18 -> 0 | IR41: ='Schedule 3'!IR18 -> 0 | IW41: ='Schedule 3'!IW18 -> 0
C43: S2B7 | D43: Utilities infrastructure tax credit benefit, denominated in U.S. dollars (from item S2A7) | F43: USD | G43: =SUM(L43:ALS43) -> 0 | L43: =L21 -> 0 | Q43: =Q21 -> 0 | V43: =V21 -> 0 | AA43: =AA21 -> 0 | AF43: =AF21 -> 0 | AK43: =AK21 -> 0 | AP43: =AP21 -> 0 | AU43: =AU21 -> 0 | AZ43: =AZ21 -> 0 | BE43: =BE21 -> 0 | BJ43: =BJ21 -> 0 | BO43: =BO21 -> 0 | BT43: =BT21 -> 0 | BY43: =BY21 -> 0 | CD43: =CD21 -> 0 | CI43: =CI21 -> 0 | CN43: =CN21 -> 0 | CS43: =CS21 -> 0 | CX43: =CX21 -> 0 | DC43: =DC21 -> 0 | DH43: =DH21 -> 0 | DM43: =DM21 -> 0 | DR43: =DR21 -> 0 | DW43: =DW21 -> 0 | EB43: =EB21 -> 0 | EG43: =EG21 -> 0 | EL43: =EL21 -> 0 | EQ43: =EQ21 -> 0 | EV43: =EV21 -> 0 | FA43: =FA21 -> 0 | FF43: =FF21 -> 0 | FK43: =FK21 -> 0 | FP43: =FP21 -> 0 | FU43: =FU21 -> 0 | FZ43: =FZ21 -> 0 | GE43: =GE21 -> 0 | GJ43: =GJ21 -> 0 | GO43: =GO21 -> 0 | GT43: =GT21 -> 0 | GY43: =GY21 -> 0 | HD43: =HD21 -> 0 | HI43: =HI21 -> 0 | HN43: =HN21 -> 0 | HS43: =HS21 -> 0 | HX43: =HX21 -> 0 | IC43: =IC21 -> 0 | IH43: =IH21 -> 0 | IM43: =IM21 -> 0 | IR43: =IR21 -> 0 | IW43: =IW21 -> 0
C45: S2B8 | D45: Distributable tax credit benefits, denominated in U.S. dollars | F45: USD | G45: =SUM(L45:ALS45) -> 0 | L45: =SUM(L39,L41,L43) -> 0 | Q45: =SUM(Q39,Q41,Q43) -> 0 | V45: =SUM(V39,V41,V43) -> 0 | AA45: =SUM(AA39,AA41,AA43) -> 0 | AF45: =SUM(AF39,AF41,AF43) -> 0 | AK45: =SUM(AK39,AK41,AK43) -> 0 | AP45: =SUM(AP39,AP41,AP43) -> 0 | AU45: =SUM(AU39,AU41,AU43) -> 0 | AZ45: =SUM(AZ39,AZ41,AZ43) -> 0 | BE45: =SUM(BE39,BE41,BE43) -> 0 | BJ45: =SUM(BJ39,BJ41,BJ43) -> 0 | BO45: =SUM(BO39,BO41,BO43) -> 0 | BT45: =SUM(BT39,BT41,BT43) -> 0 | BY45: =SUM(BY39,BY41,BY43) -> 0 | CD45: =SUM(CD39,CD41,CD43) -> 0 | CI45: =SUM(CI39,CI41,CI43) -> 0 | CN45: =SUM(CN39,CN41,CN43) -> 0 | CS45: =SUM(CS39,CS41,CS43) -> 0 | CX45: =SUM(CX39,CX41,CX43) -> 0 | DC45: =SUM(DC39,DC41,DC43) -> 0 | DH45: =SUM(DH39,DH41,DH43) -> 0 | DM45: =SUM(DM39,DM41,DM43) -> 0 | DR45: =SUM(DR39,DR41,DR43) -> 0 | DW45: =SUM(DW39,DW41,DW43) -> 0 | EB45: =SUM(EB39,EB41,EB43) -> 0 | EG45: =SUM(EG39,EG41,EG43) -> 0 | EL45: =SUM(EL39,EL41,EL43) -> 0 | EQ45: =SUM(EQ39,EQ41,EQ43) -> 0 | EV45: =SUM(EV39,EV41,EV43) -> 0 | FA45: =SUM(FA39,FA41,FA43) -> 0 | FF45: =SUM(FF39,FF41,FF43) -> 0 | FK45: =SUM(FK39,FK41,FK43) -> 0 | FP45: =SUM(FP39,FP41,FP43) -> 0 | FU45: =SUM(FU39,FU41,FU43) -> 0 | FZ45: =SUM(FZ39,FZ41,FZ43) -> 0 | GE45: =SUM(GE39,GE41,GE43) -> 0 | GJ45: =SUM(GJ39,GJ41,GJ43) -> 0 | GO45: =SUM(GO39,GO41,GO43) -> 0 | GT45: =SUM(GT39,GT41,GT43) -> 0 | GY45: =SUM(GY39,GY41,GY43) -> 0 | HD45: =SUM(HD39,HD41,HD43) -> 0 | HI45: =SUM(HI39,HI41,HI43) -> 0 | HN45: =SUM(HN39,HN41,HN43) -> 0 | HS45: =SUM(HS39,HS41,HS43) -> 0 | HX45: =SUM(HX39,HX41,HX43) -> 0 | IC45: =SUM(IC39,IC41,IC43) -> 0 | IH45: =SUM(IH39,IH41,IH43) -> 0 | IM45: =SUM(IM39,IM41,IM43) -> 0 | IR45: =SUM(IR39,IR41,IR43) -> 0 | IW45: =SUM(IW39,IW41,IW43) -> 0
D48: Part 1: Available tax credit benefit
G50: Qualifying Bermuda Group
C52: S2B8.1 | D52: Accrued substance-based tax credit benefit (from item S2A3) | F52: =IFERROR(INDEX('Helper 1'!$I$2:$I$19,MATCH('Schedule 1'!$G$20,'Helper 1'!$H$2:$H$19,0)),"") | G52: =G13 -> 0
C54: S2B8.2 | D54: Total opening tax credit carryforward amount (from item S6A5) | F54: =IFERROR(INDEX('Helper 1'!$I$2:$I$19,MATCH('Schedule 1'!$G$20,'Helper 1'!$H$2:$H$19,0)),"") | G54: ='Schedule 6'!G18 -> 0
C56: S2B8.3 | D56: Available tax credit benefit (section 24(2)) | F56: =IFERROR(INDEX('Helper 1'!$I$2:$I$19,MATCH('Schedule 1'!$G$20,'Helper 1'!$H$2:$H$19,0)),"") | G56: =SUM(G52,G54) -> 0
D60: Part 2: Distributable tax credit benefit limitation
G62: Qualifying Bermuda Group
C64: S2B9 | D64: CIT charge of the Qualifying Bermuda Group (from item S2B18) | F64: =IFERROR(INDEX('Helper 1'!$I$2:$I$19,MATCH('Schedule 1'!$G$20,'Helper 1'!$H$2:$H$19,0)),"") | G64: =IF(G89="",0,G89) -> 0
C66: S2B10 | D66: Bermuda payroll tax charge of the Qualifying Bermuda Group (from item S2B67) | F66: =IFERROR(INDEX('Helper 1'!$I$2:$I$19,MATCH('Schedule 1'!$G$20,'Helper 1'!$H$2:$H$19,0)),"") | G66: =IF(G186="",0,G186) -> 0
C68: S2B11 | D68: Aggregate Bermuda Tax Charge (section 24(5)) | F68: =IFERROR(INDEX('Helper 1'!$I$2:$I$19,MATCH('Schedule 1'!$G$20,'Helper 1'!$H$2:$H$19,0)),"") | G68: =SUM(G64,G66) -> 0
F69: =IF(G68<>0,IF(AND('Schedule 1'!G44='Helper 1'!P2,'Schedule 1'!G49=""),"Complete item S1B6",IF(AND('Schedule 1'!G44<>'Helper 1'!P2,'Schedule 1'!G15=""),"Complete item S1A4","")),"")
C70: S2B12 | D70: Distributable benefit factor (section 24(6)) | G70: =IF(F69<>"","",IF(AND('Schedule 1'!G44='Helper 1'!P2,'Schedule 1'!G49=""),0,IF(AND('Schedule 1'!G44<>'Helper 1'!P2,'Schedule 1'!G15=""),0,'Helper 1'!AQ1))) -> 0
C72: S2B13 | D72: Product of items S2B11 and S2B12 (section 24(4)(a)) | F72: =IFERROR(INDEX('Helper 1'!$I$2:$I$19,MATCH('Schedule 1'!$G$20,'Helper 1'!$H$2:$H$19,0)),"") | G72: =IF(F69<>"","",ROUND(G68*G70,2)) -> 0
C74: S2B14 | D74: Opening tax credit carryforward amount allocated to the third preceding benefit period (from item S6A1) | F74: =IFERROR(INDEX('Helper 1'!$I$2:$I$19,MATCH('Schedule 1'!$G$20,'Helper 1'!$H$2:$H$19,0)),"") | G74: ='Schedule 6'!G10 -> 0
C76: S2B15 | D76: Distributable tax credit benefit limitation, equal to the greater of items S2B13 and S2B14 (section 24(4)) | F76: =IFERROR(INDEX('Helper 1'!$I$2:$I$19,MATCH('Schedule 1'!$G$20,'Helper 1'!$H$2:$H$19,0)),"") | G76: =MAX(G72,G74) -> 0
D80: Part 3: CIT charge of the Qualifying Bermuda Group
G82: Qualifying Bermuda Group | K82: BCE Group #1 | P82: BCE Group #2 | U82: BCE Group #3 | Z82: BCE Group #4 | AE82: BCE Group #5 | AJ82: BCE Group #6 | AO82: BCE Group #7 | AT82: BCE Group #8 | AY82: BCE Group #9 | BD82: BCE Group #10
D83: With respect to each BCE Group which includes (as a BCE member) at least one QBGE from the Qualifying Bermuda Group during
D84: the tax credit determination period:
C85: S2B16 | D85: - indicate the Filing BCE of the BCE Group for the fiscal year which includes the tax credit determination period; and
F86: =IF('Schedule 1'!$G$44<>'Helper 1'!$P$2,"",IF(OR('Schedule 1'!$G$49="",'Schedule 1'!$G$50=""),"Complete items S1B6 and S1B7",IF(OR('Schedule 1'!$G$15="",'Schedule 1'!$G$16=""),"Complete items S1A4 and S1A5",IF('Schedule 1'!$G$50<'Schedule 1'!$G$16,"Section 24(7) applies (i.e. item",""))))
C87: S2B17 | D87: - indicate the group TIN assigned to the BCE Group for CIT purposes. | F87: =IF('Schedule 1'!$G$44<>'Helper 1'!$P$2,"",IF(OR('Schedule 1'!$G$49="",'Schedule 1'!$G$50=""),"",IF(OR('Schedule 1'!$G$15="",'Schedule 1'!$G$16=""),"",IF('Schedule 1'!$G$50<'Schedule 1'!$G$16,"S1B7 precedes item S1A5), such",""))))
F88: =IF('Schedule 1'!$G$44<>'Helper 1'!$P$2,"",IF(OR('Schedule 1'!$G$49="",'Schedule 1'!$G$50=""),"",IF(OR('Schedule 1'!$G$15="",'Schedule 1'!$G$16=""),"",IF('Schedule 1'!$G$50<'Schedule 1'!$G$16,"that the CIT charge is regarded as nil",""))))
C89: S2B18 | D89: CIT charge of the BCE Group for the fiscal year which includes the tax credit determination period (section 24(5)(a)) | F89: =IFERROR(INDEX('Helper 1'!$I$2:$I$19,MATCH('Schedule 1'!$G$20,'Helper 1'!$H$2:$H$19,0)),"") | G89: =IF(F86<>"","",SUM(L89:BE89)) -> 0
D93: Part 4: Bermuda payroll tax charge of the Qualifying Bermuda Group
G95: Qualifying Bermuda Group | K95: =IF(K$7<>"",K$7,"") | P95: =IF(P$7<>"",P$7,"") | U95: =IF(U$7<>"",U$7,"") | Z95: =IF(Z$7<>"",Z$7,"") | AE95: =IF(AE$7<>"",AE$7,"") | AJ95: =IF(AJ$7<>"",AJ$7,"") | AO95: =IF(AO$7<>"",AO$7,"") | AT95: =IF(AT$7<>"",AT$7,"") | AY95: =IF(AY$7<>"",AY$7,"") | BD95: =IF(BD$7<>"",BD$7,"") | BI95: =IF(BI$7<>"",BI$7,"") | BN95: =IF(BN$7<>"",BN$7,"") | BS95: =IF(BS$7<>"",BS$7,"") | BX95: =IF(BX$7<>"",BX$7,"") | CC95: =IF(CC$7<>"",CC$7,"") | CH95: =IF(CH$7<>"",CH$7,"") | CM95: =IF(CM$7<>"",CM$7,"") | CR95: =IF(CR$7<>"",CR$7,"") | CW95: =IF(CW$7<>"",CW$7,"") | DB95: =IF(DB$7<>"",DB$7,"") | DG95: =IF(DG$7<>"",DG$7,"") | DL95: =IF(DL$7<>"",DL$7,"") | DQ95: =IF(DQ$7<>"",DQ$7,"") | DV95: =IF(DV$7<>"",DV$7,"") | EA95: =IF(EA$7<>"",EA$7,"") | EF95: =IF(EF$7<>"",EF$7,"") | EK95: =IF(EK$7<>"",EK$7,"") | EP95: =IF(EP$7<>"",EP$7,"") | EU95: =IF(EU$7<>"",EU$7,"") | EZ95: =IF(EZ$7<>"",EZ$7,"") | FE95: =IF(FE$7<>"",FE$7,"") | FJ95: =IF(FJ$7<>"",FJ$7,"") | FO95: =IF(FO$7<>"",FO$7,"") | FT95: =IF(FT$7<>"",FT$7,"") | FY95: =IF(FY$7<>"",FY$7,"") | GD95: =IF(GD$7<>"",GD$7,"") | GI95: =IF(GI$7<>"",GI$7,"") | GN95: =IF(GN$7<>"",GN$7,"") | GS95: =IF(GS$7<>"",GS$7,"") | GX95: =IF(GX$7<>"",GX$7,"") | HC95: =IF(HC$7<>"",HC$7,"") | HH95: =IF(HH$7<>"",HH$7,"") | HM95: =IF(HM$7<>"",HM$7,"") | HR95: =IF(HR$7<>"",HR$7,"") | HW95: =IF(HW$7<>"",HW$7,"") | IB95: =IF(IB$7<>"",IB$7,"") | IG95: =IF(IG$7<>"",IG$7,"") | IL95: =IF(IL$7<>"",IL$7,"") | IQ95: =IF(IQ$7<>"",IQ$7,"") | IV95: =IF(IV$7<>"",IV$7,"")
C97: S2B19 | D97: First payroll tax period of the QBGE which falls (wholly or partly) within the tax credit determination period | L97: =IF(AND(K95<>"",'Helper 1'!$AN$4<>""),'Helper 1'!$AN$4,"") | Q97: =IF(AND(P95<>"",'Helper 1'!$AN$4<>""),'Helper 1'!$AN$4,"") | V97: =IF(AND(U95<>"",'Helper 1'!$AN$4<>""),'Helper 1'!$AN$4,"") | AA97: =IF(AND(Z95<>"",'Helper 1'!$AN$4<>""),'Helper 1'!$AN$4,"") | AF97: =IF(AND(AE95<>"",'Helper 1'!$AN$4<>""),'Helper 1'!$AN$4,"") | AK97: =IF(AND(AJ95<>"",'Helper 1'!$AN$4<>""),'Helper 1'!$AN$4,"") | AP97: =IF(AND(AO95<>"",'Helper 1'!$AN$4<>""),'Helper 1'!$AN$4,"") | AU97: =IF(AND(AT95<>"",'Helper 1'!$AN$4<>""),'Helper 1'!$AN$4,"") | AZ97: =IF(AND(AY95<>"",'Helper 1'!$AN$4<>""),'Helper 1'!$AN$4,"") | BE97: =IF(AND(BD95<>"",'Helper 1'!$AN$4<>""),'Helper 1'!$AN$4,"") | BJ97: =IF(AND(BI95<>"",'Helper 1'!$AN$4<>""),'Helper 1'!$AN$4,"") | BO97: =IF(AND(BN95<>"",'Helper 1'!$AN$4<>""),'Helper 1'!$AN$4,"") | BT97: =IF(AND(BS95<>"",'Helper 1'!$AN$4<>""),'Helper 1'!$AN$4,"") | BY97: =IF(AND(BX95<>"",'Helper 1'!$AN$4<>""),'Helper 1'!$AN$4,"") | CD97: =IF(AND(CC95<>"",'Helper 1'!$AN$4<>""),'Helper 1'!$AN$4,"") | CI97: =IF(AND(CH95<>"",'Helper 1'!$AN$4<>""),'Helper 1'!$AN$4,"") | CN97: =IF(AND(CM95<>"",'Helper 1'!$AN$4<>""),'Helper 1'!$AN$4,"") | CS97: =IF(AND(CR95<>"",'Helper 1'!$AN$4<>""),'Helper 1'!$AN$4,"") | CX97: =IF(AND(CW95<>"",'Helper 1'!$AN$4<>""),'Helper 1'!$AN$4,"") | DC97: =IF(AND(DB95<>"",'Helper 1'!$AN$4<>""),'Helper 1'!$AN$4,"") | DH97: =IF(AND(DG95<>"",'Helper 1'!$AN$4<>""),'Helper 1'!$AN$4,"") | DM97: =IF(AND(DL95<>"",'Helper 1'!$AN$4<>""),'Helper 1'!$AN$4,"") | DR97: =IF(AND(DQ95<>"",'Helper 1'!$AN$4<>""),'Helper 1'!$AN$4,"") | DW97: =IF(AND(DV95<>"",'Helper 1'!$AN$4<>""),'Helper 1'!$AN$4,"") | EB97: =IF(AND(EA95<>"",'Helper 1'!$AN$4<>""),'Helper 1'!$AN$4,"") | EG97: =IF(AND(EF95<>"",'Helper 1'!$AN$4<>""),'Helper 1'!$AN$4,"") | EL97: =IF(AND(EK95<>"",'Helper 1'!$AN$4<>""),'Helper 1'!$AN$4,"") | EQ97: =IF(AND(EP95<>"",'Helper 1'!$AN$4<>""),'Helper 1'!$AN$4,"") | EV97: =IF(AND(EU95<>"",'Helper 1'!$AN$4<>""),'Helper 1'!$AN$4,"") | FA97: =IF(AND(EZ95<>"",'Helper 1'!$AN$4<>""),'Helper 1'!$AN$4,"") | FF97: =IF(AND(FE95<>"",'Helper 1'!$AN$4<>""),'Helper 1'!$AN$4,"") | FK97: =IF(AND(FJ95<>"",'Helper 1'!$AN$4<>""),'Helper 1'!$AN$4,"") | FP97: =IF(AND(FO95<>"",'Helper 1'!$AN$4<>""),'Helper 1'!$AN$4,"") | FU97: =IF(AND(FT95<>"",'Helper 1'!$AN$4<>""),'Helper 1'!$AN$4,"") | FZ97: =IF(AND(FY95<>"",'Helper 1'!$AN$4<>""),'Helper 1'!$AN$4,"") | GE97: =IF(AND(GD95<>"",'Helper 1'!$AN$4<>""),'Helper 1'!$AN$4,"") | GJ97: =IF(AND(GI95<>"",'Helper 1'!$AN$4<>""),'Helper 1'!$AN$4,"") | GO97: =IF(AND(GN95<>"",'Helper 1'!$AN$4<>""),'Helper 1'!$AN$4,"") | GT97: =IF(AND(GS95<>"",'Helper 1'!$AN$4<>""),'Helper 1'!$AN$4,"") | GY97: =IF(AND(GX95<>"",'Helper 1'!$AN$4<>""),'Helper 1'!$AN$4,"") | HD97: =IF(AND(HC95<>"",'Helper 1'!$AN$4<>""),'Helper 1'!$AN$4,"") | HI97: =IF(AND(HH95<>"",'Helper 1'!$AN$4<>""),'Helper 1'!$AN$4,"") | HN97: =IF(AND(HM95<>"",'Helper 1'!$AN$4<>""),'Helper 1'!$AN$4,"") | HS97: =IF(AND(HR95<>"",'Helper 1'!$AN$4<>""),'Helper 1'!$AN$4,"") | HX97: =IF(AND(HW95<>"",'Helper 1'!$AN$4<>""),'Helper 1'!$AN$4,"") | IC97: =IF(AND(IB95<>"",'Helper 1'!$AN$4<>""),'Helper 1'!$AN$4,"") | IH97: =IF(AND(IG95<>"",'Helper 1'!$AN$4<>""),'Helper 1'!$AN$4,"") | IM97: =IF(AND(IL95<>"",'Helper 1'!$AN$4<>""),'Helper 1'!$AN$4,"") | IR97: =IF(AND(IQ95<>"",'Helper 1'!$AN$4<>""),'Helper 1'!$AN$4,"") | IW97: =IF(AND(IV95<>"",'Helper 1'!$AN$4<>""),'Helper 1'!$AN$4,"")
C99: S2B20 | D99: Number of days in the payroll tax period which fall within the tax credit determination period (section 24(5)(b)(ii)(B)) | L99: =IF(L97<>"",INDEX('Helper 1'!$AK$4:$AK$27,MATCH(L97,'Helper 1'!$AG$4:$AG$27,0)),"") | Q99: =IF(Q97<>"",INDEX('Helper 1'!$AK$4:$AK$27,MATCH(Q97,'Helper 1'!$AG$4:$AG$27,0)),"") | V99: =IF(V97<>"",INDEX('Helper 1'!$AK$4:$AK$27,MATCH(V97,'Helper 1'!$AG$4:$AG$27,0)),"") | AA99: =IF(AA97<>"",INDEX('Helper 1'!$AK$4:$AK$27,MATCH(AA97,'Helper 1'!$AG$4:$AG$27,0)),"") | AF99: =IF(AF97<>"",INDEX('Helper 1'!$AK$4:$AK$27,MATCH(AF97,'Helper 1'!$AG$4:$AG$27,0)),"") | AK99: =IF(AK97<>"",INDEX('Helper 1'!$AK$4:$AK$27,MATCH(AK97,'Helper 1'!$AG$4:$AG$27,0)),"") | AP99: =IF(AP97<>"",INDEX('Helper 1'!$AK$4:$AK$27,MATCH(AP97,'Helper 1'!$AG$4:$AG$27,0)),"") | AU99: =IF(AU97<>"",INDEX('Helper 1'!$AK$4:$AK$27,MATCH(AU97,'Helper 1'!$AG$4:$AG$27,0)),"") | AZ99: =IF(AZ97<>"",INDEX('Helper 1'!$AK$4:$AK$27,MATCH(AZ97,'Helper 1'!$AG$4:$AG$27,0)),"") | BE99: =IF(BE97<>"",INDEX('Helper 1'!$AK$4:$AK$27,MATCH(BE97,'Helper 1'!$AG$4:$AG$27,0)),"") | BJ99: =IF(BJ97<>"",INDEX('Helper 1'!$AK$4:$AK$27,MATCH(BJ97,'Helper 1'!$AG$4:$AG$27,0)),"") | BO99: =IF(BO97<>"",INDEX('Helper 1'!$AK$4:$AK$27,MATCH(BO97,'Helper 1'!$AG$4:$AG$27,0)),"") | BT99: =IF(BT97<>"",INDEX('Helper 1'!$AK$4:$AK$27,MATCH(BT97,'Helper 1'!$AG$4:$AG$27,0)),"") | BY99: =IF(BY97<>"",INDEX('Helper 1'!$AK$4:$AK$27,MATCH(BY97,'Helper 1'!$AG$4:$AG$27,0)),"") | CD99: =IF(CD97<>"",INDEX('Helper 1'!$AK$4:$AK$27,MATCH(CD97,'Helper 1'!$AG$4:$AG$27,0)),"") | CI99: =IF(CI97<>"",INDEX('Helper 1'!$AK$4:$AK$27,MATCH(CI97,'Helper 1'!$AG$4:$AG$27,0)),"") | CN99: =IF(CN97<>"",INDEX('Helper 1'!$AK$4:$AK$27,MATCH(CN97,'Helper 1'!$AG$4:$AG$27,0)),"") | CS99: =IF(CS97<>"",INDEX('Helper 1'!$AK$4:$AK$27,MATCH(CS97,'Helper 1'!$AG$4:$AG$27,0)),"") | CX99: =IF(CX97<>"",INDEX('Helper 1'!$AK$4:$AK$27,MATCH(CX97,'Helper 1'!$AG$4:$AG$27,0)),"") | DC99: =IF(DC97<>"",INDEX('Helper 1'!$AK$4:$AK$27,MATCH(DC97,'Helper 1'!$AG$4:$AG$27,0)),"") | DH99: =IF(DH97<>"",INDEX('Helper 1'!$AK$4:$AK$27,MATCH(DH97,'Helper 1'!$AG$4:$AG$27,0)),"") | DM99: =IF(DM97<>"",INDEX('Helper 1'!$AK$4:$AK$27,MATCH(DM97,'Helper 1'!$AG$4:$AG$27,0)),"") | DR99: =IF(DR97<>"",INDEX('Helper 1'!$AK$4:$AK$27,MATCH(DR97,'Helper 1'!$AG$4:$AG$27,0)),"") | DW99: =IF(DW97<>"",INDEX('Helper 1'!$AK$4:$AK$27,MATCH(DW97,'Helper 1'!$AG$4:$AG$27,0)),"") | EB99: =IF(EB97<>"",INDEX('Helper 1'!$AK$4:$AK$27,MATCH(EB97,'Helper 1'!$AG$4:$AG$27,0)),"") | EG99: =IF(EG97<>"",INDEX('Helper 1'!$AK$4:$AK$27,MATCH(EG97,'Helper 1'!$AG$4:$AG$27,0)),"") | EL99: =IF(EL97<>"",INDEX('Helper 1'!$AK$4:$AK$27,MATCH(EL97,'Helper 1'!$AG$4:$AG$27,0)),"") | EQ99: =IF(EQ97<>"",INDEX('Helper 1'!$AK$4:$AK$27,MATCH(EQ97,'Helper 1'!$AG$4:$AG$27,0)),"") | EV99: =IF(EV97<>"",INDEX('Helper 1'!$AK$4:$AK$27,MATCH(EV97,'Helper 1'!$AG$4:$AG$27,0)),"") | FA99: =IF(FA97<>"",INDEX('Helper 1'!$AK$4:$AK$27,MATCH(FA97,'Helper 1'!$AG$4:$AG$27,0)),"") | FF99: =IF(FF97<>"",INDEX('Helper 1'!$AK$4:$AK$27,MATCH(FF97,'Helper 1'!$AG$4:$AG$27,0)),"") | FK99: =IF(FK97<>"",INDEX('Helper 1'!$AK$4:$AK$27,MATCH(FK97,'Helper 1'!$AG$4:$AG$27,0)),"") | FP99: =IF(FP97<>"",INDEX('Helper 1'!$AK$4:$AK$27,MATCH(FP97,'Helper 1'!$AG$4:$AG$27,0)),"") | FU99: =IF(FU97<>"",INDEX('Helper 1'!$AK$4:$AK$27,MATCH(FU97,'Helper 1'!$AG$4:$AG$27,0)),"") | FZ99: =IF(FZ97<>"",INDEX('Helper 1'!$AK$4:$AK$27,MATCH(FZ97,'Helper 1'!$AG$4:$AG$27,0)),"") | GE99: =IF(GE97<>"",INDEX('Helper 1'!$AK$4:$AK$27,MATCH(GE97,'Helper 1'!$AG$4:$AG$27,0)),"") | GJ99: =IF(GJ97<>"",INDEX('Helper 1'!$AK$4:$AK$27,MATCH(GJ97,'Helper 1'!$AG$4:$AG$27,0)),"") | GO99: =IF(GO97<>"",INDEX('Helper 1'!$AK$4:$AK$27,MATCH(GO97,'Helper 1'!$AG$4:$AG$27,0)),"") | GT99: =IF(GT97<>"",INDEX('Helper 1'!$AK$4:$AK$27,MATCH(GT97,'Helper 1'!$AG$4:$AG$27,0)),"") | GY99: =IF(GY97<>"",INDEX('Helper 1'!$AK$4:$AK$27,MATCH(GY97,'Helper 1'!$AG$4:$AG$27,0)),"") | HD99: =IF(HD97<>"",INDEX('Helper 1'!$AK$4:$AK$27,MATCH(HD97,'Helper 1'!$AG$4:$AG$27,0)),"") | HI99: =IF(HI97<>"",INDEX('Helper 1'!$AK$4:$AK$27,MATCH(HI97,'Helper 1'!$AG$4:$AG$27,0)),"") | HN99: =IF(HN97<>"",INDEX('Helper 1'!$AK$4:$AK$27,MATCH(HN97,'Helper 1'!$AG$4:$AG$27,0)),"") | HS99: =IF(HS97<>"",INDEX('Helper 1'!$AK$4:$AK$27,MATCH(HS97,'Helper 1'!$AG$4:$AG$27,0)),"") | HX99: =IF(HX97<>"",INDEX('Helper 1'!$AK$4:$AK$27,MATCH(HX97,'Helper 1'!$AG$4:$AG$27,0)),"") | IC99: =IF(IC97<>"",INDEX('Helper 1'!$AK$4:$AK$27,MATCH(IC97,'Helper 1'!$AG$4:$AG$27,0)),"") | IH99: =IF(IH97<>"",INDEX('Helper 1'!$AK$4:$AK$27,MATCH(IH97,'Helper 1'!$AG$4:$AG$27,0)),"") | IM99: =IF(IM97<>"",INDEX('Helper 1'!$AK$4:$AK$27,MATCH(IM97,'Helper 1'!$AG$4:$AG$27,0)),"") | IR99: =IF(IR97<>"",INDEX('Helper 1'!$AK$4:$AK$27,MATCH(IR97,'Helper 1'!$AG$4:$AG$27,0)),"") | IW99: =IF(IW97<>"",INDEX('Helper 1'!$AK$4:$AK$27,MATCH(IW97,'Helper 1'!$AG$4:$AG$27,0)),"")
C100: S2B21 | D100: Total number of days in the payroll tax period (section 24(5)(b)(ii)(B)) | L100: =IF(L97<>"",INDEX('Helper 1'!$AJ$4:$AJ$27,MATCH(L97,'Helper 1'!$AG$4:$AG$27,0)),"") | Q100: =IF(Q97<>"",INDEX('Helper 1'!$AJ$4:$AJ$27,MATCH(Q97,'Helper 1'!$AG$4:$AG$27,0)),"") | V100: =IF(V97<>"",INDEX('Helper 1'!$AJ$4:$AJ$27,MATCH(V97,'Helper 1'!$AG$4:$AG$27,0)),"") | AA100: =IF(AA97<>"",INDEX('Helper 1'!$AJ$4:$AJ$27,MATCH(AA97,'Helper 1'!$AG$4:$AG$27,0)),"") | AF100: =IF(AF97<>"",INDEX('Helper 1'!$AJ$4:$AJ$27,MATCH(AF97,'Helper 1'!$AG$4:$AG$27,0)),"") | AK100: =IF(AK97<>"",INDEX('Helper 1'!$AJ$4:$AJ$27,MATCH(AK97,'Helper 1'!$AG$4:$AG$27,0)),"") | AP100: =IF(AP97<>"",INDEX('Helper 1'!$AJ$4:$AJ$27,MATCH(AP97,'Helper 1'!$AG$4:$AG$27,0)),"") | AU100: =IF(AU97<>"",INDEX('Helper 1'!$AJ$4:$AJ$27,MATCH(AU97,'Helper 1'!$AG$4:$AG$27,0)),"") | AZ100: =IF(AZ97<>"",INDEX('Helper 1'!$AJ$4:$AJ$27,MATCH(AZ97,'Helper 1'!$AG$4:$AG$27,0)),"") | BE100: =IF(BE97<>"",INDEX('Helper 1'!$AJ$4:$AJ$27,MATCH(BE97,'Helper 1'!$AG$4:$AG$27,0)),"") | BJ100: =IF(BJ97<>"",INDEX('Helper 1'!$AJ$4:$AJ$27,MATCH(BJ97,'Helper 1'!$AG$4:$AG$27,0)),"") | BO100: =IF(BO97<>"",INDEX('Helper 1'!$AJ$4:$AJ$27,MATCH(BO97,'Helper 1'!$AG$4:$AG$27,0)),"") | BT100: =IF(BT97<>"",INDEX('Helper 1'!$AJ$4:$AJ$27,MATCH(BT97,'Helper 1'!$AG$4:$AG$27,0)),"") | BY100: =IF(BY97<>"",INDEX('Helper 1'!$AJ$4:$AJ$27,MATCH(BY97,'Helper 1'!$AG$4:$AG$27,0)),"") | CD100: =IF(CD97<>"",INDEX('Helper 1'!$AJ$4:$AJ$27,MATCH(CD97,'Helper 1'!$AG$4:$AG$27,0)),"") | CI100: =IF(CI97<>"",INDEX('Helper 1'!$AJ$4:$AJ$27,MATCH(CI97,'Helper 1'!$AG$4:$AG$27,0)),"") | CN100: =IF(CN97<>"",INDEX('Helper 1'!$AJ$4:$AJ$27,MATCH(CN97,'Helper 1'!$AG$4:$AG$27,0)),"") | CS100: =IF(CS97<>"",INDEX('Helper 1'!$AJ$4:$AJ$27,MATCH(CS97,'Helper 1'!$AG$4:$AG$27,0)),"") | CX100: =IF(CX97<>"",INDEX('Helper 1'!$AJ$4:$AJ$27,MATCH(CX97,'Helper 1'!$AG$4:$AG$27,0)),"") | DC100: =IF(DC97<>"",INDEX('Helper 1'!$AJ$4:$AJ$27,MATCH(DC97,'Helper 1'!$AG$4:$AG$27,0)),"") | DH100: =IF(DH97<>"",INDEX('Helper 1'!$AJ$4:$AJ$27,MATCH(DH97,'Helper 1'!$AG$4:$AG$27,0)),"") | DM100: =IF(DM97<>"",INDEX('Helper 1'!$AJ$4:$AJ$27,MATCH(DM97,'Helper 1'!$AG$4:$AG$27,0)),"") | DR100: =IF(DR97<>"",INDEX('Helper 1'!$AJ$4:$AJ$27,MATCH(DR97,'Helper 1'!$AG$4:$AG$27,0)),"") | DW100: =IF(DW97<>"",INDEX('Helper 1'!$AJ$4:$AJ$27,MATCH(DW97,'Helper 1'!$AG$4:$AG$27,0)),"") | EB100: =IF(EB97<>"",INDEX('Helper 1'!$AJ$4:$AJ$27,MATCH(EB97,'Helper 1'!$AG$4:$AG$27,0)),"") | EG100: =IF(EG97<>"",INDEX('Helper 1'!$AJ$4:$AJ$27,MATCH(EG97,'Helper 1'!$AG$4:$AG$27,0)),"") | EL100: =IF(EL97<>"",INDEX('Helper 1'!$AJ$4:$AJ$27,MATCH(EL97,'Helper 1'!$AG$4:$AG$27,0)),"") | EQ100: =IF(EQ97<>"",INDEX('Helper 1'!$AJ$4:$AJ$27,MATCH(EQ97,'Helper 1'!$AG$4:$AG$27,0)),"") | EV100: =IF(EV97<>"",INDEX('Helper 1'!$AJ$4:$AJ$27,MATCH(EV97,'Helper 1'!$AG$4:$AG$27,0)),"") | FA100: =IF(FA97<>"",INDEX('Helper 1'!$AJ$4:$AJ$27,MATCH(FA97,'Helper 1'!$AG$4:$AG$27,0)),"") | FF100: =IF(FF97<>"",INDEX('Helper 1'!$AJ$4:$AJ$27,MATCH(FF97,'Helper 1'!$AG$4:$AG$27,0)),"") | FK100: =IF(FK97<>"",INDEX('Helper 1'!$AJ$4:$AJ$27,MATCH(FK97,'Helper 1'!$AG$4:$AG$27,0)),"") | FP100: =IF(FP97<>"",INDEX('Helper 1'!$AJ$4:$AJ$27,MATCH(FP97,'Helper 1'!$AG$4:$AG$27,0)),"") | FU100: =IF(FU97<>"",INDEX('Helper 1'!$AJ$4:$AJ$27,MATCH(FU97,'Helper 1'!$AG$4:$AG$27,0)),"") | FZ100: =IF(FZ97<>"",INDEX('Helper 1'!$AJ$4:$AJ$27,MATCH(FZ97,'Helper 1'!$AG$4:$AG$27,0)),"") | GE100: =IF(GE97<>"",INDEX('Helper 1'!$AJ$4:$AJ$27,MATCH(GE97,'Helper 1'!$AG$4:$AG$27,0)),"") | GJ100: =IF(GJ97<>"",INDEX('Helper 1'!$AJ$4:$AJ$27,MATCH(GJ97,'Helper 1'!$AG$4:$AG$27,0)),"") | GO100: =IF(GO97<>"",INDEX('Helper 1'!$AJ$4:$AJ$27,MATCH(GO97,'Helper 1'!$AG$4:$AG$27,0)),"") | GT100: =IF(GT97<>"",INDEX('Helper 1'!$AJ$4:$AJ$27,MATCH(GT97,'Helper 1'!$AG$4:$AG$27,0)),"") | GY100: =IF(GY97<>"",INDEX('Helper 1'!$AJ$4:$AJ$27,MATCH(GY97,'Helper 1'!$AG$4:$AG$27,0)),"") | HD100: =IF(HD97<>"",INDEX('Helper 1'!$AJ$4:$AJ$27,MATCH(HD97,'Helper 1'!$AG$4:$AG$27,0)),"") | HI100: =IF(HI97<>"",INDEX('Helper 1'!$AJ$4:$AJ$27,MATCH(HI97,'Helper 1'!$AG$4:$AG$27,0)),"") | HN100: =IF(HN97<>"",INDEX('Helper 1'!$AJ$4:$AJ$27,MATCH(HN97,'Helper 1'!$AG$4:$AG$27,0)),"") | HS100: =IF(HS97<>"",INDEX('Helper 1'!$AJ$4:$AJ$27,MATCH(HS97,'Helper 1'!$AG$4:$AG$27,0)),"") | HX100: =IF(HX97<>"",INDEX('Helper 1'!$AJ$4:$AJ$27,MATCH(HX97,'Helper 1'!$AG$4:$AG$27,0)),"") | IC100: =IF(IC97<>"",INDEX('Helper 1'!$AJ$4:$AJ$27,MATCH(IC97,'Helper 1'!$AG$4:$AG$27,0)),"") | IH100: =IF(IH97<>"",INDEX('Helper 1'!$AJ$4:$AJ$27,MATCH(IH97,'Helper 1'!$AG$4:$AG$27,0)),"") | IM100: =IF(IM97<>"",INDEX('Helper 1'!$AJ$4:$AJ$27,MATCH(IM97,'Helper 1'!$AG$4:$AG$27,0)),"") | IR100: =IF(IR97<>"",INDEX('Helper 1'!$AJ$4:$AJ$27,MATCH(IR97,'Helper 1'!$AG$4:$AG$27,0)),"") | IW100: =IF(IW97<>"",INDEX('Helper 1'!$AJ$4:$AJ$27,MATCH(IW97,'Helper 1'!$AG$4:$AG$27,0)),"")
C102: S2B22 | D102: Adjustment factor (item S2B20 divided by item S2B21) | L102: =IF(L97<>"",L99/L100,"") | Q102: =IF(Q97<>"",Q99/Q100,"") | V102: =IF(V97<>"",V99/V100,"") | AA102: =IF(AA97<>"",AA99/AA100,"") | AF102: =IF(AF97<>"",AF99/AF100,"") | AK102: =IF(AK97<>"",AK99/AK100,"") | AP102: =IF(AP97<>"",AP99/AP100,"") | AU102: =IF(AU97<>"",AU99/AU100,"") | AZ102: =IF(AZ97<>"",AZ99/AZ100,"") | BE102: =IF(BE97<>"",BE99/BE100,"") | BJ102: =IF(BJ97<>"",BJ99/BJ100,"") | BO102: =IF(BO97<>"",BO99/BO100,"") | BT102: =IF(BT97<>"",BT99/BT100,"") | BY102: =IF(BY97<>"",BY99/BY100,"") | CD102: =IF(CD97<>"",CD99/CD100,"") | CI102: =IF(CI97<>"",CI99/CI100,"") | CN102: =IF(CN97<>"",CN99/CN100,"") | CS102: =IF(CS97<>"",CS99/CS100,"") | CX102: =IF(CX97<>"",CX99/CX100,"") | DC102: =IF(DC97<>"",DC99/DC100,"") | DH102: =IF(DH97<>"",DH99/DH100,"") | DM102: =IF(DM97<>"",DM99/DM100,"") | DR102: =IF(DR97<>"",DR99/DR100,"") | DW102: =IF(DW97<>"",DW99/DW100,"") | EB102: =IF(EB97<>"",EB99/EB100,"") | EG102: =IF(EG97<>"",EG99/EG100,"") | EL102: =IF(EL97<>"",EL99/EL100,"") | EQ102: =IF(EQ97<>"",EQ99/EQ100,"") | EV102: =IF(EV97<>"",EV99/EV100,"") | FA102: =IF(FA97<>"",FA99/FA100,"") | FF102: =IF(FF97<>"",FF99/FF100,"") | FK102: =IF(FK97<>"",FK99/FK100,"") | FP102: =IF(FP97<>"",FP99/FP100,"") | FU102: =IF(FU97<>"",FU99/FU100,"") | FZ102: =IF(FZ97<>"",FZ99/FZ100,"") | GE102: =IF(GE97<>"",GE99/GE100,"") | GJ102: =IF(GJ97<>"",GJ99/GJ100,"") | GO102: =IF(GO97<>"",GO99/GO100,"") | GT102: =IF(GT97<>"",GT99/GT100,"") | GY102: =IF(GY97<>"",GY99/GY100,"") | HD102: =IF(HD97<>"",HD99/HD100,"") | HI102: =IF(HI97<>"",HI99/HI100,"") | HN102: =IF(HN97<>"",HN99/HN100,"") | HS102: =IF(HS97<>"",HS99/HS100,"") | HX102: =IF(HX97<>"",HX99/HX100,"") | IC102: =IF(IC97<>"",IC99/IC100,"") | IH102: =IF(IH97<>"",IH99/IH100,"") | IM102: =IF(IM97<>"",IM99/IM100,"") | IR102: =IF(IR97<>"",IR99/IR100,"") | IW102: =IF(IW97<>"",IW99/IW100,"")
C104: S2B23 | D104: Bermuda payroll tax charge incurred by the QBGE with respect to the full payroll tax period, in U.S. dollars (section 24(5)(b)(i) or (ii)(A)) | F104: USD
C106: S2B24 | D106: Adjusted Bermuda payroll tax charge for the payroll tax period, in U.S. dollars (item S2B22 multiplied by item S2B23) | F106: USD | G106: =IF(F108<>"","",SUM(L106:IX106)) -> 0 | L106: =IF(L97<>"",L102*L104,"") | Q106: =IF(Q97<>"",Q102*Q104,"") | V106: =IF(V97<>"",V102*V104,"") | AA106: =IF(AA97<>"",AA102*AA104,"") | AF106: =IF(AF97<>"",AF102*AF104,"") | AK106: =IF(AK97<>"",AK102*AK104,"") | AP106: =IF(AP97<>"",AP102*AP104,"") | AU106: =IF(AU97<>"",AU102*AU104,"") | AZ106: =IF(AZ97<>"",AZ102*AZ104,"") | BE106: =IF(BE97<>"",BE102*BE104,"") | BJ106: =IF(BJ97<>"",BJ102*BJ104,"") | BO106: =IF(BO97<>"",BO102*BO104,"") | BT106: =IF(BT97<>"",BT102*BT104,"") | BY106: =IF(BY97<>"",BY102*BY104,"") | CD106: =IF(CD97<>"",CD102*CD104,"") | CI106: =IF(CI97<>"",CI102*CI104,"") | CN106: =IF(CN97<>"",CN102*CN104,"") | CS106: =IF(CS97<>"",CS102*CS104,"") | CX106: =IF(CX97<>"",CX102*CX104,"") | DC106: =IF(DC97<>"",DC102*DC104,"") | DH106: =IF(DH97<>"",DH102*DH104,"") | DM106: =IF(DM97<>"",DM102*DM104,"") | DR106: =IF(DR97<>"",DR102*DR104,"") | DW106: =IF(DW97<>"",DW102*DW104,"") | EB106: =IF(EB97<>"",EB102*EB104,"") | EG106: =IF(EG97<>"",EG102*EG104,"") | EL106: =IF(EL97<>"",EL102*EL104,"") | EQ106: =IF(EQ97<>"",EQ102*EQ104,"") | EV106: =IF(EV97<>"",EV102*EV104,"") | FA106: =IF(FA97<>"",FA102*FA104,"") | FF106: =IF(FF97<>"",FF102*FF104,"") | FK106: =IF(FK97<>"",FK102*FK104,"") | FP106: =IF(FP97<>"",FP102*FP104,"") | FU106: =IF(FU97<>"",FU102*FU104,"") | FZ106: =IF(FZ97<>"",FZ102*FZ104,"") | GE106: =IF(GE97<>"",GE102*GE104,"") | GJ106: =IF(GJ97<>"",GJ102*GJ104,"") | GO106: =IF(GO97<>"",GO102*GO104,"") | GT106: =IF(GT97<>"",GT102*GT104,"") | GY106: =IF(GY97<>"",GY102*GY104,"") | HD106: =IF(HD97<>"",HD102*HD104,"") | HI106: =IF(HI97<>"",HI102*HI104,"") | HN106: =IF(HN97<>"",HN102*HN104,"") | HS106: =IF(HS97<>"",HS102*HS104,"") | HX106: =IF(HX97<>"",HX102*HX104,"") | IC106: =IF(IC97<>"",IC102*IC104,"") | IH106: =IF(IH97<>"",IH102*IH104,"") | IM106: =IF(IM97<>"",IM102*IM104,"") | IR106: =IF(IR97<>"",IR102*IR104,"") | IW106: =IF(IW97<>"",IW102*IW104,"")
C107: S2B25 | D107: =IF(OR('Schedule 1'!$G$20='Helper 1'!$H$2,'Schedule 1'!$G$20='Helper 1'!$H$3),"Average foreign exchange rate for the tax credit determination period","Average foreign exchange rate for the tax credit determination period (from item S1A9)") -> Average foreign exchange rate for the tax credit determination period (from item S1A9) | G107: =IF(OR('Schedule 1'!$G$20='Helper 1'!$H$2,'Schedule 1'!$G$20='Helper 1'!$H$3),1,IF(F108<>"","",'Schedule 1'!$G$23)) -> 0 | L107: =$G$107 -> 0 | Q107: =$G$107 -> 0 | V107: =$G$107 -> 0 | AA107: =$G$107 -> 0 | AF107: =$G$107 -> 0 | AK107: =$G$107 -> 0 | AP107: =$G$107 -> 0 | AU107: =$G$107 -> 0 | AZ107: =$G$107 -> 0 | BE107: =$G$107 -> 0 | BJ107: =$G$107 -> 0 | BO107: =$G$107 -> 0 | BT107: =$G$107 -> 0 | BY107: =$G$107 -> 0 | CD107: =$G$107 -> 0 | CI107: =$G$107 -> 0 | CN107: =$G$107 -> 0 | CS107: =$G$107 -> 0 | CX107: =$G$107 -> 0 | DC107: =$G$107 -> 0 | DH107: =$G$107 -> 0 | DM107: =$G$107 -> 0 | DR107: =$G$107 -> 0 | DW107: =$G$107 -> 0 | EB107: =$G$107 -> 0 | EG107: =$G$107 -> 0 | EL107: =$G$107 -> 0 | EQ107: =$G$107 -> 0 | EV107: =$G$107 -> 0 | FA107: =$G$107 -> 0 | FF107: =$G$107 -> 0 | FK107: =$G$107 -> 0 | FP107: =$G$107 -> 0 | FU107: =$G$107 -> 0 | FZ107: =$G$107 -> 0 | GE107: =$G$107 -> 0 | GJ107: =$G$107 -> 0 | GO107: =$G$107 -> 0 | GT107: =$G$107 -> 0 | GY107: =$G$107 -> 0 | HD107: =$G$107 -> 0 | HI107: =$G$107 -> 0 | HN107: =$G$107 -> 0 | HS107: =$G$107 -> 0 | HX107: =$G$107 -> 0 | IC107: =$G$107 -> 0 | IH107: =$G$107 -> 0 | IM107: =$G$107 -> 0 | IR107: =$G$107 -> 0 | IW107: =$G$107 -> 0
F108: =IF('Helper 1'!AN4="","",IF('Schedule 1'!$G$20="","Complete item S1A7",IF(OR('Schedule 1'!$G$20='Helper 1'!$H$2,'Schedule 1'!$G$20='Helper 1'!$H$3),"",IF('Schedule 1'!$G$23="","Complete item S1A9",IF('Schedule 1'!$G$44='Helper 1'!$P$2,IF(OR('Schedule 1'!$G$49="",'Schedule 1'!$G$50=""),"Complete items S1B6 and S1B7",""),IF(OR('Schedule 1'!$G$15="",'Schedule 1'!$G$16=""),"Complete items S1A4 and S1A5","")))))) | L108: =IF(AND(L97<>"",$F$108<>""),$F$108,"") | Q108: =IF(AND(Q97<>"",$F$108<>""),$F$108,"") | V108: =IF(AND(V97<>"",$F$108<>""),$F$108,"") | AA108: =IF(AND(AA97<>"",$F$108<>""),$F$108,"") | AF108: =IF(AND(AF97<>"",$F$108<>""),$F$108,"") | AK108: =IF(AND(AK97<>"",$F$108<>""),$F$108,"") | AP108: =IF(AND(AP97<>"",$F$108<>""),$F$108,"") | AU108: =IF(AND(AU97<>"",$F$108<>""),$F$108,"") | AZ108: =IF(AND(AZ97<>"",$F$108<>""),$F$108,"") | BE108: =IF(AND(BE97<>"",$F$108<>""),$F$108,"") | BJ108: =IF(AND(BJ97<>"",$F$108<>""),$F$108,"") | BO108: =IF(AND(BO97<>"",$F$108<>""),$F$108,"") | BT108: =IF(AND(BT97<>"",$F$108<>""),$F$108,"") | BY108: =IF(AND(BY97<>"",$F$108<>""),$F$108,"") | CD108: =IF(AND(CD97<>"",$F$108<>""),$F$108,"") | CI108: =IF(AND(CI97<>"",$F$108<>""),$F$108,"") | CN108: =IF(AND(CN97<>"",$F$108<>""),$F$108,"") | CS108: =IF(AND(CS97<>"",$F$108<>""),$F$108,"") | CX108: =IF(AND(CX97<>"",$F$108<>""),$F$108,"") | DC108: =IF(AND(DC97<>"",$F$108<>""),$F$108,"") | DH108: =IF(AND(DH97<>"",$F$108<>""),$F$108,"") | DM108: =IF(AND(DM97<>"",$F$108<>""),$F$108,"") | DR108: =IF(AND(DR97<>"",$F$108<>""),$F$108,"") | DW108: =IF(AND(DW97<>"",$F$108<>""),$F$108,"") | EB108: =IF(AND(EB97<>"",$F$108<>""),$F$108,"") | EG108: =IF(AND(EG97<>"",$F$108<>""),$F$108,"") | EL108: =IF(AND(EL97<>"",$F$108<>""),$F$108,"") | EQ108: =IF(AND(EQ97<>"",$F$108<>""),$F$108,"") | EV108: =IF(AND(EV97<>"",$F$108<>""),$F$108,"") | FA108: =IF(AND(FA97<>"",$F$108<>""),$F$108,"") | FF108: =IF(AND(FF97<>"",$F$108<>""),$F$108,"") | FK108: =IF(AND(FK97<>"",$F$108<>""),$F$108,"") | FP108: =IF(AND(FP97<>"",$F$108<>""),$F$108,"") | FU108: =IF(AND(FU97<>"",$F$108<>""),$F$108,"") | FZ108: =IF(AND(FZ97<>"",$F$108<>""),$F$108,"") | GE108: =IF(AND(GE97<>"",$F$108<>""),$F$108,"") | GJ108: =IF(AND(GJ97<>"",$F$108<>""),$F$108,"") | GO108: =IF(AND(GO97<>"",$F$108<>""),$F$108,"") | GT108: =IF(AND(GT97<>"",$F$108<>""),$F$108,"") | GY108: =IF(AND(GY97<>"",$F$108<>""),$F$108,"") | HD108: =IF(AND(HD97<>"",$F$108<>""),$F$108,"") | HI108: =IF(AND(HI97<>"",$F$108<>""),$F$108,"") | HN108: =IF(AND(HN97<>"",$F$108<>""),$F$108,"") | HS108: =IF(AND(HS97<>"",$F$108<>""),$F$108,"") | HX108: =IF(AND(HX97<>"",$F$108<>""),$F$108,"") | IC108: =IF(AND(IC97<>"",$F$108<>""),$F$108,"") | IH108: =IF(AND(IH97<>"",$F$108<>""),$F$108,"") | IM108: =IF(AND(IM97<>"",$F$108<>""),$F$108,"") | IR108: =IF(AND(IR97<>"",$F$108<>""),$F$108,"") | IW108: =IF(AND(IW97<>"",$F$108<>""),$F$108,"")
C109: S2B26 | D109: Adjusted Bermuda payroll tax charge for the payroll tax period (item S2B24 divided by item S2B25) | F109: =IFERROR(INDEX('Helper 1'!$I$2:$I$19,MATCH('Schedule 1'!$G$20,'Helper 1'!$H$2:$H$19,0)),"") | G109: =IFERROR(IF(F108<>"","",G106/G107),0) -> 0 | L109: =IF(L108<>"","",IF(L97<>"",L106/L107,0)) -> 0 | Q109: =IF(Q108<>"","",IF(Q97<>"",Q106/Q107,0)) -> 0 | V109: =IF(V108<>"","",IF(V97<>"",V106/V107,0)) -> 0 | AA109: =IF(AA108<>"","",IF(AA97<>"",AA106/AA107,0)) -> 0 | AF109: =IF(AF108<>"","",IF(AF97<>"",AF106/AF107,0)) -> 0 | AK109: =IF(AK108<>"","",IF(AK97<>"",AK106/AK107,0)) -> 0 | AP109: =IF(AP108<>"","",IF(AP97<>"",AP106/AP107,0)) -> 0 | AU109: =IF(AU108<>"","",IF(AU97<>"",AU106/AU107,0)) -> 0 | AZ109: =IF(AZ108<>"","",IF(AZ97<>"",AZ106/AZ107,0)) -> 0 | BE109: =IF(BE108<>"","",IF(BE97<>"",BE106/BE107,0)) -> 0 | BJ109: =IF(BJ108<>"","",IF(BJ97<>"",BJ106/BJ107,0)) -> 0 | BO109: =IF(BO108<>"","",IF(BO97<>"",BO106/BO107,0)) -> 0 | BT109: =IF(BT108<>"","",IF(BT97<>"",BT106/BT107,0)) -> 0 | BY109: =IF(BY108<>"","",IF(BY97<>"",BY106/BY107,0)) -> 0 | CD109: =IF(CD108<>"","",IF(CD97<>"",CD106/CD107,0)) -> 0 | CI109: =IF(CI108<>"","",IF(CI97<>"",CI106/CI107,0)) -> 0 | CN109: =IF(CN108<>"","",IF(CN97<>"",CN106/CN107,0)) -> 0 | CS109: =IF(CS108<>"","",IF(CS97<>"",CS106/CS107,0)) -> 0 | CX109: =IF(CX108<>"","",IF(CX97<>"",CX106/CX107,0)) -> 0 | DC109: =IF(DC108<>"","",IF(DC97<>"",DC106/DC107,0)) -> 0 | DH109: =IF(DH108<>"","",IF(DH97<>"",DH106/DH107,0)) -> 0 | DM109: =IF(DM108<>"","",IF(DM97<>"",DM106/DM107,0)) -> 0 | DR109: =IF(DR108<>"","",IF(DR97<>"",DR106/DR107,0)) -> 0 | DW109: =IF(DW108<>"","",IF(DW97<>"",DW106/DW107,0)) -> 0 | EB109: =IF(EB108<>"","",IF(EB97<>"",EB106/EB107,0)) -> 0 | EG109: =IF(EG108<>"","",IF(EG97<>"",EG106/EG107,0)) -> 0 | EL109: =IF(EL108<>"","",IF(EL97<>"",EL106/EL107,0)) -> 0 | EQ109: =IF(EQ108<>"","",IF(EQ97<>"",EQ106/EQ107,0)) -> 0 | EV109: =IF(EV108<>"","",IF(EV97<>"",EV106/EV107,0)) -> 0 | FA109: =IF(FA108<>"","",IF(FA97<>"",FA106/FA107,0)) -> 0 | FF109: =IF(FF108<>"","",IF(FF97<>"",FF106/FF107,0)) -> 0 | FK109: =IF(FK108<>"","",IF(FK97<>"",FK106/FK107,0)) -> 0 | FP109: =IF(FP108<>"","",IF(FP97<>"",FP106/FP107,0)) -> 0 | FU109: =IF(FU108<>"","",IF(FU97<>"",FU106/FU107,0)) -> 0 | FZ109: =IF(FZ108<>"","",IF(FZ97<>"",FZ106/FZ107,0)) -> 0 | GE109: =IF(GE108<>"","",IF(GE97<>"",GE106/GE107,0)) -> 0 | GJ109: =IF(GJ108<>"","",IF(GJ97<>"",GJ106/GJ107,0)) -> 0 | GO109: =IF(GO108<>"","",IF(GO97<>"",GO106/GO107,0)) -> 0 | GT109: =IF(GT108<>"","",IF(GT97<>"",GT106/GT107,0)) -> 0 | GY109: =IF(GY108<>"","",IF(GY97<>"",GY106/GY107,0)) -> 0 | HD109: =IF(HD108<>"","",IF(HD97<>"",HD106/HD107,0)) -> 0 | HI109: =IF(HI108<>"","",IF(HI97<>"",HI106/HI107,0)) -> 0 | HN109: =IF(HN108<>"","",IF(HN97<>"",HN106/HN107,0)) -> 0 | HS109: =IF(HS108<>"","",IF(HS97<>"",HS106/HS107,0)) -> 0 | HX109: =IF(HX108<>"","",IF(HX97<>"",HX106/HX107,0)) -> 0 | IC109: =IF(IC108<>"","",IF(IC97<>"",IC106/IC107,0)) -> 0 | IH109: =IF(IH108<>"","",IF(IH97<>"",IH106/IH107,0)) -> 0 | IM109: =IF(IM108<>"","",IF(IM97<>"",IM106/IM107,0)) -> 0 | IR109: =IF(IR108<>"","",IF(IR97<>"",IR106/IR107,0)) -> 0 | IW109: =IF(IW108<>"","",IF(IW97<>"",IW106/IW107,0)) -> 0
C112: S2B27 | D112: Second payroll tax period of the QBGE which falls (wholly or partly) within the tax credit determination period | L112: =IF(AND(K95<>"",'Helper 1'!$AN$5<>""),'Helper 1'!$AN$5,"") | Q112: =IF(AND(P95<>"",'Helper 1'!$AN$5<>""),'Helper 1'!$AN$5,"") | V112: =IF(AND(U95<>"",'Helper 1'!$AN$5<>""),'Helper 1'!$AN$5,"") | AA112: =IF(AND(Z95<>"",'Helper 1'!$AN$5<>""),'Helper 1'!$AN$5,"") | AF112: =IF(AND(AE95<>"",'Helper 1'!$AN$5<>""),'Helper 1'!$AN$5,"") | AK112: =IF(AND(AJ95<>"",'Helper 1'!$AN$5<>""),'Helper 1'!$AN$5,"") | AP112: =IF(AND(AO95<>"",'Helper 1'!$AN$5<>""),'Helper 1'!$AN$5,"") | AU112: =IF(AND(AT95<>"",'Helper 1'!$AN$5<>""),'Helper 1'!$AN$5,"") | AZ112: =IF(AND(AY95<>"",'Helper 1'!$AN$5<>""),'Helper 1'!$AN$5,"") | BE112: =IF(AND(BD95<>"",'Helper 1'!$AN$5<>""),'Helper 1'!$AN$5,"") | BJ112: =IF(AND(BI95<>"",'Helper 1'!$AN$5<>""),'Helper 1'!$AN$5,"") | BO112: =IF(AND(BN95<>"",'Helper 1'!$AN$5<>""),'Helper 1'!$AN$5,"") | BT112: =IF(AND(BS95<>"",'Helper 1'!$AN$5<>""),'Helper 1'!$AN$5,"") | BY112: =IF(AND(BX95<>"",'Helper 1'!$AN$5<>""),'Helper 1'!$AN$5,"") | CD112: =IF(AND(CC95<>"",'Helper 1'!$AN$5<>""),'Helper 1'!$AN$5,"") | CI112: =IF(AND(CH95<>"",'Helper 1'!$AN$5<>""),'Helper 1'!$AN$5,"") | CN112: =IF(AND(CM95<>"",'Helper 1'!$AN$5<>""),'Helper 1'!$AN$5,"") | CS112: =IF(AND(CR95<>"",'Helper 1'!$AN$5<>""),'Helper 1'!$AN$5,"") | CX112: =IF(AND(CW95<>"",'Helper 1'!$AN$5<>""),'Helper 1'!$AN$5,"") | DC112: =IF(AND(DB95<>"",'Helper 1'!$AN$5<>""),'Helper 1'!$AN$5,"") | DH112: =IF(AND(DG95<>"",'Helper 1'!$AN$5<>""),'Helper 1'!$AN$5,"") | DM112: =IF(AND(DL95<>"",'Helper 1'!$AN$5<>""),'Helper 1'!$AN$5,"") | DR112: =IF(AND(DQ95<>"",'Helper 1'!$AN$5<>""),'Helper 1'!$AN$5,"") | DW112: =IF(AND(DV95<>"",'Helper 1'!$AN$5<>""),'Helper 1'!$AN$5,"") | EB112: =IF(AND(EA95<>"",'Helper 1'!$AN$5<>""),'Helper 1'!$AN$5,"") | EG112: =IF(AND(EF95<>"",'Helper 1'!$AN$5<>""),'Helper 1'!$AN$5,"") | EL112: =IF(AND(EK95<>"",'Helper 1'!$AN$5<>""),'Helper 1'!$AN$5,"") | EQ112: =IF(AND(EP95<>"",'Helper 1'!$AN$5<>""),'Helper 1'!$AN$5,"") | EV112: =IF(AND(EU95<>"",'Helper 1'!$AN$5<>""),'Helper 1'!$AN$5,"") | FA112: =IF(AND(EZ95<>"",'Helper 1'!$AN$5<>""),'Helper 1'!$AN$5,"") | FF112: =IF(AND(FE95<>"",'Helper 1'!$AN$5<>""),'Helper 1'!$AN$5,"") | FK112: =IF(AND(FJ95<>"",'Helper 1'!$AN$5<>""),'Helper 1'!$AN$5,"") | FP112: =IF(AND(FO95<>"",'Helper 1'!$AN$5<>""),'Helper 1'!$AN$5,"") | FU112: =IF(AND(FT95<>"",'Helper 1'!$AN$5<>""),'Helper 1'!$AN$5,"") | FZ112: =IF(AND(FY95<>"",'Helper 1'!$AN$5<>""),'Helper 1'!$AN$5,"") | GE112: =IF(AND(GD95<>"",'Helper 1'!$AN$5<>""),'Helper 1'!$AN$5,"") | GJ112: =IF(AND(GI95<>"",'Helper 1'!$AN$5<>""),'Helper 1'!$AN$5,"") | GO112: =IF(AND(GN95<>"",'Helper 1'!$AN$5<>""),'Helper 1'!$AN$5,"") | GT112: =IF(AND(GS95<>"",'Helper 1'!$AN$5<>""),'Helper 1'!$AN$5,"") | GY112: =IF(AND(GX95<>"",'Helper 1'!$AN$5<>""),'Helper 1'!$AN$5,"") | HD112: =IF(AND(HC95<>"",'Helper 1'!$AN$5<>""),'Helper 1'!$AN$5,"") | HI112: =IF(AND(HH95<>"",'Helper 1'!$AN$5<>""),'Helper 1'!$AN$5,"") | HN112: =IF(AND(HM95<>"",'Helper 1'!$AN$5<>""),'Helper 1'!$AN$5,"") | HS112: =IF(AND(HR95<>"",'Helper 1'!$AN$5<>""),'Helper 1'!$AN$5,"") | HX112: =IF(AND(HW95<>"",'Helper 1'!$AN$5<>""),'Helper 1'!$AN$5,"") | IC112: =IF(AND(IB95<>"",'Helper 1'!$AN$5<>""),'Helper 1'!$AN$5,"") | IH112: =IF(AND(IG95<>"",'Helper 1'!$AN$5<>""),'Helper 1'!$AN$5,"") | IM112: =IF(AND(IL95<>"",'Helper 1'!$AN$5<>""),'Helper 1'!$AN$5,"") | IR112: =IF(AND(IQ95<>"",'Helper 1'!$AN$5<>""),'Helper 1'!$AN$5,"") | IW112: =IF(AND(IV95<>"",'Helper 1'!$AN$5<>""),'Helper 1'!$AN$5,"")
C114: S2B28 | D114: Number of days in the payroll tax period which fall within the tax credit determination period (section 24(5)(b)(ii)(B)) | L114: =IF(L112<>"",INDEX('Helper 1'!$AK$4:$AK$27,MATCH(L112,'Helper 1'!$AG$4:$AG$27,0)),"") | Q114: =IF(Q112<>"",INDEX('Helper 1'!$AK$4:$AK$27,MATCH(Q112,'Helper 1'!$AG$4:$AG$27,0)),"") | V114: =IF(V112<>"",INDEX('Helper 1'!$AK$4:$AK$27,MATCH(V112,'Helper 1'!$AG$4:$AG$27,0)),"") | AA114: =IF(AA112<>"",INDEX('Helper 1'!$AK$4:$AK$27,MATCH(AA112,'Helper 1'!$AG$4:$AG$27,0)),"") | AF114: =IF(AF112<>"",INDEX('Helper 1'!$AK$4:$AK$27,MATCH(AF112,'Helper 1'!$AG$4:$AG$27,0)),"") | AK114: =IF(AK112<>"",INDEX('Helper 1'!$AK$4:$AK$27,MATCH(AK112,'Helper 1'!$AG$4:$AG$27,0)),"") | AP114: =IF(AP112<>"",INDEX('Helper 1'!$AK$4:$AK$27,MATCH(AP112,'Helper 1'!$AG$4:$AG$27,0)),"") | AU114: =IF(AU112<>"",INDEX('Helper 1'!$AK$4:$AK$27,MATCH(AU112,'Helper 1'!$AG$4:$AG$27,0)),"") | AZ114: =IF(AZ112<>"",INDEX('Helper 1'!$AK$4:$AK$27,MATCH(AZ112,'Helper 1'!$AG$4:$AG$27,0)),"") | BE114: =IF(BE112<>"",INDEX('Helper 1'!$AK$4:$AK$27,MATCH(BE112,'Helper 1'!$AG$4:$AG$27,0)),"") | BJ114: =IF(BJ112<>"",INDEX('Helper 1'!$AK$4:$AK$27,MATCH(BJ112,'Helper 1'!$AG$4:$AG$27,0)),"") | BO114: =IF(BO112<>"",INDEX('Helper 1'!$AK$4:$AK$27,MATCH(BO112,'Helper 1'!$AG$4:$AG$27,0)),"") | BT114: =IF(BT112<>"",INDEX('Helper 1'!$AK$4:$AK$27,MATCH(BT112,'Helper 1'!$AG$4:$AG$27,0)),"") | BY114: =IF(BY112<>"",INDEX('Helper 1'!$AK$4:$AK$27,MATCH(BY112,'Helper 1'!$AG$4:$AG$27,0)),"") | CD114: =IF(CD112<>"",INDEX('Helper 1'!$AK$4:$AK$27,MATCH(CD112,'Helper 1'!$AG$4:$AG$27,0)),"") | CI114: =IF(CI112<>"",INDEX('Helper 1'!$AK$4:$AK$27,MATCH(CI112,'Helper 1'!$AG$4:$AG$27,0)),"") | CN114: =IF(CN112<>"",INDEX('Helper 1'!$AK$4:$AK$27,MATCH(CN112,'Helper 1'!$AG$4:$AG$27,0)),"") | CS114: =IF(CS112<>"",INDEX('Helper 1'!$AK$4:$AK$27,MATCH(CS112,'Helper 1'!$AG$4:$AG$27,0)),"") | CX114: =IF(CX112<>"",INDEX('Helper 1'!$AK$4:$AK$27,MATCH(CX112,'Helper 1'!$AG$4:$AG$27,0)),"") | DC114: =IF(DC112<>"",INDEX('Helper 1'!$AK$4:$AK$27,MATCH(DC112,'Helper 1'!$AG$4:$AG$27,0)),"") | DH114: =IF(DH112<>"",INDEX('Helper 1'!$AK$4:$AK$27,MATCH(DH112,'Helper 1'!$AG$4:$AG$27,0)),"") | DM114: =IF(DM112<>"",INDEX('Helper 1'!$AK$4:$AK$27,MATCH(DM112,'Helper 1'!$AG$4:$AG$27,0)),"") | DR114: =IF(DR112<>"",INDEX('Helper 1'!$AK$4:$AK$27,MATCH(DR112,'Helper 1'!$AG$4:$AG$27,0)),"") | DW114: =IF(DW112<>"",INDEX('Helper 1'!$AK$4:$AK$27,MATCH(DW112,'Helper 1'!$AG$4:$AG$27,0)),"") | EB114: =IF(EB112<>"",INDEX('Helper 1'!$AK$4:$AK$27,MATCH(EB112,'Helper 1'!$AG$4:$AG$27,0)),"") | EG114: =IF(EG112<>"",INDEX('Helper 1'!$AK$4:$AK$27,MATCH(EG112,'Helper 1'!$AG$4:$AG$27,0)),"") | EL114: =IF(EL112<>"",INDEX('Helper 1'!$AK$4:$AK$27,MATCH(EL112,'Helper 1'!$AG$4:$AG$27,0)),"") | EQ114: =IF(EQ112<>"",INDEX('Helper 1'!$AK$4:$AK$27,MATCH(EQ112,'Helper 1'!$AG$4:$AG$27,0)),"") | EV114: =IF(EV112<>"",INDEX('Helper 1'!$AK$4:$AK$27,MATCH(EV112,'Helper 1'!$AG$4:$AG$27,0)),"") | FA114: =IF(FA112<>"",INDEX('Helper 1'!$AK$4:$AK$27,MATCH(FA112,'Helper 1'!$AG$4:$AG$27,0)),"") | FF114: =IF(FF112<>"",INDEX('Helper 1'!$AK$4:$AK$27,MATCH(FF112,'Helper 1'!$AG$4:$AG$27,0)),"") | FK114: =IF(FK112<>"",INDEX('Helper 1'!$AK$4:$AK$27,MATCH(FK112,'Helper 1'!$AG$4:$AG$27,0)),"") | FP114: =IF(FP112<>"",INDEX('Helper 1'!$AK$4:$AK$27,MATCH(FP112,'Helper 1'!$AG$4:$AG$27,0)),"") | FU114: =IF(FU112<>"",INDEX('Helper 1'!$AK$4:$AK$27,MATCH(FU112,'Helper 1'!$AG$4:$AG$27,0)),"") | FZ114: =IF(FZ112<>"",INDEX('Helper 1'!$AK$4:$AK$27,MATCH(FZ112,'Helper 1'!$AG$4:$AG$27,0)),"") | GE114: =IF(GE112<>"",INDEX('Helper 1'!$AK$4:$AK$27,MATCH(GE112,'Helper 1'!$AG$4:$AG$27,0)),"") | GJ114: =IF(GJ112<>"",INDEX('Helper 1'!$AK$4:$AK$27,MATCH(GJ112,'Helper 1'!$AG$4:$AG$27,0)),"") | GO114: =IF(GO112<>"",INDEX('Helper 1'!$AK$4:$AK$27,MATCH(GO112,'Helper 1'!$AG$4:$AG$27,0)),"") | GT114: =IF(GT112<>"",INDEX('Helper 1'!$AK$4:$AK$27,MATCH(GT112,'Helper 1'!$AG$4:$AG$27,0)),"") | GY114: =IF(GY112<>"",INDEX('Helper 1'!$AK$4:$AK$27,MATCH(GY112,'Helper 1'!$AG$4:$AG$27,0)),"") | HD114: =IF(HD112<>"",INDEX('Helper 1'!$AK$4:$AK$27,MATCH(HD112,'Helper 1'!$AG$4:$AG$27,0)),"") | HI114: =IF(HI112<>"",INDEX('Helper 1'!$AK$4:$AK$27,MATCH(HI112,'Helper 1'!$AG$4:$AG$27,0)),"") | HN114: =IF(HN112<>"",INDEX('Helper 1'!$AK$4:$AK$27,MATCH(HN112,'Helper 1'!$AG$4:$AG$27,0)),"") | HS114: =IF(HS112<>"",INDEX('Helper 1'!$AK$4:$AK$27,MATCH(HS112,'Helper 1'!$AG$4:$AG$27,0)),"") | HX114: =IF(HX112<>"",INDEX('Helper 1'!$AK$4:$AK$27,MATCH(HX112,'Helper 1'!$AG$4:$AG$27,0)),"") | IC114: =IF(IC112<>"",INDEX('Helper 1'!$AK$4:$AK$27,MATCH(IC112,'Helper 1'!$AG$4:$AG$27,0)),"") | IH114: =IF(IH112<>"",INDEX('Helper 1'!$AK$4:$AK$27,MATCH(IH112,'Helper 1'!$AG$4:$AG$27,0)),"") | IM114: =IF(IM112<>"",INDEX('Helper 1'!$AK$4:$AK$27,MATCH(IM112,'Helper 1'!$AG$4:$AG$27,0)),"") | IR114: =IF(IR112<>"",INDEX('Helper 1'!$AK$4:$AK$27,MATCH(IR112,'Helper 1'!$AG$4:$AG$27,0)),"") | IW114: =IF(IW112<>"",INDEX('Helper 1'!$AK$4:$AK$27,MATCH(IW112,'Helper 1'!$AG$4:$AG$27,0)),"")
C115: S2B29 | D115: Total number of days in the payroll tax period (section 24(5)(b)(ii)(B)) | L115: =IF(L112<>"",INDEX('Helper 1'!$AJ$4:$AJ$27,MATCH(L112,'Helper 1'!$AG$4:$AG$27,0)),"") | Q115: =IF(Q112<>"",INDEX('Helper 1'!$AJ$4:$AJ$27,MATCH(Q112,'Helper 1'!$AG$4:$AG$27,0)),"") | V115: =IF(V112<>"",INDEX('Helper 1'!$AJ$4:$AJ$27,MATCH(V112,'Helper 1'!$AG$4:$AG$27,0)),"") | AA115: =IF(AA112<>"",INDEX('Helper 1'!$AJ$4:$AJ$27,MATCH(AA112,'Helper 1'!$AG$4:$AG$27,0)),"") | AF115: =IF(AF112<>"",INDEX('Helper 1'!$AJ$4:$AJ$27,MATCH(AF112,'Helper 1'!$AG$4:$AG$27,0)),"") | AK115: =IF(AK112<>"",INDEX('Helper 1'!$AJ$4:$AJ$27,MATCH(AK112,'Helper 1'!$AG$4:$AG$27,0)),"") | AP115: =IF(AP112<>"",INDEX('Helper 1'!$AJ$4:$AJ$27,MATCH(AP112,'Helper 1'!$AG$4:$AG$27,0)),"") | AU115: =IF(AU112<>"",INDEX('Helper 1'!$AJ$4:$AJ$27,MATCH(AU112,'Helper 1'!$AG$4:$AG$27,0)),"") | AZ115: =IF(AZ112<>"",INDEX('Helper 1'!$AJ$4:$AJ$27,MATCH(AZ112,'Helper 1'!$AG$4:$AG$27,0)),"") | BE115: =IF(BE112<>"",INDEX('Helper 1'!$AJ$4:$AJ$27,MATCH(BE112,'Helper 1'!$AG$4:$AG$27,0)),"") | BJ115: =IF(BJ112<>"",INDEX('Helper 1'!$AJ$4:$AJ$27,MATCH(BJ112,'Helper 1'!$AG$4:$AG$27,0)),"") | BO115: =IF(BO112<>"",INDEX('Helper 1'!$AJ$4:$AJ$27,MATCH(BO112,'Helper 1'!$AG$4:$AG$27,0)),"") | BT115: =IF(BT112<>"",INDEX('Helper 1'!$AJ$4:$AJ$27,MATCH(BT112,'Helper 1'!$AG$4:$AG$27,0)),"") | BY115: =IF(BY112<>"",INDEX('Helper 1'!$AJ$4:$AJ$27,MATCH(BY112,'Helper 1'!$AG$4:$AG$27,0)),"") | CD115: =IF(CD112<>"",INDEX('Helper 1'!$AJ$4:$AJ$27,MATCH(CD112,'Helper 1'!$AG$4:$AG$27,0)),"") | CI115: =IF(CI112<>"",INDEX('Helper 1'!$AJ$4:$AJ$27,MATCH(CI112,'Helper 1'!$AG$4:$AG$27,0)),"") | CN115: =IF(CN112<>"",INDEX('Helper 1'!$AJ$4:$AJ$27,MATCH(CN112,'Helper 1'!$AG$4:$AG$27,0)),"") | CS115: =IF(CS112<>"",INDEX('Helper 1'!$AJ$4:$AJ$27,MATCH(CS112,'Helper 1'!$AG$4:$AG$27,0)),"") | CX115: =IF(CX112<>"",INDEX('Helper 1'!$AJ$4:$AJ$27,MATCH(CX112,'Helper 1'!$AG$4:$AG$27,0)),"") | DC115: =IF(DC112<>"",INDEX('Helper 1'!$AJ$4:$AJ$27,MATCH(DC112,'Helper 1'!$AG$4:$AG$27,0)),"") | DH115: =IF(DH112<>"",INDEX('Helper 1'!$AJ$4:$AJ$27,MATCH(DH112,'Helper 1'!$AG$4:$AG$27,0)),"") | DM115: =IF(DM112<>"",INDEX('Helper 1'!$AJ$4:$AJ$27,MATCH(DM112,'Helper 1'!$AG$4:$AG$27,0)),"") | DR115: =IF(DR112<>"",INDEX('Helper 1'!$AJ$4:$AJ$27,MATCH(DR112,'Helper 1'!$AG$4:$AG$27,0)),"") | DW115: =IF(DW112<>"",INDEX('Helper 1'!$AJ$4:$AJ$27,MATCH(DW112,'Helper 1'!$AG$4:$AG$27,0)),"") | EB115: =IF(EB112<>"",INDEX('Helper 1'!$AJ$4:$AJ$27,MATCH(EB112,'Helper 1'!$AG$4:$AG$27,0)),"") | EG115: =IF(EG112<>"",INDEX('Helper 1'!$AJ$4:$AJ$27,MATCH(EG112,'Helper 1'!$AG$4:$AG$27,0)),"") | EL115: =IF(EL112<>"",INDEX('Helper 1'!$AJ$4:$AJ$27,MATCH(EL112,'Helper 1'!$AG$4:$AG$27,0)),"") | EQ115: =IF(EQ112<>"",INDEX('Helper 1'!$AJ$4:$AJ$27,MATCH(EQ112,'Helper 1'!$AG$4:$AG$27,0)),"") | EV115: =IF(EV112<>"",INDEX('Helper 1'!$AJ$4:$AJ$27,MATCH(EV112,'Helper 1'!$AG$4:$AG$27,0)),"") | FA115: =IF(FA112<>"",INDEX('Helper 1'!$AJ$4:$AJ$27,MATCH(FA112,'Helper 1'!$AG$4:$AG$27,0)),"") | FF115: =IF(FF112<>"",INDEX('Helper 1'!$AJ$4:$AJ$27,MATCH(FF112,'Helper 1'!$AG$4:$AG$27,0)),"") | FK115: =IF(FK112<>"",INDEX('Helper 1'!$AJ$4:$AJ$27,MATCH(FK112,'Helper 1'!$AG$4:$AG$27,0)),"") | FP115: =IF(FP112<>"",INDEX('Helper 1'!$AJ$4:$AJ$27,MATCH(FP112,'Helper 1'!$AG$4:$AG$27,0)),"") | FU115: =IF(FU112<>"",INDEX('Helper 1'!$AJ$4:$AJ$27,MATCH(FU112,'Helper 1'!$AG$4:$AG$27,0)),"") | FZ115: =IF(FZ112<>"",INDEX('Helper 1'!$AJ$4:$AJ$27,MATCH(FZ112,'Helper 1'!$AG$4:$AG$27,0)),"") | GE115: =IF(GE112<>"",INDEX('Helper 1'!$AJ$4:$AJ$27,MATCH(GE112,'Helper 1'!$AG$4:$AG$27,0)),"") | GJ115: =IF(GJ112<>"",INDEX('Helper 1'!$AJ$4:$AJ$27,MATCH(GJ112,'Helper 1'!$AG$4:$AG$27,0)),"") | GO115: =IF(GO112<>"",INDEX('Helper 1'!$AJ$4:$AJ$27,MATCH(GO112,'Helper 1'!$AG$4:$AG$27,0)),"") | GT115: =IF(GT112<>"",INDEX('Helper 1'!$AJ$4:$AJ$27,MATCH(GT112,'Helper 1'!$AG$4:$AG$27,0)),"") | GY115: =IF(GY112<>"",INDEX('Helper 1'!$AJ$4:$AJ$27,MATCH(GY112,'Helper 1'!$AG$4:$AG$27,0)),"") | HD115: =IF(HD112<>"",INDEX('Helper 1'!$AJ$4:$AJ$27,MATCH(HD112,'Helper 1'!$AG$4:$AG$27,0)),"") | HI115: =IF(HI112<>"",INDEX('Helper 1'!$AJ$4:$AJ$27,MATCH(HI112,'Helper 1'!$AG$4:$AG$27,0)),"") | HN115: =IF(HN112<>"",INDEX('Helper 1'!$AJ$4:$AJ$27,MATCH(HN112,'Helper 1'!$AG$4:$AG$27,0)),"") | HS115: =IF(HS112<>"",INDEX('Helper 1'!$AJ$4:$AJ$27,MATCH(HS112,'Helper 1'!$AG$4:$AG$27,0)),"") | HX115: =IF(HX112<>"",INDEX('Helper 1'!$AJ$4:$AJ$27,MATCH(HX112,'Helper 1'!$AG$4:$AG$27,0)),"") | IC115: =IF(IC112<>"",INDEX('Helper 1'!$AJ$4:$AJ$27,MATCH(IC112,'Helper 1'!$AG$4:$AG$27,0)),"") | IH115: =IF(IH112<>"",INDEX('Helper 1'!$AJ$4:$AJ$27,MATCH(IH112,'Helper 1'!$AG$4:$AG$27,0)),"") | IM115: =IF(IM112<>"",INDEX('Helper 1'!$AJ$4:$AJ$27,MATCH(IM112,'Helper 1'!$AG$4:$AG$27,0)),"") | IR115: =IF(IR112<>"",INDEX('Helper 1'!$AJ$4:$AJ$27,MATCH(IR112,'Helper 1'!$AG$4:$AG$27,0)),"") | IW115: =IF(IW112<>"",INDEX('Helper 1'!$AJ$4:$AJ$27,MATCH(IW112,'Helper 1'!$AG$4:$AG$27,0)),"")
C117: S2B30 | D117: Adjustment factor (item S2B28 divided by item S2B29) | L117: =IF(L112<>"",L114/L115,"") | Q117: =IF(Q112<>"",Q114/Q115,"") | V117: =IF(V112<>"",V114/V115,"") | AA117: =IF(AA112<>"",AA114/AA115,"") | AF117: =IF(AF112<>"",AF114/AF115,"") | AK117: =IF(AK112<>"",AK114/AK115,"") | AP117: =IF(AP112<>"",AP114/AP115,"") | AU117: =IF(AU112<>"",AU114/AU115,"") | AZ117: =IF(AZ112<>"",AZ114/AZ115,"") | BE117: =IF(BE112<>"",BE114/BE115,"") | BJ117: =IF(BJ112<>"",BJ114/BJ115,"") | BO117: =IF(BO112<>"",BO114/BO115,"") | BT117: =IF(BT112<>"",BT114/BT115,"") | BY117: =IF(BY112<>"",BY114/BY115,"") | CD117: =IF(CD112<>"",CD114/CD115,"") | CI117: =IF(CI112<>"",CI114/CI115,"") | CN117: =IF(CN112<>"",CN114/CN115,"") | CS117: =IF(CS112<>"",CS114/CS115,"") | CX117: =IF(CX112<>"",CX114/CX115,"") | DC117: =IF(DC112<>"",DC114/DC115,"") | DH117: =IF(DH112<>"",DH114/DH115,"") | DM117: =IF(DM112<>"",DM114/DM115,"") | DR117: =IF(DR112<>"",DR114/DR115,"") | DW117: =IF(DW112<>"",DW114/DW115,"") | EB117: =IF(EB112<>"",EB114/EB115,"") | EG117: =IF(EG112<>"",EG114/EG115,"") | EL117: =IF(EL112<>"",EL114/EL115,"") | EQ117: =IF(EQ112<>"",EQ114/EQ115,"") | EV117: =IF(EV112<>"",EV114/EV115,"") | FA117: =IF(FA112<>"",FA114/FA115,"") | FF117: =IF(FF112<>"",FF114/FF115,"") | FK117: =IF(FK112<>"",FK114/FK115,"") | FP117: =IF(FP112<>"",FP114/FP115,"") | FU117: =IF(FU112<>"",FU114/FU115,"") | FZ117: =IF(FZ112<>"",FZ114/FZ115,"") | GE117: =IF(GE112<>"",GE114/GE115,"") | GJ117: =IF(GJ112<>"",GJ114/GJ115,"") | GO117: =IF(GO112<>"",GO114/GO115,"") | GT117: =IF(GT112<>"",GT114/GT115,"") | GY117: =IF(GY112<>"",GY114/GY115,"") | HD117: =IF(HD112<>"",HD114/HD115,"") | HI117: =IF(HI112<>"",HI114/HI115,"") | HN117: =IF(HN112<>"",HN114/HN115,"") | HS117: =IF(HS112<>"",HS114/HS115,"") | HX117: =IF(HX112<>"",HX114/HX115,"") | IC117: =IF(IC112<>"",IC114/IC115,"") | IH117: =IF(IH112<>"",IH114/IH115,"") | IM117: =IF(IM112<>"",IM114/IM115,"") | IR117: =IF(IR112<>"",IR114/IR115,"") | IW117: =IF(IW112<>"",IW114/IW115,"")
C119: S2B31 | D119: Bermuda payroll tax charge incurred by the QBGE with respect to the full payroll tax period, in U.S. dollars (section 24(5)(b)(i) or (ii)(A)) | F119: USD
C121: S2B32 | D121: Adjusted Bermuda payroll tax charge for the payroll tax period, in U.S. dollars (item S2B30 multiplied by item S2B31) | F121: USD | G121: =IF(F123<>"","",SUM(L121:IX121)) -> 0 | L121: =IF(L112<>"",L117*L119,"") | Q121: =IF(Q112<>"",Q117*Q119,"") | V121: =IF(V112<>"",V117*V119,"") | AA121: =IF(AA112<>"",AA117*AA119,"") | AF121: =IF(AF112<>"",AF117*AF119,"") | AK121: =IF(AK112<>"",AK117*AK119,"") | AP121: =IF(AP112<>"",AP117*AP119,"") | AU121: =IF(AU112<>"",AU117*AU119,"") | AZ121: =IF(AZ112<>"",AZ117*AZ119,"") | BE121: =IF(BE112<>"",BE117*BE119,"") | BJ121: =IF(BJ112<>"",BJ117*BJ119,"") | BO121: =IF(BO112<>"",BO117*BO119,"") | BT121: =IF(BT112<>"",BT117*BT119,"") | BY121: =IF(BY112<>"",BY117*BY119,"") | CD121: =IF(CD112<>"",CD117*CD119,"") | CI121: =IF(CI112<>"",CI117*CI119,"") | CN121: =IF(CN112<>"",CN117*CN119,"") | CS121: =IF(CS112<>"",CS117*CS119,"") | CX121: =IF(CX112<>"",CX117*CX119,"") | DC121: =IF(DC112<>"",DC117*DC119,"") | DH121: =IF(DH112<>"",DH117*DH119,"") | DM121: =IF(DM112<>"",DM117*DM119,"") | DR121: =IF(DR112<>"",DR117*DR119,"") | DW121: =IF(DW112<>"",DW117*DW119,"") | EB121: =IF(EB112<>"",EB117*EB119,"") | EG121: =IF(EG112<>"",EG117*EG119,"") | EL121: =IF(EL112<>"",EL117*EL119,"") | EQ121: =IF(EQ112<>"",EQ117*EQ119,"") | EV121: =IF(EV112<>"",EV117*EV119,"") | FA121: =IF(FA112<>"",FA117*FA119,"") | FF121: =IF(FF112<>"",FF117*FF119,"") | FK121: =IF(FK112<>"",FK117*FK119,"") | FP121: =IF(FP112<>"",FP117*FP119,"") | FU121: =IF(FU112<>"",FU117*FU119,"") | FZ121: =IF(FZ112<>"",FZ117*FZ119,"") | GE121: =IF(GE112<>"",GE117*GE119,"") | GJ121: =IF(GJ112<>"",GJ117*GJ119,"") | GO121: =IF(GO112<>"",GO117*GO119,"") | GT121: =IF(GT112<>"",GT117*GT119,"") | GY121: =IF(GY112<>"",GY117*GY119,"") | HD121: =IF(HD112<>"",HD117*HD119,"") | HI121: =IF(HI112<>"",HI117*HI119,"") | HN121: =IF(HN112<>"",HN117*HN119,"") | HS121: =IF(HS112<>"",HS117*HS119,"") | HX121: =IF(HX112<>"",HX117*HX119,"") | IC121: =IF(IC112<>"",IC117*IC119,"") | IH121: =IF(IH112<>"",IH117*IH119,"") | IM121: =IF(IM112<>"",IM117*IM119,"") | IR121: =IF(IR112<>"",IR117*IR119,"") | IW121: =IF(IW112<>"",IW117*IW119,"")
C122: S2B33 | D122: =IF(OR('Schedule 1'!$G$20='Helper 1'!$H$2,'Schedule 1'!$G$20='Helper 1'!$H$3),"Average foreign exchange rate for the tax credit determination period","Average foreign exchange rate for the tax credit determination period (from item S1A9)") -> Average foreign exchange rate for the tax credit determination period (from item S1A9) | G122: =IF(OR('Schedule 1'!$G$20='Helper 1'!$H$2,'Schedule 1'!$G$20='Helper 1'!$H$3),1,IF(F123<>"","",'Schedule 1'!$G$23)) -> 0 | L122: =$G$107 -> 0 | Q122: =$G$107 -> 0 | V122: =$G$107 -> 0 | AA122: =$G$107 -> 0 | AF122: =$G$107 -> 0 | AK122: =$G$107 -> 0 | AP122: =$G$107 -> 0 | AU122: =$G$107 -> 0 | AZ122: =$G$107 -> 0 | BE122: =$G$107 -> 0 | BJ122: =$G$107 -> 0 | BO122: =$G$107 -> 0 | BT122: =$G$107 -> 0 | BY122: =$G$107 -> 0 | CD122: =$G$107 -> 0 | CI122: =$G$107 -> 0 | CN122: =$G$107 -> 0 | CS122: =$G$107 -> 0 | CX122: =$G$107 -> 0 | DC122: =$G$107 -> 0 | DH122: =$G$107 -> 0 | DM122: =$G$107 -> 0 | DR122: =$G$107 -> 0 | DW122: =$G$107 -> 0 | EB122: =$G$107 -> 0 | EG122: =$G$107 -> 0 | EL122: =$G$107 -> 0 | EQ122: =$G$107 -> 0 | EV122: =$G$107 -> 0 | FA122: =$G$107 -> 0 | FF122: =$G$107 -> 0 | FK122: =$G$107 -> 0 | FP122: =$G$107 -> 0 | FU122: =$G$107 -> 0 | FZ122: =$G$107 -> 0 | GE122: =$G$107 -> 0 | GJ122: =$G$107 -> 0 | GO122: =$G$107 -> 0 | GT122: =$G$107 -> 0 | GY122: =$G$107 -> 0 | HD122: =$G$107 -> 0 | HI122: =$G$107 -> 0 | HN122: =$G$107 -> 0 | HS122: =$G$107 -> 0 | HX122: =$G$107 -> 0 | IC122: =$G$107 -> 0 | IH122: =$G$107 -> 0 | IM122: =$G$107 -> 0 | IR122: =$G$107 -> 0 | IW122: =$G$107 -> 0
F123: =IF('Helper 1'!AN5="","",IF('Schedule 1'!$G$20="","Complete item S1A7",IF(OR('Schedule 1'!$G$20='Helper 1'!$H$2,'Schedule 1'!$G$20='Helper 1'!$H$3),"",IF('Schedule 1'!$G$23="","Complete item S1A9",IF('Schedule 1'!$G$44='Helper 1'!$P$2,IF(OR('Schedule 1'!$G$49="",'Schedule 1'!$G$50=""),"Complete items S1B6 and S1B7",""),IF(OR('Schedule 1'!$G$15="",'Schedule 1'!$G$16=""),"Complete items S1A4 and S1A5","")))))) | L123: =IF(AND(L112<>"",$F$123<>""),$F$123,"") | Q123: =IF(AND(Q112<>"",$F$123<>""),$F$123,"") | V123: =IF(AND(V112<>"",$F$123<>""),$F$123,"") | AA123: =IF(AND(AA112<>"",$F$123<>""),$F$123,"") | AF123: =IF(AND(AF112<>"",$F$123<>""),$F$123,"") | AK123: =IF(AND(AK112<>"",$F$123<>""),$F$123,"") | AP123: =IF(AND(AP112<>"",$F$123<>""),$F$123,"") | AU123: =IF(AND(AU112<>"",$F$123<>""),$F$123,"") | AZ123: =IF(AND(AZ112<>"",$F$123<>""),$F$123,"") | BE123: =IF(AND(BE112<>"",$F$123<>""),$F$123,"") | BJ123: =IF(AND(BJ112<>"",$F$123<>""),$F$123,"") | BO123: =IF(AND(BO112<>"",$F$123<>""),$F$123,"") | BT123: =IF(AND(BT112<>"",$F$123<>""),$F$123,"") | BY123: =IF(AND(BY112<>"",$F$123<>""),$F$123,"") | CD123: =IF(AND(CD112<>"",$F$123<>""),$F$123,"") | CI123: =IF(AND(CI112<>"",$F$123<>""),$F$123,"") | CN123: =IF(AND(CN112<>"",$F$123<>""),$F$123,"") | CS123: =IF(AND(CS112<>"",$F$123<>""),$F$123,"") | CX123: =IF(AND(CX112<>"",$F$123<>""),$F$123,"") | DC123: =IF(AND(DC112<>"",$F$123<>""),$F$123,"") | DH123: =IF(AND(DH112<>"",$F$123<>""),$F$123,"") | DM123: =IF(AND(DM112<>"",$F$123<>""),$F$123,"") | DR123: =IF(AND(DR112<>"",$F$123<>""),$F$123,"") | DW123: =IF(AND(DW112<>"",$F$123<>""),$F$123,"") | EB123: =IF(AND(EB112<>"",$F$123<>""),$F$123,"") | EG123: =IF(AND(EG112<>"",$F$123<>""),$F$123,"") | EL123: =IF(AND(EL112<>"",$F$123<>""),$F$123,"") | EQ123: =IF(AND(EQ112<>"",$F$123<>""),$F$123,"") | EV123: =IF(AND(EV112<>"",$F$123<>""),$F$123,"") | FA123: =IF(AND(FA112<>"",$F$123<>""),$F$123,"") | FF123: =IF(AND(FF112<>"",$F$123<>""),$F$123,"") | FK123: =IF(AND(FK112<>"",$F$123<>""),$F$123,"") | FP123: =IF(AND(FP112<>"",$F$123<>""),$F$123,"") | FU123: =IF(AND(FU112<>"",$F$123<>""),$F$123,"") | FZ123: =IF(AND(FZ112<>"",$F$123<>""),$F$123,"") | GE123: =IF(AND(GE112<>"",$F$123<>""),$F$123,"") | GJ123: =IF(AND(GJ112<>"",$F$123<>""),$F$123,"") | GO123: =IF(AND(GO112<>"",$F$123<>""),$F$123,"") | GT123: =IF(AND(GT112<>"",$F$123<>""),$F$123,"") | GY123: =IF(AND(GY112<>"",$F$123<>""),$F$123,"") | HD123: =IF(AND(HD112<>"",$F$123<>""),$F$123,"") | HI123: =IF(AND(HI112<>"",$F$123<>""),$F$123,"") | HN123: =IF(AND(HN112<>"",$F$123<>""),$F$123,"") | HS123: =IF(AND(HS112<>"",$F$123<>""),$F$123,"") | HX123: =IF(AND(HX112<>"",$F$123<>""),$F$123,"") | IC123: =IF(AND(IC112<>"",$F$123<>""),$F$123,"") | IH123: =IF(AND(IH112<>"",$F$123<>""),$F$123,"") | IM123: =IF(AND(IM112<>"",$F$123<>""),$F$123,"") | IR123: =IF(AND(IR112<>"",$F$123<>""),$F$123,"") | IW123: =IF(AND(IW112<>"",$F$123<>""),$F$123,"")
C124: S2B34 | D124: Adjusted Bermuda payroll tax charge for the payroll tax period (item S2B32 divided by item S2B33) | F124: =IFERROR(INDEX('Helper 1'!$I$2:$I$19,MATCH('Schedule 1'!$G$20,'Helper 1'!$H$2:$H$19,0)),"") | G124: =IFERROR(IF(F123<>"","",G121/G122),0) -> 0 | L124: =IF(L123<>"","",IF(L112<>"",L121/L122,0)) -> 0 | Q124: =IF(Q123<>"","",IF(Q112<>"",Q121/Q122,0)) -> 0 | V124: =IF(V123<>"","",IF(V112<>"",V121/V122,0)) -> 0 | AA124: =IF(AA123<>"","",IF(AA112<>"",AA121/AA122,0)) -> 0 | AF124: =IF(AF123<>"","",IF(AF112<>"",AF121/AF122,0)) -> 0 | AK124: =IF(AK123<>"","",IF(AK112<>"",AK121/AK122,0)) -> 0 | AP124: =IF(AP123<>"","",IF(AP112<>"",AP121/AP122,0)) -> 0 | AU124: =IF(AU123<>"","",IF(AU112<>"",AU121/AU122,0)) -> 0 | AZ124: =IF(AZ123<>"","",IF(AZ112<>"",AZ121/AZ122,0)) -> 0 | BE124: =IF(BE123<>"","",IF(BE112<>"",BE121/BE122,0)) -> 0 | BJ124: =IF(BJ123<>"","",IF(BJ112<>"",BJ121/BJ122,0)) -> 0 | BO124: =IF(BO123<>"","",IF(BO112<>"",BO121/BO122,0)) -> 0 | BT124: =IF(BT123<>"","",IF(BT112<>"",BT121/BT122,0)) -> 0 | BY124: =IF(BY123<>"","",IF(BY112<>"",BY121/BY122,0)) -> 0 | CD124: =IF(CD123<>"","",IF(CD112<>"",CD121/CD122,0)) -> 0 | CI124: =IF(CI123<>"","",IF(CI112<>"",CI121/CI122,0)) -> 0 | CN124: =IF(CN123<>"","",IF(CN112<>"",CN121/CN122,0)) -> 0 | CS124: =IF(CS123<>"","",IF(CS112<>"",CS121/CS122,0)) -> 0 | CX124: =IF(CX123<>"","",IF(CX112<>"",CX121/CX122,0)) -> 0 | DC124: =IF(DC123<>"","",IF(DC112<>"",DC121/DC122,0)) -> 0 | DH124: =IF(DH123<>"","",IF(DH112<>"",DH121/DH122,0)) -> 0 | DM124: =IF(DM123<>"","",IF(DM112<>"",DM121/DM122,0)) -> 0 | DR124: =IF(DR123<>"","",IF(DR112<>"",DR121/DR122,0)) -> 0 | DW124: =IF(DW123<>"","",IF(DW112<>"",DW121/DW122,0)) -> 0 | EB124: =IF(EB123<>"","",IF(EB112<>"",EB121/EB122,0)) -> 0 | EG124: =IF(EG123<>"","",IF(EG112<>"",EG121/EG122,0)) -> 0 | EL124: =IF(EL123<>"","",IF(EL112<>"",EL121/EL122,0)) -> 0 | EQ124: =IF(EQ123<>"","",IF(EQ112<>"",EQ121/EQ122,0)) -> 0 | EV124: =IF(EV123<>"","",IF(EV112<>"",EV121/EV122,0)) -> 0 | FA124: =IF(FA123<>"","",IF(FA112<>"",FA121/FA122,0)) -> 0 | FF124: =IF(FF123<>"","",IF(FF112<>"",FF121/FF122,0)) -> 0 | FK124: =IF(FK123<>"","",IF(FK112<>"",FK121/FK122,0)) -> 0 | FP124: =IF(FP123<>"","",IF(FP112<>"",FP121/FP122,0)) -> 0 | FU124: =IF(FU123<>"","",IF(FU112<>"",FU121/FU122,0)) -> 0 | FZ124: =IF(FZ123<>"","",IF(FZ112<>"",FZ121/FZ122,0)) -> 0 | GE124: =IF(GE123<>"","",IF(GE112<>"",GE121/GE122,0)) -> 0 | GJ124: =IF(GJ123<>"","",IF(GJ112<>"",GJ121/GJ122,0)) -> 0 | GO124: =IF(GO123<>"","",IF(GO112<>"",GO121/GO122,0)) -> 0 | GT124: =IF(GT123<>"","",IF(GT112<>"",GT121/GT122,0)) -> 0 | GY124: =IF(GY123<>"","",IF(GY112<>"",GY121/GY122,0)) -> 0 | HD124: =IF(HD123<>"","",IF(HD112<>"",HD121/HD122,0)) -> 0 | HI124: =IF(HI123<>"","",IF(HI112<>"",HI121/HI122,0)) -> 0 | HN124: =IF(HN123<>"","",IF(HN112<>"",HN121/HN122,0)) -> 0 | HS124: =IF(HS123<>"","",IF(HS112<>"",HS121/HS122,0)) -> 0 | HX124: =IF(HX123<>"","",IF(HX112<>"",HX121/HX122,0)) -> 0 | IC124: =IF(IC123<>"","",IF(IC112<>"",IC121/IC122,0)) -> 0 | IH124: =IF(IH123<>"","",IF(IH112<>"",IH121/IH122,0)) -> 0 | IM124: =IF(IM123<>"","",IF(IM112<>"",IM121/IM122,0)) -> 0 | IR124: =IF(IR123<>"","",IF(IR112<>"",IR121/IR122,0)) -> 0 | IW124: =IF(IW123<>"","",IF(IW112<>"",IW121/IW122,0)) -> 0
C127: S2B35 | D127: Third payroll tax period of the QBGE which falls (wholly or partly) within the tax credit determination period | L127: =IF(AND(K95<>"",'Helper 1'!$AN$6<>""),'Helper 1'!$AN$6,"") | Q127: =IF(AND(P95<>"",'Helper 1'!$AN$6<>""),'Helper 1'!$AN$6,"") | V127: =IF(AND(U95<>"",'Helper 1'!$AN$6<>""),'Helper 1'!$AN$6,"") | AA127: =IF(AND(Z95<>"",'Helper 1'!$AN$6<>""),'Helper 1'!$AN$6,"") | AF127: =IF(AND(AE95<>"",'Helper 1'!$AN$6<>""),'Helper 1'!$AN$6,"") | AK127: =IF(AND(AJ95<>"",'Helper 1'!$AN$6<>""),'Helper 1'!$AN$6,"") | AP127: =IF(AND(AO95<>"",'Helper 1'!$AN$6<>""),'Helper 1'!$AN$6,"") | AU127: =IF(AND(AT95<>"",'Helper 1'!$AN$6<>""),'Helper 1'!$AN$6,"") | AZ127: =IF(AND(AY95<>"",'Helper 1'!$AN$6<>""),'Helper 1'!$AN$6,"") | BE127: =IF(AND(BD95<>"",'Helper 1'!$AN$6<>""),'Helper 1'!$AN$6,"") | BJ127: =IF(AND(BI95<>"",'Helper 1'!$AN$6<>""),'Helper 1'!$AN$6,"") | BO127: =IF(AND(BN95<>"",'Helper 1'!$AN$6<>""),'Helper 1'!$AN$6,"") | BT127: =IF(AND(BS95<>"",'Helper 1'!$AN$6<>""),'Helper 1'!$AN$6,"") | BY127: =IF(AND(BX95<>"",'Helper 1'!$AN$6<>""),'Helper 1'!$AN$6,"") | CD127: =IF(AND(CC95<>"",'Helper 1'!$AN$6<>""),'Helper 1'!$AN$6,"") | CI127: =IF(AND(CH95<>"",'Helper 1'!$AN$6<>""),'Helper 1'!$AN$6,"") | CN127: =IF(AND(CM95<>"",'Helper 1'!$AN$6<>""),'Helper 1'!$AN$6,"") | CS127: =IF(AND(CR95<>"",'Helper 1'!$AN$6<>""),'Helper 1'!$AN$6,"") | CX127: =IF(AND(CW95<>"",'Helper 1'!$AN$6<>""),'Helper 1'!$AN$6,"") | DC127: =IF(AND(DB95<>"",'Helper 1'!$AN$6<>""),'Helper 1'!$AN$6,"") | DH127: =IF(AND(DG95<>"",'Helper 1'!$AN$6<>""),'Helper 1'!$AN$6,"") | DM127: =IF(AND(DL95<>"",'Helper 1'!$AN$6<>""),'Helper 1'!$AN$6,"") | DR127: =IF(AND(DQ95<>"",'Helper 1'!$AN$6<>""),'Helper 1'!$AN$6,"") | DW127: =IF(AND(DV95<>"",'Helper 1'!$AN$6<>""),'Helper 1'!$AN$6,"") | EB127: =IF(AND(EA95<>"",'Helper 1'!$AN$6<>""),'Helper 1'!$AN$6,"") | EG127: =IF(AND(EF95<>"",'Helper 1'!$AN$6<>""),'Helper 1'!$AN$6,"") | EL127: =IF(AND(EK95<>"",'Helper 1'!$AN$6<>""),'Helper 1'!$AN$6,"") | EQ127: =IF(AND(EP95<>"",'Helper 1'!$AN$6<>""),'Helper 1'!$AN$6,"") | EV127: =IF(AND(EU95<>"",'Helper 1'!$AN$6<>""),'Helper 1'!$AN$6,"") | FA127: =IF(AND(EZ95<>"",'Helper 1'!$AN$6<>""),'Helper 1'!$AN$6,"") | FF127: =IF(AND(FE95<>"",'Helper 1'!$AN$6<>""),'Helper 1'!$AN$6,"") | FK127: =IF(AND(FJ95<>"",'Helper 1'!$AN$6<>""),'Helper 1'!$AN$6,"") | FP127: =IF(AND(FO95<>"",'Helper 1'!$AN$6<>""),'Helper 1'!$AN$6,"") | FU127: =IF(AND(FT95<>"",'Helper 1'!$AN$6<>""),'Helper 1'!$AN$6,"") | FZ127: =IF(AND(FY95<>"",'Helper 1'!$AN$6<>""),'Helper 1'!$AN$6,"") | GE127: =IF(AND(GD95<>"",'Helper 1'!$AN$6<>""),'Helper 1'!$AN$6,"") | GJ127: =IF(AND(GI95<>"",'Helper 1'!$AN$6<>""),'Helper 1'!$AN$6,"") | GO127: =IF(AND(GN95<>"",'Helper 1'!$AN$6<>""),'Helper 1'!$AN$6,"") | GT127: =IF(AND(GS95<>"",'Helper 1'!$AN$6<>""),'Helper 1'!$AN$6,"") | GY127: =IF(AND(GX95<>"",'Helper 1'!$AN$6<>""),'Helper 1'!$AN$6,"") | HD127: =IF(AND(HC95<>"",'Helper 1'!$AN$6<>""),'Helper 1'!$AN$6,"") | HI127: =IF(AND(HH95<>"",'Helper 1'!$AN$6<>""),'Helper 1'!$AN$6,"") | HN127: =IF(AND(HM95<>"",'Helper 1'!$AN$6<>""),'Helper 1'!$AN$6,"") | HS127: =IF(AND(HR95<>"",'Helper 1'!$AN$6<>""),'Helper 1'!$AN$6,"") | HX127: =IF(AND(HW95<>"",'Helper 1'!$AN$6<>""),'Helper 1'!$AN$6,"") | IC127: =IF(AND(IB95<>"",'Helper 1'!$AN$6<>""),'Helper 1'!$AN$6,"") | IH127: =IF(AND(IG95<>"",'Helper 1'!$AN$6<>""),'Helper 1'!$AN$6,"") | IM127: =IF(AND(IL95<>"",'Helper 1'!$AN$6<>""),'Helper 1'!$AN$6,"") | IR127: =IF(AND(IQ95<>"",'Helper 1'!$AN$6<>""),'Helper 1'!$AN$6,"") | IW127: =IF(AND(IV95<>"",'Helper 1'!$AN$6<>""),'Helper 1'!$AN$6,"")
C129: S2B36 | D129: Number of days in the payroll tax period which fall within the tax credit determination period (section 24(5)(b)(ii)(B)) | L129: =IF(L127<>"",INDEX('Helper 1'!$AK$4:$AK$27,MATCH(L127,'Helper 1'!$AG$4:$AG$27,0)),"") | Q129: =IF(Q127<>"",INDEX('Helper 1'!$AK$4:$AK$27,MATCH(Q127,'Helper 1'!$AG$4:$AG$27,0)),"") | V129: =IF(V127<>"",INDEX('Helper 1'!$AK$4:$AK$27,MATCH(V127,'Helper 1'!$AG$4:$AG$27,0)),"") | AA129: =IF(AA127<>"",INDEX('Helper 1'!$AK$4:$AK$27,MATCH(AA127,'Helper 1'!$AG$4:$AG$27,0)),"") | AF129: =IF(AF127<>"",INDEX('Helper 1'!$AK$4:$AK$27,MATCH(AF127,'Helper 1'!$AG$4:$AG$27,0)),"") | AK129: =IF(AK127<>"",INDEX('Helper 1'!$AK$4:$AK$27,MATCH(AK127,'Helper 1'!$AG$4:$AG$27,0)),"") | AP129: =IF(AP127<>"",INDEX('Helper 1'!$AK$4:$AK$27,MATCH(AP127,'Helper 1'!$AG$4:$AG$27,0)),"") | AU129: =IF(AU127<>"",INDEX('Helper 1'!$AK$4:$AK$27,MATCH(AU127,'Helper 1'!$AG$4:$AG$27,0)),"") | AZ129: =IF(AZ127<>"",INDEX('Helper 1'!$AK$4:$AK$27,MATCH(AZ127,'Helper 1'!$AG$4:$AG$27,0)),"") | BE129: =IF(BE127<>"",INDEX('Helper 1'!$AK$4:$AK$27,MATCH(BE127,'Helper 1'!$AG$4:$AG$27,0)),"") | BJ129: =IF(BJ127<>"",INDEX('Helper 1'!$AK$4:$AK$27,MATCH(BJ127,'Helper 1'!$AG$4:$AG$27,0)),"") | BO129: =IF(BO127<>"",INDEX('Helper 1'!$AK$4:$AK$27,MATCH(BO127,'Helper 1'!$AG$4:$AG$27,0)),"") | BT129: =IF(BT127<>"",INDEX('Helper 1'!$AK$4:$AK$27,MATCH(BT127,'Helper 1'!$AG$4:$AG$27,0)),"") | BY129: =IF(BY127<>"",INDEX('Helper 1'!$AK$4:$AK$27,MATCH(BY127,'Helper 1'!$AG$4:$AG$27,0)),"") | CD129: =IF(CD127<>"",INDEX('Helper 1'!$AK$4:$AK$27,MATCH(CD127,'Helper 1'!$AG$4:$AG$27,0)),"") | CI129: =IF(CI127<>"",INDEX('Helper 1'!$AK$4:$AK$27,MATCH(CI127,'Helper 1'!$AG$4:$AG$27,0)),"") | CN129: =IF(CN127<>"",INDEX('Helper 1'!$AK$4:$AK$27,MATCH(CN127,'Helper 1'!$AG$4:$AG$27,0)),"") | CS129: =IF(CS127<>"",INDEX('Helper 1'!$AK$4:$AK$27,MATCH(CS127,'Helper 1'!$AG$4:$AG$27,0)),"") | CX129: =IF(CX127<>"",INDEX('Helper 1'!$AK$4:$AK$27,MATCH(CX127,'Helper 1'!$AG$4:$AG$27,0)),"") | DC129: =IF(DC127<>"",INDEX('Helper 1'!$AK$4:$AK$27,MATCH(DC127,'Helper 1'!$AG$4:$AG$27,0)),"") | DH129: =IF(DH127<>"",INDEX('Helper 1'!$AK$4:$AK$27,MATCH(DH127,'Helper 1'!$AG$4:$AG$27,0)),"") | DM129: =IF(DM127<>"",INDEX('Helper 1'!$AK$4:$AK$27,MATCH(DM127,'Helper 1'!$AG$4:$AG$27,0)),"") | DR129: =IF(DR127<>"",INDEX('Helper 1'!$AK$4:$AK$27,MATCH(DR127,'Helper 1'!$AG$4:$AG$27,0)),"") | DW129: =IF(DW127<>"",INDEX('Helper 1'!$AK$4:$AK$27,MATCH(DW127,'Helper 1'!$AG$4:$AG$27,0)),"") | EB129: =IF(EB127<>"",INDEX('Helper 1'!$AK$4:$AK$27,MATCH(EB127,'Helper 1'!$AG$4:$AG$27,0)),"") | EG129: =IF(EG127<>"",INDEX('Helper 1'!$AK$4:$AK$27,MATCH(EG127,'Helper 1'!$AG$4:$AG$27,0)),"") | EL129: =IF(EL127<>"",INDEX('Helper 1'!$AK$4:$AK$27,MATCH(EL127,'Helper 1'!$AG$4:$AG$27,0)),"") | EQ129: =IF(EQ127<>"",INDEX('Helper 1'!$AK$4:$AK$27,MATCH(EQ127,'Helper 1'!$AG$4:$AG$27,0)),"") | EV129: =IF(EV127<>"",INDEX('Helper 1'!$AK$4:$AK$27,MATCH(EV127,'Helper 1'!$AG$4:$AG$27,0)),"") | FA129: =IF(FA127<>"",INDEX('Helper 1'!$AK$4:$AK$27,MATCH(FA127,'Helper 1'!$AG$4:$AG$27,0)),"") | FF129: =IF(FF127<>"",INDEX('Helper 1'!$AK$4:$AK$27,MATCH(FF127,'Helper 1'!$AG$4:$AG$27,0)),"") | FK129: =IF(FK127<>"",INDEX('Helper 1'!$AK$4:$AK$27,MATCH(FK127,'Helper 1'!$AG$4:$AG$27,0)),"") | FP129: =IF(FP127<>"",INDEX('Helper 1'!$AK$4:$AK$27,MATCH(FP127,'Helper 1'!$AG$4:$AG$27,0)),"") | FU129: =IF(FU127<>"",INDEX('Helper 1'!$AK$4:$AK$27,MATCH(FU127,'Helper 1'!$AG$4:$AG$27,0)),"") | FZ129: =IF(FZ127<>"",INDEX('Helper 1'!$AK$4:$AK$27,MATCH(FZ127,'Helper 1'!$AG$4:$AG$27,0)),"") | GE129: =IF(GE127<>"",INDEX('Helper 1'!$AK$4:$AK$27,MATCH(GE127,'Helper 1'!$AG$4:$AG$27,0)),"") | GJ129: =IF(GJ127<>"",INDEX('Helper 1'!$AK$4:$AK$27,MATCH(GJ127,'Helper 1'!$AG$4:$AG$27,0)),"") | GO129: =IF(GO127<>"",INDEX('Helper 1'!$AK$4:$AK$27,MATCH(GO127,'Helper 1'!$AG$4:$AG$27,0)),"") | GT129: =IF(GT127<>"",INDEX('Helper 1'!$AK$4:$AK$27,MATCH(GT127,'Helper 1'!$AG$4:$AG$27,0)),"") | GY129: =IF(GY127<>"",INDEX('Helper 1'!$AK$4:$AK$27,MATCH(GY127,'Helper 1'!$AG$4:$AG$27,0)),"") | HD129: =IF(HD127<>"",INDEX('Helper 1'!$AK$4:$AK$27,MATCH(HD127,'Helper 1'!$AG$4:$AG$27,0)),"") | HI129: =IF(HI127<>"",INDEX('Helper 1'!$AK$4:$AK$27,MATCH(HI127,'Helper 1'!$AG$4:$AG$27,0)),"") | HN129: =IF(HN127<>"",INDEX('Helper 1'!$AK$4:$AK$27,MATCH(HN127,'Helper 1'!$AG$4:$AG$27,0)),"") | HS129: =IF(HS127<>"",INDEX('Helper 1'!$AK$4:$AK$27,MATCH(HS127,'Helper 1'!$AG$4:$AG$27,0)),"") | HX129: =IF(HX127<>"",INDEX('Helper 1'!$AK$4:$AK$27,MATCH(HX127,'Helper 1'!$AG$4:$AG$27,0)),"") | IC129: =IF(IC127<>"",INDEX('Helper 1'!$AK$4:$AK$27,MATCH(IC127,'Helper 1'!$AG$4:$AG$27,0)),"") | IH129: =IF(IH127<>"",INDEX('Helper 1'!$AK$4:$AK$27,MATCH(IH127,'Helper 1'!$AG$4:$AG$27,0)),"") | IM129: =IF(IM127<>"",INDEX('Helper 1'!$AK$4:$AK$27,MATCH(IM127,'Helper 1'!$AG$4:$AG$27,0)),"") | IR129: =IF(IR127<>"",INDEX('Helper 1'!$AK$4:$AK$27,MATCH(IR127,'Helper 1'!$AG$4:$AG$27,0)),"") | IW129: =IF(IW127<>"",INDEX('Helper 1'!$AK$4:$AK$27,MATCH(IW127,'Helper 1'!$AG$4:$AG$27,0)),"")
C130: S2B37 | D130: Total number of days in the payroll tax period (section 24(5)(b)(ii)(B)) | L130: =IF(L127<>"",INDEX('Helper 1'!$AJ$4:$AJ$27,MATCH(L127,'Helper 1'!$AG$4:$AG$27,0)),"") | Q130: =IF(Q127<>"",INDEX('Helper 1'!$AJ$4:$AJ$27,MATCH(Q127,'Helper 1'!$AG$4:$AG$27,0)),"") | V130: =IF(V127<>"",INDEX('Helper 1'!$AJ$4:$AJ$27,MATCH(V127,'Helper 1'!$AG$4:$AG$27,0)),"") | AA130: =IF(AA127<>"",INDEX('Helper 1'!$AJ$4:$AJ$27,MATCH(AA127,'Helper 1'!$AG$4:$AG$27,0)),"") | AF130: =IF(AF127<>"",INDEX('Helper 1'!$AJ$4:$AJ$27,MATCH(AF127,'Helper 1'!$AG$4:$AG$27,0)),"") | AK130: =IF(AK127<>"",INDEX('Helper 1'!$AJ$4:$AJ$27,MATCH(AK127,'Helper 1'!$AG$4:$AG$27,0)),"") | AP130: =IF(AP127<>"",INDEX('Helper 1'!$AJ$4:$AJ$27,MATCH(AP127,'Helper 1'!$AG$4:$AG$27,0)),"") | AU130: =IF(AU127<>"",INDEX('Helper 1'!$AJ$4:$AJ$27,MATCH(AU127,'Helper 1'!$AG$4:$AG$27,0)),"") | AZ130: =IF(AZ127<>"",INDEX('Helper 1'!$AJ$4:$AJ$27,MATCH(AZ127,'Helper 1'!$AG$4:$AG$27,0)),"") | BE130: =IF(BE127<>"",INDEX('Helper 1'!$AJ$4:$AJ$27,MATCH(BE127,'Helper 1'!$AG$4:$AG$27,0)),"") | BJ130: =IF(BJ127<>"",INDEX('Helper 1'!$AJ$4:$AJ$27,MATCH(BJ127,'Helper 1'!$AG$4:$AG$27,0)),"") | BO130: =IF(BO127<>"",INDEX('Helper 1'!$AJ$4:$AJ$27,MATCH(BO127,'Helper 1'!$AG$4:$AG$27,0)),"") | BT130: =IF(BT127<>"",INDEX('Helper 1'!$AJ$4:$AJ$27,MATCH(BT127,'Helper 1'!$AG$4:$AG$27,0)),"") | BY130: =IF(BY127<>"",INDEX('Helper 1'!$AJ$4:$AJ$27,MATCH(BY127,'Helper 1'!$AG$4:$AG$27,0)),"") | CD130: =IF(CD127<>"",INDEX('Helper 1'!$AJ$4:$AJ$27,MATCH(CD127,'Helper 1'!$AG$4:$AG$27,0)),"") | CI130: =IF(CI127<>"",INDEX('Helper 1'!$AJ$4:$AJ$27,MATCH(CI127,'Helper 1'!$AG$4:$AG$27,0)),"") | CN130: =IF(CN127<>"",INDEX('Helper 1'!$AJ$4:$AJ$27,MATCH(CN127,'Helper 1'!$AG$4:$AG$27,0)),"") | CS130: =IF(CS127<>"",INDEX('Helper 1'!$AJ$4:$AJ$27,MATCH(CS127,'Helper 1'!$AG$4:$AG$27,0)),"") | CX130: =IF(CX127<>"",INDEX('Helper 1'!$AJ$4:$AJ$27,MATCH(CX127,'Helper 1'!$AG$4:$AG$27,0)),"") | DC130: =IF(DC127<>"",INDEX('Helper 1'!$AJ$4:$AJ$27,MATCH(DC127,'Helper 1'!$AG$4:$AG$27,0)),"") | DH130: =IF(DH127<>"",INDEX('Helper 1'!$AJ$4:$AJ$27,MATCH(DH127,'Helper 1'!$AG$4:$AG$27,0)),"") | DM130: =IF(DM127<>"",INDEX('Helper 1'!$AJ$4:$AJ$27,MATCH(DM127,'Helper 1'!$AG$4:$AG$27,0)),"") | DR130: =IF(DR127<>"",INDEX('Helper 1'!$AJ$4:$AJ$27,MATCH(DR127,'Helper 1'!$AG$4:$AG$27,0)),"") | DW130: =IF(DW127<>"",INDEX('Helper 1'!$AJ$4:$AJ$27,MATCH(DW127,'Helper 1'!$AG$4:$AG$27,0)),"") | EB130: =IF(EB127<>"",INDEX('Helper 1'!$AJ$4:$AJ$27,MATCH(EB127,'Helper 1'!$AG$4:$AG$27,0)),"") | EG130: =IF(EG127<>"",INDEX('Helper 1'!$AJ$4:$AJ$27,MATCH(EG127,'Helper 1'!$AG$4:$AG$27,0)),"") | EL130: =IF(EL127<>"",INDEX('Helper 1'!$AJ$4:$AJ$27,MATCH(EL127,'Helper 1'!$AG$4:$AG$27,0)),"") | EQ130: =IF(EQ127<>"",INDEX('Helper 1'!$AJ$4:$AJ$27,MATCH(EQ127,'Helper 1'!$AG$4:$AG$27,0)),"") | EV130: =IF(EV127<>"",INDEX('Helper 1'!$AJ$4:$AJ$27,MATCH(EV127,'Helper 1'!$AG$4:$AG$27,0)),"") | FA130: =IF(FA127<>"",INDEX('Helper 1'!$AJ$4:$AJ$27,MATCH(FA127,'Helper 1'!$AG$4:$AG$27,0)),"") | FF130: =IF(FF127<>"",INDEX('Helper 1'!$AJ$4:$AJ$27,MATCH(FF127,'Helper 1'!$AG$4:$AG$27,0)),"") | FK130: =IF(FK127<>"",INDEX('Helper 1'!$AJ$4:$AJ$27,MATCH(FK127,'Helper 1'!$AG$4:$AG$27,0)),"") | FP130: =IF(FP127<>"",INDEX('Helper 1'!$AJ$4:$AJ$27,MATCH(FP127,'Helper 1'!$AG$4:$AG$27,0)),"") | FU130: =IF(FU127<>"",INDEX('Helper 1'!$AJ$4:$AJ$27,MATCH(FU127,'Helper 1'!$AG$4:$AG$27,0)),"") | FZ130: =IF(FZ127<>"",INDEX('Helper 1'!$AJ$4:$AJ$27,MATCH(FZ127,'Helper 1'!$AG$4:$AG$27,0)),"") | GE130: =IF(GE127<>"",INDEX('Helper 1'!$AJ$4:$AJ$27,MATCH(GE127,'Helper 1'!$AG$4:$AG$27,0)),"") | GJ130: =IF(GJ127<>"",INDEX('Helper 1'!$AJ$4:$AJ$27,MATCH(GJ127,'Helper 1'!$AG$4:$AG$27,0)),"") | GO130: =IF(GO127<>"",INDEX('Helper 1'!$AJ$4:$AJ$27,MATCH(GO127,'Helper 1'!$AG$4:$AG$27,0)),"") | GT130: =IF(GT127<>"",INDEX('Helper 1'!$AJ$4:$AJ$27,MATCH(GT127,'Helper 1'!$AG$4:$AG$27,0)),"") | GY130: =IF(GY127<>"",INDEX('Helper 1'!$AJ$4:$AJ$27,MATCH(GY127,'Helper 1'!$AG$4:$AG$27,0)),"") | HD130: =IF(HD127<>"",INDEX('Helper 1'!$AJ$4:$AJ$27,MATCH(HD127,'Helper 1'!$AG$4:$AG$27,0)),"") | HI130: =IF(HI127<>"",INDEX('Helper 1'!$AJ$4:$AJ$27,MATCH(HI127,'Helper 1'!$AG$4:$AG$27,0)),"") | HN130: =IF(HN127<>"",INDEX('Helper 1'!$AJ$4:$AJ$27,MATCH(HN127,'Helper 1'!$AG$4:$AG$27,0)),"") | HS130: =IF(HS127<>"",INDEX('Helper 1'!$AJ$4:$AJ$27,MATCH(HS127,'Helper 1'!$AG$4:$AG$27,0)),"") | HX130: =IF(HX127<>"",INDEX('Helper 1'!$AJ$4:$AJ$27,MATCH(HX127,'Helper 1'!$AG$4:$AG$27,0)),"") | IC130: =IF(IC127<>"",INDEX('Helper 1'!$AJ$4:$AJ$27,MATCH(IC127,'Helper 1'!$AG$4:$AG$27,0)),"") | IH130: =IF(IH127<>"",INDEX('Helper 1'!$AJ$4:$AJ$27,MATCH(IH127,'Helper 1'!$AG$4:$AG$27,0)),"") | IM130: =IF(IM127<>"",INDEX('Helper 1'!$AJ$4:$AJ$27,MATCH(IM127,'Helper 1'!$AG$4:$AG$27,0)),"") | IR130: =IF(IR127<>"",INDEX('Helper 1'!$AJ$4:$AJ$27,MATCH(IR127,'Helper 1'!$AG$4:$AG$27,0)),"") | IW130: =IF(IW127<>"",INDEX('Helper 1'!$AJ$4:$AJ$27,MATCH(IW127,'Helper 1'!$AG$4:$AG$27,0)),"")
C132: S2B38 | D132: Adjustment factor (item S2B36 divided by item S2B37) | L132: =IF(L127<>"",L129/L130,"") | Q132: =IF(Q127<>"",Q129/Q130,"") | V132: =IF(V127<>"",V129/V130,"") | AA132: =IF(AA127<>"",AA129/AA130,"") | AF132: =IF(AF127<>"",AF129/AF130,"") | AK132: =IF(AK127<>"",AK129/AK130,"") | AP132: =IF(AP127<>"",AP129/AP130,"") | AU132: =IF(AU127<>"",AU129/AU130,"") | AZ132: =IF(AZ127<>"",AZ129/AZ130,"") | BE132: =IF(BE127<>"",BE129/BE130,"") | BJ132: =IF(BJ127<>"",BJ129/BJ130,"") | BO132: =IF(BO127<>"",BO129/BO130,"") | BT132: =IF(BT127<>"",BT129/BT130,"") | BY132: =IF(BY127<>"",BY129/BY130,"") | CD132: =IF(CD127<>"",CD129/CD130,"") | CI132: =IF(CI127<>"",CI129/CI130,"") | CN132: =IF(CN127<>"",CN129/CN130,"") | CS132: =IF(CS127<>"",CS129/CS130,"") | CX132: =IF(CX127<>"",CX129/CX130,"") | DC132: =IF(DC127<>"",DC129/DC130,"") | DH132: =IF(DH127<>"",DH129/DH130,"") | DM132: =IF(DM127<>"",DM129/DM130,"") | DR132: =IF(DR127<>"",DR129/DR130,"") | DW132: =IF(DW127<>"",DW129/DW130,"") | EB132: =IF(EB127<>"",EB129/EB130,"") | EG132: =IF(EG127<>"",EG129/EG130,"") | EL132: =IF(EL127<>"",EL129/EL130,"") | EQ132: =IF(EQ127<>"",EQ129/EQ130,"") | EV132: =IF(EV127<>"",EV129/EV130,"") | FA132: =IF(FA127<>"",FA129/FA130,"") | FF132: =IF(FF127<>"",FF129/FF130,"") | FK132: =IF(FK127<>"",FK129/FK130,"") | FP132: =IF(FP127<>"",FP129/FP130,"") | FU132: =IF(FU127<>"",FU129/FU130,"") | FZ132: =IF(FZ127<>"",FZ129/FZ130,"") | GE132: =IF(GE127<>"",GE129/GE130,"") | GJ132: =IF(GJ127<>"",GJ129/GJ130,"") | GO132: =IF(GO127<>"",GO129/GO130,"") | GT132: =IF(GT127<>"",GT129/GT130,"") | GY132: =IF(GY127<>"",GY129/GY130,"") | HD132: =IF(HD127<>"",HD129/HD130,"") | HI132: =IF(HI127<>"",HI129/HI130,"") | HN132: =IF(HN127<>"",HN129/HN130,"") | HS132: =IF(HS127<>"",HS129/HS130,"") | HX132: =IF(HX127<>"",HX129/HX130,"") | IC132: =IF(IC127<>"",IC129/IC130,"") | IH132: =IF(IH127<>"",IH129/IH130,"") | IM132: =IF(IM127<>"",IM129/IM130,"") | IR132: =IF(IR127<>"",IR129/IR130,"") | IW132: =IF(IW127<>"",IW129/IW130,"")
C134: S2B39 | D134: Bermuda payroll tax charge incurred by the QBGE with respect to the full payroll tax period, in U.S. dollars (section 24(5)(b)(i) or (ii)(A)) | F134: USD
C136: S2B40 | D136: Adjusted Bermuda payroll tax charge for the payroll tax period, in U.S. dollars (item S2B38 multiplied by item S2B39) | F136: USD | G136: =IF(F138<>"","",SUM(L136:IX136)) -> 0 | L136: =IF(L127<>"",L132*L134,"") | Q136: =IF(Q127<>"",Q132*Q134,"") | V136: =IF(V127<>"",V132*V134,"") | AA136: =IF(AA127<>"",AA132*AA134,"") | AF136: =IF(AF127<>"",AF132*AF134,"") | AK136: =IF(AK127<>"",AK132*AK134,"") | AP136: =IF(AP127<>"",AP132*AP134,"") | AU136: =IF(AU127<>"",AU132*AU134,"") | AZ136: =IF(AZ127<>"",AZ132*AZ134,"") | BE136: =IF(BE127<>"",BE132*BE134,"") | BJ136: =IF(BJ127<>"",BJ132*BJ134,"") | BO136: =IF(BO127<>"",BO132*BO134,"") | BT136: =IF(BT127<>"",BT132*BT134,"") | BY136: =IF(BY127<>"",BY132*BY134,"") | CD136: =IF(CD127<>"",CD132*CD134,"") | CI136: =IF(CI127<>"",CI132*CI134,"") | CN136: =IF(CN127<>"",CN132*CN134,"") | CS136: =IF(CS127<>"",CS132*CS134,"") | CX136: =IF(CX127<>"",CX132*CX134,"") | DC136: =IF(DC127<>"",DC132*DC134,"") | DH136: =IF(DH127<>"",DH132*DH134,"") | DM136: =IF(DM127<>"",DM132*DM134,"") | DR136: =IF(DR127<>"",DR132*DR134,"") | DW136: =IF(DW127<>"",DW132*DW134,"") | EB136: =IF(EB127<>"",EB132*EB134,"") | EG136: =IF(EG127<>"",EG132*EG134,"") | EL136: =IF(EL127<>"",EL132*EL134,"") | EQ136: =IF(EQ127<>"",EQ132*EQ134,"") | EV136: =IF(EV127<>"",EV132*EV134,"") | FA136: =IF(FA127<>"",FA132*FA134,"") | FF136: =IF(FF127<>"",FF132*FF134,"") | FK136: =IF(FK127<>"",FK132*FK134,"") | FP136: =IF(FP127<>"",FP132*FP134,"") | FU136: =IF(FU127<>"",FU132*FU134,"") | FZ136: =IF(FZ127<>"",FZ132*FZ134,"") | GE136: =IF(GE127<>"",GE132*GE134,"") | GJ136: =IF(GJ127<>"",GJ132*GJ134,"") | GO136: =IF(GO127<>"",GO132*GO134,"") | GT136: =IF(GT127<>"",GT132*GT134,"") | GY136: =IF(GY127<>"",GY132*GY134,"") | HD136: =IF(HD127<>"",HD132*HD134,"") | HI136: =IF(HI127<>"",HI132*HI134,"") | HN136: =IF(HN127<>"",HN132*HN134,"") | HS136: =IF(HS127<>"",HS132*HS134,"") | HX136: =IF(HX127<>"",HX132*HX134,"") | IC136: =IF(IC127<>"",IC132*IC134,"") | IH136: =IF(IH127<>"",IH132*IH134,"") | IM136: =IF(IM127<>"",IM132*IM134,"") | IR136: =IF(IR127<>"",IR132*IR134,"") | IW136: =IF(IW127<>"",IW132*IW134,"")
C137: S2B41 | D137: =IF(OR('Schedule 1'!$G$20='Helper 1'!$H$2,'Schedule 1'!$G$20='Helper 1'!$H$3),"Average foreign exchange rate for the tax credit determination period","Average foreign exchange rate for the tax credit determination period (from item S1A9)") -> Average foreign exchange rate for the tax credit determination period (from item S1A9) | G137: =IF(OR('Schedule 1'!$G$20='Helper 1'!$H$2,'Schedule 1'!$G$20='Helper 1'!$H$3),1,IF(F138<>"","",'Schedule 1'!$G$23)) -> 0 | L137: =$G$107 -> 0 | Q137: =$G$107 -> 0 | V137: =$G$107 -> 0 | AA137: =$G$107 -> 0 | AF137: =$G$107 -> 0 | AK137: =$G$107 -> 0 | AP137: =$G$107 -> 0 | AU137: =$G$107 -> 0 | AZ137: =$G$107 -> 0 | BE137: =$G$107 -> 0 | BJ137: =$G$107 -> 0 | BO137: =$G$107 -> 0 | BT137: =$G$107 -> 0 | BY137: =$G$107 -> 0 | CD137: =$G$107 -> 0 | CI137: =$G$107 -> 0 | CN137: =$G$107 -> 0 | CS137: =$G$107 -> 0 | CX137: =$G$107 -> 0 | DC137: =$G$107 -> 0 | DH137: =$G$107 -> 0 | DM137: =$G$107 -> 0 | DR137: =$G$107 -> 0 | DW137: =$G$107 -> 0 | EB137: =$G$107 -> 0 | EG137: =$G$107 -> 0 | EL137: =$G$107 -> 0 | EQ137: =$G$107 -> 0 | EV137: =$G$107 -> 0 | FA137: =$G$107 -> 0 | FF137: =$G$107 -> 0 | FK137: =$G$107 -> 0 | FP137: =$G$107 -> 0 | FU137: =$G$107 -> 0 | FZ137: =$G$107 -> 0 | GE137: =$G$107 -> 0 | GJ137: =$G$107 -> 0 | GO137: =$G$107 -> 0 | GT137: =$G$107 -> 0 | GY137: =$G$107 -> 0 | HD137: =$G$107 -> 0 | HI137: =$G$107 -> 0 | HN137: =$G$107 -> 0 | HS137: =$G$107 -> 0 | HX137: =$G$107 -> 0 | IC137: =$G$107 -> 0 | IH137: =$G$107 -> 0 | IM137: =$G$107 -> 0 | IR137: =$G$107 -> 0 | IW137: =$G$107 -> 0
F138: =IF('Helper 1'!AN6="","",IF('Schedule 1'!$G$20="","Complete item S1A7",IF(OR('Schedule 1'!$G$20='Helper 1'!$H$2,'Schedule 1'!$G$20='Helper 1'!$H$3),"",IF('Schedule 1'!$G$23="","Complete item S1A9",IF('Schedule 1'!$G$44='Helper 1'!$P$2,IF(OR('Schedule 1'!$G$49="",'Schedule 1'!$G$50=""),"Complete items S1B6 and S1B7",""),IF(OR('Schedule 1'!$G$15="",'Schedule 1'!$G$16=""),"Complete items S1A4 and S1A5","")))))) | L138: =IF(AND(L127<>"",$F$138<>""),$F$138,"") | Q138: =IF(AND(Q127<>"",$F$138<>""),$F$138,"") | V138: =IF(AND(V127<>"",$F$138<>""),$F$138,"") | AA138: =IF(AND(AA127<>"",$F$138<>""),$F$138,"") | AF138: =IF(AND(AF127<>"",$F$138<>""),$F$138,"") | AK138: =IF(AND(AK127<>"",$F$138<>""),$F$138,"") | AP138: =IF(AND(AP127<>"",$F$138<>""),$F$138,"") | AU138: =IF(AND(AU127<>"",$F$138<>""),$F$138,"") | AZ138: =IF(AND(AZ127<>"",$F$138<>""),$F$138,"") | BE138: =IF(AND(BE127<>"",$F$138<>""),$F$138,"") | BJ138: =IF(AND(BJ127<>"",$F$138<>""),$F$138,"") | BO138: =IF(AND(BO127<>"",$F$138<>""),$F$138,"") | BT138: =IF(AND(BT127<>"",$F$138<>""),$F$138,"") | BY138: =IF(AND(BY127<>"",$F$138<>""),$F$138,"") | CD138: =IF(AND(CD127<>"",$F$138<>""),$F$138,"") | CI138: =IF(AND(CI127<>"",$F$138<>""),$F$138,"") | CN138: =IF(AND(CN127<>"",$F$138<>""),$F$138,"") | CS138: =IF(AND(CS127<>"",$F$138<>""),$F$138,"") | CX138: =IF(AND(CX127<>"",$F$138<>""),$F$138,"") | DC138: =IF(AND(DC127<>"",$F$138<>""),$F$138,"") | DH138: =IF(AND(DH127<>"",$F$138<>""),$F$138,"") | DM138: =IF(AND(DM127<>"",$F$138<>""),$F$138,"") | DR138: =IF(AND(DR127<>"",$F$138<>""),$F$138,"") | DW138: =IF(AND(DW127<>"",$F$138<>""),$F$138,"") | EB138: =IF(AND(EB127<>"",$F$138<>""),$F$138,"") | EG138: =IF(AND(EG127<>"",$F$138<>""),$F$138,"") | EL138: =IF(AND(EL127<>"",$F$138<>""),$F$138,"") | EQ138: =IF(AND(EQ127<>"",$F$138<>""),$F$138,"") | EV138: =IF(AND(EV127<>"",$F$138<>""),$F$138,"") | FA138: =IF(AND(FA127<>"",$F$138<>""),$F$138,"") | FF138: =IF(AND(FF127<>"",$F$138<>""),$F$138,"") | FK138: =IF(AND(FK127<>"",$F$138<>""),$F$138,"") | FP138: =IF(AND(FP127<>"",$F$138<>""),$F$138,"") | FU138: =IF(AND(FU127<>"",$F$138<>""),$F$138,"") | FZ138: =IF(AND(FZ127<>"",$F$138<>""),$F$138,"") | GE138: =IF(AND(GE127<>"",$F$138<>""),$F$138,"") | GJ138: =IF(AND(GJ127<>"",$F$138<>""),$F$138,"") | GO138: =IF(AND(GO127<>"",$F$138<>""),$F$138,"") | GT138: =IF(AND(GT127<>"",$F$138<>""),$F$138,"") | GY138: =IF(AND(GY127<>"",$F$138<>""),$F$138,"") | HD138: =IF(AND(HD127<>"",$F$138<>""),$F$138,"") | HI138: =IF(AND(HI127<>"",$F$138<>""),$F$138,"") | HN138: =IF(AND(HN127<>"",$F$138<>""),$F$138,"") | HS138: =IF(AND(HS127<>"",$F$138<>""),$F$138,"") | HX138: =IF(AND(HX127<>"",$F$138<>""),$F$138,"") | IC138: =IF(AND(IC127<>"",$F$138<>""),$F$138,"") | IH138: =IF(AND(IH127<>"",$F$138<>""),$F$138,"") | IM138: =IF(AND(IM127<>"",$F$138<>""),$F$138,"") | IR138: =IF(AND(IR127<>"",$F$138<>""),$F$138,"") | IW138: =IF(AND(IW127<>"",$F$138<>""),$F$138,"")
C139: S2B42 | D139: Adjusted Bermuda payroll tax charge for the payroll tax period (item S2B40 divided by item S2B41) | F139: =IFERROR(INDEX('Helper 1'!$I$2:$I$19,MATCH('Schedule 1'!$G$20,'Helper 1'!$H$2:$H$19,0)),"") | G139: =IFERROR(IF(F138<>"","",G136/G137),0) -> 0 | L139: =IF(L138<>"","",IF(L127<>"",L136/L137,0)) -> 0 | Q139: =IF(Q138<>"","",IF(Q127<>"",Q136/Q137,0)) -> 0 | V139: =IF(V138<>"","",IF(V127<>"",V136/V137,0)) -> 0 | AA139: =IF(AA138<>"","",IF(AA127<>"",AA136/AA137,0)) -> 0 | AF139: =IF(AF138<>"","",IF(AF127<>"",AF136/AF137,0)) -> 0 | AK139: =IF(AK138<>"","",IF(AK127<>"",AK136/AK137,0)) -> 0 | AP139: =IF(AP138<>"","",IF(AP127<>"",AP136/AP137,0)) -> 0 | AU139: =IF(AU138<>"","",IF(AU127<>"",AU136/AU137,0)) -> 0 | AZ139: =IF(AZ138<>"","",IF(AZ127<>"",AZ136/AZ137,0)) -> 0 | BE139: =IF(BE138<>"","",IF(BE127<>"",BE136/BE137,0)) -> 0 | BJ139: =IF(BJ138<>"","",IF(BJ127<>"",BJ136/BJ137,0)) -> 0 | BO139: =IF(BO138<>"","",IF(BO127<>"",BO136/BO137,0)) -> 0 | BT139: =IF(BT138<>"","",IF(BT127<>"",BT136/BT137,0)) -> 0 | BY139: =IF(BY138<>"","",IF(BY127<>"",BY136/BY137,0)) -> 0 | CD139: =IF(CD138<>"","",IF(CD127<>"",CD136/CD137,0)) -> 0 | CI139: =IF(CI138<>"","",IF(CI127<>"",CI136/CI137,0)) -> 0 | CN139: =IF(CN138<>"","",IF(CN127<>"",CN136/CN137,0)) -> 0 | CS139: =IF(CS138<>"","",IF(CS127<>"",CS136/CS137,0)) -> 0 | CX139: =IF(CX138<>"","",IF(CX127<>"",CX136/CX137,0)) -> 0 | DC139: =IF(DC138<>"","",IF(DC127<>"",DC136/DC137,0)) -> 0 | DH139: =IF(DH138<>"","",IF(DH127<>"",DH136/DH137,0)) -> 0 | DM139: =IF(DM138<>"","",IF(DM127<>"",DM136/DM137,0)) -> 0 | DR139: =IF(DR138<>"","",IF(DR127<>"",DR136/DR137,0)) -> 0 | DW139: =IF(DW138<>"","",IF(DW127<>"",DW136/DW137,0)) -> 0 | EB139: =IF(EB138<>"","",IF(EB127<>"",EB136/EB137,0)) -> 0 | EG139: =IF(EG138<>"","",IF(EG127<>"",EG136/EG137,0)) -> 0 | EL139: =IF(EL138<>"","",IF(EL127<>"",EL136/EL137,0)) -> 0 | EQ139: =IF(EQ138<>"","",IF(EQ127<>"",EQ136/EQ137,0)) -> 0 | EV139: =IF(EV138<>"","",IF(EV127<>"",EV136/EV137,0)) -> 0 | FA139: =IF(FA138<>"","",IF(FA127<>"",FA136/FA137,0)) -> 0 | FF139: =IF(FF138<>"","",IF(FF127<>"",FF136/FF137,0)) -> 0 | FK139: =IF(FK138<>"","",IF(FK127<>"",FK136/FK137,0)) -> 0 | FP139: =IF(FP138<>"","",IF(FP127<>"",FP136/FP137,0)) -> 0 | FU139: =IF(FU138<>"","",IF(FU127<>"",FU136/FU137,0)) -> 0 | FZ139: =IF(FZ138<>"","",IF(FZ127<>"",FZ136/FZ137,0)) -> 0 | GE139: =IF(GE138<>"","",IF(GE127<>"",GE136/GE137,0)) -> 0 | GJ139: =IF(GJ138<>"","",IF(GJ127<>"",GJ136/GJ137,0)) -> 0 | GO139: =IF(GO138<>"","",IF(GO127<>"",GO136/GO137,0)) -> 0 | GT139: =IF(GT138<>"","",IF(GT127<>"",GT136/GT137,0)) -> 0 | GY139: =IF(GY138<>"","",IF(GY127<>"",GY136/GY137,0)) -> 0 | HD139: =IF(HD138<>"","",IF(HD127<>"",HD136/HD137,0)) -> 0 | HI139: =IF(HI138<>"","",IF(HI127<>"",HI136/HI137,0)) -> 0 | HN139: =IF(HN138<>"","",IF(HN127<>"",HN136/HN137,0)) -> 0 | HS139: =IF(HS138<>"","",IF(HS127<>"",HS136/HS137,0)) -> 0 | HX139: =IF(HX138<>"","",IF(HX127<>"",HX136/HX137,0)) -> 0 | IC139: =IF(IC138<>"","",IF(IC127<>"",IC136/IC137,0)) -> 0 | IH139: =IF(IH138<>"","",IF(IH127<>"",IH136/IH137,0)) -> 0 | IM139: =IF(IM138<>"","",IF(IM127<>"",IM136/IM137,0)) -> 0 | IR139: =IF(IR138<>"","",IF(IR127<>"",IR136/IR137,0)) -> 0 | IW139: =IF(IW138<>"","",IF(IW127<>"",IW136/IW137,0)) -> 0
C142: S2B43 | D142: Fourth payroll tax period of the QBGE which falls (wholly or partly) within the tax credit determination period | L142: =IF(AND(K95<>"",'Helper 1'!$AN$7<>""),'Helper 1'!$AN$7,"") | Q142: =IF(AND(P95<>"",'Helper 1'!$AN$7<>""),'Helper 1'!$AN$7,"") | V142: =IF(AND(U95<>"",'Helper 1'!$AN$7<>""),'Helper 1'!$AN$7,"") | AA142: =IF(AND(Z95<>"",'Helper 1'!$AN$7<>""),'Helper 1'!$AN$7,"") | AF142: =IF(AND(AE95<>"",'Helper 1'!$AN$7<>""),'Helper 1'!$AN$7,"") | AK142: =IF(AND(AJ95<>"",'Helper 1'!$AN$7<>""),'Helper 1'!$AN$7,"") | AP142: =IF(AND(AO95<>"",'Helper 1'!$AN$7<>""),'Helper 1'!$AN$7,"") | AU142: =IF(AND(AT95<>"",'Helper 1'!$AN$7<>""),'Helper 1'!$AN$7,"") | AZ142: =IF(AND(AY95<>"",'Helper 1'!$AN$7<>""),'Helper 1'!$AN$7,"") | BE142: =IF(AND(BD95<>"",'Helper 1'!$AN$7<>""),'Helper 1'!$AN$7,"") | BJ142: =IF(AND(BI95<>"",'Helper 1'!$AN$7<>""),'Helper 1'!$AN$7,"") | BO142: =IF(AND(BN95<>"",'Helper 1'!$AN$7<>""),'Helper 1'!$AN$7,"") | BT142: =IF(AND(BS95<>"",'Helper 1'!$AN$7<>""),'Helper 1'!$AN$7,"") | BY142: =IF(AND(BX95<>"",'Helper 1'!$AN$7<>""),'Helper 1'!$AN$7,"") | CD142: =IF(AND(CC95<>"",'Helper 1'!$AN$7<>""),'Helper 1'!$AN$7,"") | CI142: =IF(AND(CH95<>"",'Helper 1'!$AN$7<>""),'Helper 1'!$AN$7,"") | CN142: =IF(AND(CM95<>"",'Helper 1'!$AN$7<>""),'Helper 1'!$AN$7,"") | CS142: =IF(AND(CR95<>"",'Helper 1'!$AN$7<>""),'Helper 1'!$AN$7,"") | CX142: =IF(AND(CW95<>"",'Helper 1'!$AN$7<>""),'Helper 1'!$AN$7,"") | DC142: =IF(AND(DB95<>"",'Helper 1'!$AN$7<>""),'Helper 1'!$AN$7,"") | DH142: =IF(AND(DG95<>"",'Helper 1'!$AN$7<>""),'Helper 1'!$AN$7,"") | DM142: =IF(AND(DL95<>"",'Helper 1'!$AN$7<>""),'Helper 1'!$AN$7,"") | DR142: =IF(AND(DQ95<>"",'Helper 1'!$AN$7<>""),'Helper 1'!$AN$7,"") | DW142: =IF(AND(DV95<>"",'Helper 1'!$AN$7<>""),'Helper 1'!$AN$7,"") | EB142: =IF(AND(EA95<>"",'Helper 1'!$AN$7<>""),'Helper 1'!$AN$7,"") | EG142: =IF(AND(EF95<>"",'Helper 1'!$AN$7<>""),'Helper 1'!$AN$7,"") | EL142: =IF(AND(EK95<>"",'Helper 1'!$AN$7<>""),'Helper 1'!$AN$7,"") | EQ142: =IF(AND(EP95<>"",'Helper 1'!$AN$7<>""),'Helper 1'!$AN$7,"") | EV142: =IF(AND(EU95<>"",'Helper 1'!$AN$7<>""),'Helper 1'!$AN$7,"") | FA142: =IF(AND(EZ95<>"",'Helper 1'!$AN$7<>""),'Helper 1'!$AN$7,"") | FF142: =IF(AND(FE95<>"",'Helper 1'!$AN$7<>""),'Helper 1'!$AN$7,"") | FK142: =IF(AND(FJ95<>"",'Helper 1'!$AN$7<>""),'Helper 1'!$AN$7,"") | FP142: =IF(AND(FO95<>"",'Helper 1'!$AN$7<>""),'Helper 1'!$AN$7,"") | FU142: =IF(AND(FT95<>"",'Helper 1'!$AN$7<>""),'Helper 1'!$AN$7,"") | FZ142: =IF(AND(FY95<>"",'Helper 1'!$AN$7<>""),'Helper 1'!$AN$7,"") | GE142: =IF(AND(GD95<>"",'Helper 1'!$AN$7<>""),'Helper 1'!$AN$7,"") | GJ142: =IF(AND(GI95<>"",'Helper 1'!$AN$7<>""),'Helper 1'!$AN$7,"") | GO142: =IF(AND(GN95<>"",'Helper 1'!$AN$7<>""),'Helper 1'!$AN$7,"") | GT142: =IF(AND(GS95<>"",'Helper 1'!$AN$7<>""),'Helper 1'!$AN$7,"") | GY142: =IF(AND(GX95<>"",'Helper 1'!$AN$7<>""),'Helper 1'!$AN$7,"") | HD142: =IF(AND(HC95<>"",'Helper 1'!$AN$7<>""),'Helper 1'!$AN$7,"") | HI142: =IF(AND(HH95<>"",'Helper 1'!$AN$7<>""),'Helper 1'!$AN$7,"") | HN142: =IF(AND(HM95<>"",'Helper 1'!$AN$7<>""),'Helper 1'!$AN$7,"") | HS142: =IF(AND(HR95<>"",'Helper 1'!$AN$7<>""),'Helper 1'!$AN$7,"") | HX142: =IF(AND(HW95<>"",'Helper 1'!$AN$7<>""),'Helper 1'!$AN$7,"") | IC142: =IF(AND(IB95<>"",'Helper 1'!$AN$7<>""),'Helper 1'!$AN$7,"") | IH142: =IF(AND(IG95<>"",'Helper 1'!$AN$7<>""),'Helper 1'!$AN$7,"") | IM142: =IF(AND(IL95<>"",'Helper 1'!$AN$7<>""),'Helper 1'!$AN$7,"") | IR142: =IF(AND(IQ95<>"",'Helper 1'!$AN$7<>""),'Helper 1'!$AN$7,"") | IW142: =IF(AND(IV95<>"",'Helper 1'!$AN$7<>""),'Helper 1'!$AN$7,"")
C144: S2B44 | D144: Number of days in the payroll tax period which fall within the tax credit determination period (section 24(5)(b)(ii)(B)) | L144: =IF(L142<>"",INDEX('Helper 1'!$AK$4:$AK$27,MATCH(L142,'Helper 1'!$AG$4:$AG$27,0)),"") | Q144: =IF(Q142<>"",INDEX('Helper 1'!$AK$4:$AK$27,MATCH(Q142,'Helper 1'!$AG$4:$AG$27,0)),"") | V144: =IF(V142<>"",INDEX('Helper 1'!$AK$4:$AK$27,MATCH(V142,'Helper 1'!$AG$4:$AG$27,0)),"") | AA144: =IF(AA142<>"",INDEX('Helper 1'!$AK$4:$AK$27,MATCH(AA142,'Helper 1'!$AG$4:$AG$27,0)),"") | AF144: =IF(AF142<>"",INDEX('Helper 1'!$AK$4:$AK$27,MATCH(AF142,'Helper 1'!$AG$4:$AG$27,0)),"") | AK144: =IF(AK142<>"",INDEX('Helper 1'!$AK$4:$AK$27,MATCH(AK142,'Helper 1'!$AG$4:$AG$27,0)),"") | AP144: =IF(AP142<>"",INDEX('Helper 1'!$AK$4:$AK$27,MATCH(AP142,'Helper 1'!$AG$4:$AG$27,0)),"") | AU144: =IF(AU142<>"",INDEX('Helper 1'!$AK$4:$AK$27,MATCH(AU142,'Helper 1'!$AG$4:$AG$27,0)),"") | AZ144: =IF(AZ142<>"",INDEX('Helper 1'!$AK$4:$AK$27,MATCH(AZ142,'Helper 1'!$AG$4:$AG$27,0)),"") | BE144: =IF(BE142<>"",INDEX('Helper 1'!$AK$4:$AK$27,MATCH(BE142,'Helper 1'!$AG$4:$AG$27,0)),"") | BJ144: =IF(BJ142<>"",INDEX('Helper 1'!$AK$4:$AK$27,MATCH(BJ142,'Helper 1'!$AG$4:$AG$27,0)),"") | BO144: =IF(BO142<>"",INDEX('Helper 1'!$AK$4:$AK$27,MATCH(BO142,'Helper 1'!$AG$4:$AG$27,0)),"") | BT144: =IF(BT142<>"",INDEX('Helper 1'!$AK$4:$AK$27,MATCH(BT142,'Helper 1'!$AG$4:$AG$27,0)),"") | BY144: =IF(BY142<>"",INDEX('Helper 1'!$AK$4:$AK$27,MATCH(BY142,'Helper 1'!$AG$4:$AG$27,0)),"") | CD144: =IF(CD142<>"",INDEX('Helper 1'!$AK$4:$AK$27,MATCH(CD142,'Helper 1'!$AG$4:$AG$27,0)),"") | CI144: =IF(CI142<>"",INDEX('Helper 1'!$AK$4:$AK$27,MATCH(CI142,'Helper 1'!$AG$4:$AG$27,0)),"") | CN144: =IF(CN142<>"",INDEX('Helper 1'!$AK$4:$AK$27,MATCH(CN142,'Helper 1'!$AG$4:$AG$27,0)),"") | CS144: =IF(CS142<>"",INDEX('Helper 1'!$AK$4:$AK$27,MATCH(CS142,'Helper 1'!$AG$4:$AG$27,0)),"") | CX144: =IF(CX142<>"",INDEX('Helper 1'!$AK$4:$AK$27,MATCH(CX142,'Helper 1'!$AG$4:$AG$27,0)),"") | DC144: =IF(DC142<>"",INDEX('Helper 1'!$AK$4:$AK$27,MATCH(DC142,'Helper 1'!$AG$4:$AG$27,0)),"") | DH144: =IF(DH142<>"",INDEX('Helper 1'!$AK$4:$AK$27,MATCH(DH142,'Helper 1'!$AG$4:$AG$27,0)),"") | DM144: =IF(DM142<>"",INDEX('Helper 1'!$AK$4:$AK$27,MATCH(DM142,'Helper 1'!$AG$4:$AG$27,0)),"") | DR144: =IF(DR142<>"",INDEX('Helper 1'!$AK$4:$AK$27,MATCH(DR142,'Helper 1'!$AG$4:$AG$27,0)),"") | DW144: =IF(DW142<>"",INDEX('Helper 1'!$AK$4:$AK$27,MATCH(DW142,'Helper 1'!$AG$4:$AG$27,0)),"") | EB144: =IF(EB142<>"",INDEX('Helper 1'!$AK$4:$AK$27,MATCH(EB142,'Helper 1'!$AG$4:$AG$27,0)),"") | EG144: =IF(EG142<>"",INDEX('Helper 1'!$AK$4:$AK$27,MATCH(EG142,'Helper 1'!$AG$4:$AG$27,0)),"") | EL144: =IF(EL142<>"",INDEX('Helper 1'!$AK$4:$AK$27,MATCH(EL142,'Helper 1'!$AG$4:$AG$27,0)),"") | EQ144: =IF(EQ142<>"",INDEX('Helper 1'!$AK$4:$AK$27,MATCH(EQ142,'Helper 1'!$AG$4:$AG$27,0)),"") | EV144: =IF(EV142<>"",INDEX('Helper 1'!$AK$4:$AK$27,MATCH(EV142,'Helper 1'!$AG$4:$AG$27,0)),"") | FA144: =IF(FA142<>"",INDEX('Helper 1'!$AK$4:$AK$27,MATCH(FA142,'Helper 1'!$AG$4:$AG$27,0)),"") | FF144: =IF(FF142<>"",INDEX('Helper 1'!$AK$4:$AK$27,MATCH(FF142,'Helper 1'!$AG$4:$AG$27,0)),"") | FK144: =IF(FK142<>"",INDEX('Helper 1'!$AK$4:$AK$27,MATCH(FK142,'Helper 1'!$AG$4:$AG$27,0)),"") | FP144: =IF(FP142<>"",INDEX('Helper 1'!$AK$4:$AK$27,MATCH(FP142,'Helper 1'!$AG$4:$AG$27,0)),"") | FU144: =IF(FU142<>"",INDEX('Helper 1'!$AK$4:$AK$27,MATCH(FU142,'Helper 1'!$AG$4:$AG$27,0)),"") | FZ144: =IF(FZ142<>"",INDEX('Helper 1'!$AK$4:$AK$27,MATCH(FZ142,'Helper 1'!$AG$4:$AG$27,0)),"") | GE144: =IF(GE142<>"",INDEX('Helper 1'!$AK$4:$AK$27,MATCH(GE142,'Helper 1'!$AG$4:$AG$27,0)),"") | GJ144: =IF(GJ142<>"",INDEX('Helper 1'!$AK$4:$AK$27,MATCH(GJ142,'Helper 1'!$AG$4:$AG$27,0)),"") | GO144: =IF(GO142<>"",INDEX('Helper 1'!$AK$4:$AK$27,MATCH(GO142,'Helper 1'!$AG$4:$AG$27,0)),"") | GT144: =IF(GT142<>"",INDEX('Helper 1'!$AK$4:$AK$27,MATCH(GT142,'Helper 1'!$AG$4:$AG$27,0)),"") | GY144: =IF(GY142<>"",INDEX('Helper 1'!$AK$4:$AK$27,MATCH(GY142,'Helper 1'!$AG$4:$AG$27,0)),"") | HD144: =IF(HD142<>"",INDEX('Helper 1'!$AK$4:$AK$27,MATCH(HD142,'Helper 1'!$AG$4:$AG$27,0)),"") | HI144: =IF(HI142<>"",INDEX('Helper 1'!$AK$4:$AK$27,MATCH(HI142,'Helper 1'!$AG$4:$AG$27,0)),"") | HN144: =IF(HN142<>"",INDEX('Helper 1'!$AK$4:$AK$27,MATCH(HN142,'Helper 1'!$AG$4:$AG$27,0)),"") | HS144: =IF(HS142<>"",INDEX('Helper 1'!$AK$4:$AK$27,MATCH(HS142,'Helper 1'!$AG$4:$AG$27,0)),"") | HX144: =IF(HX142<>"",INDEX('Helper 1'!$AK$4:$AK$27,MATCH(HX142,'Helper 1'!$AG$4:$AG$27,0)),"") | IC144: =IF(IC142<>"",INDEX('Helper 1'!$AK$4:$AK$27,MATCH(IC142,'Helper 1'!$AG$4:$AG$27,0)),"") | IH144: =IF(IH142<>"",INDEX('Helper 1'!$AK$4:$AK$27,MATCH(IH142,'Helper 1'!$AG$4:$AG$27,0)),"") | IM144: =IF(IM142<>"",INDEX('Helper 1'!$AK$4:$AK$27,MATCH(IM142,'Helper 1'!$AG$4:$AG$27,0)),"") | IR144: =IF(IR142<>"",INDEX('Helper 1'!$AK$4:$AK$27,MATCH(IR142,'Helper 1'!$AG$4:$AG$27,0)),"") | IW144: =IF(IW142<>"",INDEX('Helper 1'!$AK$4:$AK$27,MATCH(IW142,'Helper 1'!$AG$4:$AG$27,0)),"")
C145: S2B45 | D145: Total number of days in the payroll tax period (section 24(5)(b)(ii)(B)) | L145: =IF(L142<>"",INDEX('Helper 1'!$AJ$4:$AJ$27,MATCH(L142,'Helper 1'!$AG$4:$AG$27,0)),"") | Q145: =IF(Q142<>"",INDEX('Helper 1'!$AJ$4:$AJ$27,MATCH(Q142,'Helper 1'!$AG$4:$AG$27,0)),"") | V145: =IF(V142<>"",INDEX('Helper 1'!$AJ$4:$AJ$27,MATCH(V142,'Helper 1'!$AG$4:$AG$27,0)),"") | AA145: =IF(AA142<>"",INDEX('Helper 1'!$AJ$4:$AJ$27,MATCH(AA142,'Helper 1'!$AG$4:$AG$27,0)),"") | AF145: =IF(AF142<>"",INDEX('Helper 1'!$AJ$4:$AJ$27,MATCH(AF142,'Helper 1'!$AG$4:$AG$27,0)),"") | AK145: =IF(AK142<>"",INDEX('Helper 1'!$AJ$4:$AJ$27,MATCH(AK142,'Helper 1'!$AG$4:$AG$27,0)),"") | AP145: =IF(AP142<>"",INDEX('Helper 1'!$AJ$4:$AJ$27,MATCH(AP142,'Helper 1'!$AG$4:$AG$27,0)),"") | AU145: =IF(AU142<>"",INDEX('Helper 1'!$AJ$4:$AJ$27,MATCH(AU142,'Helper 1'!$AG$4:$AG$27,0)),"") | AZ145: =IF(AZ142<>"",INDEX('Helper 1'!$AJ$4:$AJ$27,MATCH(AZ142,'Helper 1'!$AG$4:$AG$27,0)),"") | BE145: =IF(BE142<>"",INDEX('Helper 1'!$AJ$4:$AJ$27,MATCH(BE142,'Helper 1'!$AG$4:$AG$27,0)),"") | BJ145: =IF(BJ142<>"",INDEX('Helper 1'!$AJ$4:$AJ$27,MATCH(BJ142,'Helper 1'!$AG$4:$AG$27,0)),"") | BO145: =IF(BO142<>"",INDEX('Helper 1'!$AJ$4:$AJ$27,MATCH(BO142,'Helper 1'!$AG$4:$AG$27,0)),"") | BT145: =IF(BT142<>"",INDEX('Helper 1'!$AJ$4:$AJ$27,MATCH(BT142,'Helper 1'!$AG$4:$AG$27,0)),"") | BY145: =IF(BY142<>"",INDEX('Helper 1'!$AJ$4:$AJ$27,MATCH(BY142,'Helper 1'!$AG$4:$AG$27,0)),"") | CD145: =IF(CD142<>"",INDEX('Helper 1'!$AJ$4:$AJ$27,MATCH(CD142,'Helper 1'!$AG$4:$AG$27,0)),"") | CI145: =IF(CI142<>"",INDEX('Helper 1'!$AJ$4:$AJ$27,MATCH(CI142,'Helper 1'!$AG$4:$AG$27,0)),"") | CN145: =IF(CN142<>"",INDEX('Helper 1'!$AJ$4:$AJ$27,MATCH(CN142,'Helper 1'!$AG$4:$AG$27,0)),"") | CS145: =IF(CS142<>"",INDEX('Helper 1'!$AJ$4:$AJ$27,MATCH(CS142,'Helper 1'!$AG$4:$AG$27,0)),"") | CX145: =IF(CX142<>"",INDEX('Helper 1'!$AJ$4:$AJ$27,MATCH(CX142,'Helper 1'!$AG$4:$AG$27,0)),"") | DC145: =IF(DC142<>"",INDEX('Helper 1'!$AJ$4:$AJ$27,MATCH(DC142,'Helper 1'!$AG$4:$AG$27,0)),"") | DH145: =IF(DH142<>"",INDEX('Helper 1'!$AJ$4:$AJ$27,MATCH(DH142,'Helper 1'!$AG$4:$AG$27,0)),"") | DM145: =IF(DM142<>"",INDEX('Helper 1'!$AJ$4:$AJ$27,MATCH(DM142,'Helper 1'!$AG$4:$AG$27,0)),"") | DR145: =IF(DR142<>"",INDEX('Helper 1'!$AJ$4:$AJ$27,MATCH(DR142,'Helper 1'!$AG$4:$AG$27,0)),"") | DW145: =IF(DW142<>"",INDEX('Helper 1'!$AJ$4:$AJ$27,MATCH(DW142,'Helper 1'!$AG$4:$AG$27,0)),"") | EB145: =IF(EB142<>"",INDEX('Helper 1'!$AJ$4:$AJ$27,MATCH(EB142,'Helper 1'!$AG$4:$AG$27,0)),"") | EG145: =IF(EG142<>"",INDEX('Helper 1'!$AJ$4:$AJ$27,MATCH(EG142,'Helper 1'!$AG$4:$AG$27,0)),"") | EL145: =IF(EL142<>"",INDEX('Helper 1'!$AJ$4:$AJ$27,MATCH(EL142,'Helper 1'!$AG$4:$AG$27,0)),"") | EQ145: =IF(EQ142<>"",INDEX('Helper 1'!$AJ$4:$AJ$27,MATCH(EQ142,'Helper 1'!$AG$4:$AG$27,0)),"") | EV145: =IF(EV142<>"",INDEX('Helper 1'!$AJ$4:$AJ$27,MATCH(EV142,'Helper 1'!$AG$4:$AG$27,0)),"") | FA145: =IF(FA142<>"",INDEX('Helper 1'!$AJ$4:$AJ$27,MATCH(FA142,'Helper 1'!$AG$4:$AG$27,0)),"") | FF145: =IF(FF142<>"",INDEX('Helper 1'!$AJ$4:$AJ$27,MATCH(FF142,'Helper 1'!$AG$4:$AG$27,0)),"") | FK145: =IF(FK142<>"",INDEX('Helper 1'!$AJ$4:$AJ$27,MATCH(FK142,'Helper 1'!$AG$4:$AG$27,0)),"") | FP145: =IF(FP142<>"",INDEX('Helper 1'!$AJ$4:$AJ$27,MATCH(FP142,'Helper 1'!$AG$4:$AG$27,0)),"") | FU145: =IF(FU142<>"",INDEX('Helper 1'!$AJ$4:$AJ$27,MATCH(FU142,'Helper 1'!$AG$4:$AG$27,0)),"") | FZ145: =IF(FZ142<>"",INDEX('Helper 1'!$AJ$4:$AJ$27,MATCH(FZ142,'Helper 1'!$AG$4:$AG$27,0)),"") | GE145: =IF(GE142<>"",INDEX('Helper 1'!$AJ$4:$AJ$27,MATCH(GE142,'Helper 1'!$AG$4:$AG$27,0)),"") | GJ145: =IF(GJ142<>"",INDEX('Helper 1'!$AJ$4:$AJ$27,MATCH(GJ142,'Helper 1'!$AG$4:$AG$27,0)),"") | GO145: =IF(GO142<>"",INDEX('Helper 1'!$AJ$4:$AJ$27,MATCH(GO142,'Helper 1'!$AG$4:$AG$27,0)),"") | GT145: =IF(GT142<>"",INDEX('Helper 1'!$AJ$4:$AJ$27,MATCH(GT142,'Helper 1'!$AG$4:$AG$27,0)),"") | GY145: =IF(GY142<>"",INDEX('Helper 1'!$AJ$4:$AJ$27,MATCH(GY142,'Helper 1'!$AG$4:$AG$27,0)),"") | HD145: =IF(HD142<>"",INDEX('Helper 1'!$AJ$4:$AJ$27,MATCH(HD142,'Helper 1'!$AG$4:$AG$27,0)),"") | HI145: =IF(HI142<>"",INDEX('Helper 1'!$AJ$4:$AJ$27,MATCH(HI142,'Helper 1'!$AG$4:$AG$27,0)),"") | HN145: =IF(HN142<>"",INDEX('Helper 1'!$AJ$4:$AJ$27,MATCH(HN142,'Helper 1'!$AG$4:$AG$27,0)),"") | HS145: =IF(HS142<>"",INDEX('Helper 1'!$AJ$4:$AJ$27,MATCH(HS142,'Helper 1'!$AG$4:$AG$27,0)),"") | HX145: =IF(HX142<>"",INDEX('Helper 1'!$AJ$4:$AJ$27,MATCH(HX142,'Helper 1'!$AG$4:$AG$27,0)),"") | IC145: =IF(IC142<>"",INDEX('Helper 1'!$AJ$4:$AJ$27,MATCH(IC142,'Helper 1'!$AG$4:$AG$27,0)),"") | IH145: =IF(IH142<>"",INDEX('Helper 1'!$AJ$4:$AJ$27,MATCH(IH142,'Helper 1'!$AG$4:$AG$27,0)),"") | IM145: =IF(IM142<>"",INDEX('Helper 1'!$AJ$4:$AJ$27,MATCH(IM142,'Helper 1'!$AG$4:$AG$27,0)),"") | IR145: =IF(IR142<>"",INDEX('Helper 1'!$AJ$4:$AJ$27,MATCH(IR142,'Helper 1'!$AG$4:$AG$27,0)),"") | IW145: =IF(IW142<>"",INDEX('Helper 1'!$AJ$4:$AJ$27,MATCH(IW142,'Helper 1'!$AG$4:$AG$27,0)),"")
C147: S2B46 | D147: Adjustment factor (item S2B44 divided by item S2B45) | L147: =IF(L142<>"",L144/L145,"") | Q147: =IF(Q142<>"",Q144/Q145,"") | V147: =IF(V142<>"",V144/V145,"") | AA147: =IF(AA142<>"",AA144/AA145,"") | AF147: =IF(AF142<>"",AF144/AF145,"") | AK147: =IF(AK142<>"",AK144/AK145,"") | AP147: =IF(AP142<>"",AP144/AP145,"") | AU147: =IF(AU142<>"",AU144/AU145,"") | AZ147: =IF(AZ142<>"",AZ144/AZ145,"") | BE147: =IF(BE142<>"",BE144/BE145,"") | BJ147: =IF(BJ142<>"",BJ144/BJ145,"") | BO147: =IF(BO142<>"",BO144/BO145,"") | BT147: =IF(BT142<>"",BT144/BT145,"") | BY147: =IF(BY142<>"",BY144/BY145,"") | CD147: =IF(CD142<>"",CD144/CD145,"") | CI147: =IF(CI142<>"",CI144/CI145,"") | CN147: =IF(CN142<>"",CN144/CN145,"") | CS147: =IF(CS142<>"",CS144/CS145,"") | CX147: =IF(CX142<>"",CX144/CX145,"") | DC147: =IF(DC142<>"",DC144/DC145,"") | DH147: =IF(DH142<>"",DH144/DH145,"") | DM147: =IF(DM142<>"",DM144/DM145,"") | DR147: =IF(DR142<>"",DR144/DR145,"") | DW147: =IF(DW142<>"",DW144/DW145,"") | EB147: =IF(EB142<>"",EB144/EB145,"") | EG147: =IF(EG142<>"",EG144/EG145,"") | EL147: =IF(EL142<>"",EL144/EL145,"") | EQ147: =IF(EQ142<>"",EQ144/EQ145,"") | EV147: =IF(EV142<>"",EV144/EV145,"") | FA147: =IF(FA142<>"",FA144/FA145,"") | FF147: =IF(FF142<>"",FF144/FF145,"") | FK147: =IF(FK142<>"",FK144/FK145,"") | FP147: =IF(FP142<>"",FP144/FP145,"") | FU147: =IF(FU142<>"",FU144/FU145,"") | FZ147: =IF(FZ142<>"",FZ144/FZ145,"") | GE147: =IF(GE142<>"",GE144/GE145,"") | GJ147: =IF(GJ142<>"",GJ144/GJ145,"") | GO147: =IF(GO142<>"",GO144/GO145,"") | GT147: =IF(GT142<>"",GT144/GT145,"") | GY147: =IF(GY142<>"",GY144/GY145,"") | HD147: =IF(HD142<>"",HD144/HD145,"") | HI147: =IF(HI142<>"",HI144/HI145,"") | HN147: =IF(HN142<>"",HN144/HN145,"") | HS147: =IF(HS142<>"",HS144/HS145,"") | HX147: =IF(HX142<>"",HX144/HX145,"") | IC147: =IF(IC142<>"",IC144/IC145,"") | IH147: =IF(IH142<>"",IH144/IH145,"") | IM147: =IF(IM142<>"",IM144/IM145,"") | IR147: =IF(IR142<>"",IR144/IR145,"") | IW147: =IF(IW142<>"",IW144/IW145,"")
C149: S2B47 | D149: Bermuda payroll tax charge incurred by the QBGE with respect to the full payroll tax period, in U.S. dollars (section 24(5)(b)(i) or (ii)(A)) | F149: USD
C151: S2B48 | D151: Adjusted Bermuda payroll tax charge for the payroll tax period, in U.S. dollars (item S2B46 multiplied by item S2B47) | F151: USD | G151: =IF(F153<>"","",SUM(L151:IX151)) -> 0 | L151: =IF(L142<>"",L147*L149,"") | Q151: =IF(Q142<>"",Q147*Q149,"") | V151: =IF(V142<>"",V147*V149,"") | AA151: =IF(AA142<>"",AA147*AA149,"") | AF151: =IF(AF142<>"",AF147*AF149,"") | AK151: =IF(AK142<>"",AK147*AK149,"") | AP151: =IF(AP142<>"",AP147*AP149,"") | AU151: =IF(AU142<>"",AU147*AU149,"") | AZ151: =IF(AZ142<>"",AZ147*AZ149,"") | BE151: =IF(BE142<>"",BE147*BE149,"") | BJ151: =IF(BJ142<>"",BJ147*BJ149,"") | BO151: =IF(BO142<>"",BO147*BO149,"") | BT151: =IF(BT142<>"",BT147*BT149,"") | BY151: =IF(BY142<>"",BY147*BY149,"") | CD151: =IF(CD142<>"",CD147*CD149,"") | CI151: =IF(CI142<>"",CI147*CI149,"") | CN151: =IF(CN142<>"",CN147*CN149,"") | CS151: =IF(CS142<>"",CS147*CS149,"") | CX151: =IF(CX142<>"",CX147*CX149,"") | DC151: =IF(DC142<>"",DC147*DC149,"") | DH151: =IF(DH142<>"",DH147*DH149,"") | DM151: =IF(DM142<>"",DM147*DM149,"") | DR151: =IF(DR142<>"",DR147*DR149,"") | DW151: =IF(DW142<>"",DW147*DW149,"") | EB151: =IF(EB142<>"",EB147*EB149,"") | EG151: =IF(EG142<>"",EG147*EG149,"") | EL151: =IF(EL142<>"",EL147*EL149,"") | EQ151: =IF(EQ142<>"",EQ147*EQ149,"") | EV151: =IF(EV142<>"",EV147*EV149,"") | FA151: =IF(FA142<>"",FA147*FA149,"") | FF151: =IF(FF142<>"",FF147*FF149,"") | FK151: =IF(FK142<>"",FK147*FK149,"") | FP151: =IF(FP142<>"",FP147*FP149,"") | FU151: =IF(FU142<>"",FU147*FU149,"") | FZ151: =IF(FZ142<>"",FZ147*FZ149,"") | GE151: =IF(GE142<>"",GE147*GE149,"") | GJ151: =IF(GJ142<>"",GJ147*GJ149,"") | GO151: =IF(GO142<>"",GO147*GO149,"") | GT151: =IF(GT142<>"",GT147*GT149,"") | GY151: =IF(GY142<>"",GY147*GY149,"") | HD151: =IF(HD142<>"",HD147*HD149,"") | HI151: =IF(HI142<>"",HI147*HI149,"") | HN151: =IF(HN142<>"",HN147*HN149,"") | HS151: =IF(HS142<>"",HS147*HS149,"") | HX151: =IF(HX142<>"",HX147*HX149,"") | IC151: =IF(IC142<>"",IC147*IC149,"") | IH151: =IF(IH142<>"",IH147*IH149,"") | IM151: =IF(IM142<>"",IM147*IM149,"") | IR151: =IF(IR142<>"",IR147*IR149,"") | IW151: =IF(IW142<>"",IW147*IW149,"")
C152: S2B49 | D152: =IF(OR('Schedule 1'!$G$20='Helper 1'!$H$2,'Schedule 1'!$G$20='Helper 1'!$H$3),"Average foreign exchange rate for the tax credit determination period","Average foreign exchange rate for the tax credit determination period (from item S1A9)") -> Average foreign exchange rate for the tax credit determination period (from item S1A9) | G152: =IF(OR('Schedule 1'!$G$20='Helper 1'!$H$2,'Schedule 1'!$G$20='Helper 1'!$H$3),1,IF(F153<>"","",'Schedule 1'!$G$23)) -> 0 | L152: =$G$107 -> 0 | Q152: =$G$107 -> 0 | V152: =$G$107 -> 0 | AA152: =$G$107 -> 0 | AF152: =$G$107 -> 0 | AK152: =$G$107 -> 0 | AP152: =$G$107 -> 0 | AU152: =$G$107 -> 0 | AZ152: =$G$107 -> 0 | BE152: =$G$107 -> 0 | BJ152: =$G$107 -> 0 | BO152: =$G$107 -> 0 | BT152: =$G$107 -> 0 | BY152: =$G$107 -> 0 | CD152: =$G$107 -> 0 | CI152: =$G$107 -> 0 | CN152: =$G$107 -> 0 | CS152: =$G$107 -> 0 | CX152: =$G$107 -> 0 | DC152: =$G$107 -> 0 | DH152: =$G$107 -> 0 | DM152: =$G$107 -> 0 | DR152: =$G$107 -> 0 | DW152: =$G$107 -> 0 | EB152: =$G$107 -> 0 | EG152: =$G$107 -> 0 | EL152: =$G$107 -> 0 | EQ152: =$G$107 -> 0 | EV152: =$G$107 -> 0 | FA152: =$G$107 -> 0 | FF152: =$G$107 -> 0 | FK152: =$G$107 -> 0 | FP152: =$G$107 -> 0 | FU152: =$G$107 -> 0 | FZ152: =$G$107 -> 0 | GE152: =$G$107 -> 0 | GJ152: =$G$107 -> 0 | GO152: =$G$107 -> 0 | GT152: =$G$107 -> 0 | GY152: =$G$107 -> 0 | HD152: =$G$107 -> 0 | HI152: =$G$107 -> 0 | HN152: =$G$107 -> 0 | HS152: =$G$107 -> 0 | HX152: =$G$107 -> 0 | IC152: =$G$107 -> 0 | IH152: =$G$107 -> 0 | IM152: =$G$107 -> 0 | IR152: =$G$107 -> 0 | IW152: =$G$107 -> 0
